Workbook
Name AOUT: '[1]Suivi - vente - Gaz - Prix ORYX'!$X$87
Name AOUT: '[2]Suivi - vente - Gaz - Prix ORYX'!$X$87
Name AOUT: 'Suivi - vente - Gaz - Prix ORYX'!#REF!
Name AOUT: 'Suivi - vente - Gaz - Prix ORYX'!#REF!
Name AOUT: 'Suivi - vente - LUBRIFIANTS'!#REF!
Name AOUT: '[2]Suivi - vente - Gaz - Prix ORYX'!$X$87
Name AOUT: 'Suivi - vente - Gaz - Prix ORYX'!#REF!
Name AOUTLAB: '[1]Point - vente - Commande - Gaz'!$Z$195
Name AOUTLAB: '[2]Point - vente - Commande - Gaz'!$Z$195
Name AOUTLAB: #REF!
Name AOUTLAB: #REF!
Name AOUTLAB: #REF!
Name AOUTLAB: '[2]Point - vente - Commande - Gaz'!$Z$195
Name AOUTLAB: #REF!
Name AVRIL: '[1]Suivi - vente - Gaz - Prix ORYX'!$X$54
Name AVRIL: '[2]Suivi - vente - Gaz - Prix ORYX'!$X$54
Name AVRIL: 'Suivi - vente - Gaz - Prix ORYX'!#REF!
Name AVRIL: 'Suivi - vente - Gaz - Prix ORYX'!#REF!
Name AVRIL: 'Suivi - vente - LUBRIFIANTS'!#REF!
Name AVRIL: '[2]Suivi - vente - Gaz - Prix ORYX'!$X$54
Name AVRIL: 'Suivi - vente - Gaz - Prix ORYX'!#REF!
Name AVRILLAB: '[1]Point - vente - Commande - Gaz'!$Z$112
Name AVRILLAB: '[2]Point - vente - Commande - Gaz'!$Z$112
Name AVRILLAB: #REF!
Name AVRILLAB: #REF!
Name AVRILLAB: #REF!
Name AVRILLAB: '[2]Point - vente - Commande - Gaz'!$Z$112
Name AVRILLAB: #REF!
Name basegest: 'Gest. - Comm. - LUB'!$C$14:$AZ$195
Name basegest: 'Gest. - Comm. - LUBRIFIANTS'!$C$14:$AZ$195
Name basegest: 'Gest. - Comm. - ORYX 2'!$C$14:$AN$195
Name Chargesaout: '[3]Suivi trésorerie'!$D$189
Name Chargesaout: 'Suivi trésorerie LUBRIFIANTS'!$D$189
Name Chargesavril: '[3]Suivi trésorerie'!$D$118
Name Chargesavril: 'Suivi trésorerie LUBRIFIANTS'!$D$118
Name Chargesdec: '[3]Suivi trésorerie'!$D$273
Name Chargesdec: 'Suivi trésorerie LUBRIFIANTS'!$D$273
Name chargesfev: '[3]Suivi trésorerie'!$D$80
Name chargesfev: 'Suivi trésorerie LUBRIFIANTS'!$D$80
Name chargesjanv: '[3]Suivi trésorerie'!$D$40
Name chargesjanv: 'Suivi trésorerie LUBRIFIANTS'!$D$40
Name Chargesjuill: '[3]Suivi trésorerie'!$D$171
Name Chargesjuill: 'Suivi trésorerie LUBRIFIANTS'!$D$171
Name Chargesjuin: '[3]Suivi trésorerie'!$D$154
Name Chargesjuin: 'Suivi trésorerie LUBRIFIANTS'!$D$154
Name Chargesmai: '[3]Suivi trésorerie'!$D$137
Name Chargesmai: 'Suivi trésorerie LUBRIFIANTS'!$D$137
Name Chargesmars: '[3]Suivi trésorerie'!$D$98
Name Chargesmars: 'Suivi trésorerie LUBRIFIANTS'!$D$98
Name Chargesnov: '[3]Suivi trésorerie'!$D$245
Name Chargesnov: 'Suivi trésorerie LUBRIFIANTS'!$D$245
Name Chargesoct: '[3]Suivi trésorerie'!$D$226
Name Chargesoct: 'Suivi trésorerie LUBRIFIANTS'!$D$226
Name Chargessept: '[3]Suivi trésorerie'!$D$207
Name Chargessept: 'Suivi trésorerie LUBRIFIANTS'!$D$207
Name DAOU: '[4]Etat - Dépenses - 2018'!$E$122
Name DAOU: '[4]Etat - Dépenses - 2018'!$E$122
Name DAOU: 'Etat - Dépenses - 2018'!$E$122
Name DAVR: '[4]Etat - Dépenses - 2018'!$E$100
Name DAVR: '[4]Etat - Dépenses - 2018'!$E$100

Sheet Tableau de bord - 2018
K4: 2018
K5: GAZ | AC5: LUBRIFIANT
J6: SUIVI RECETTES | AC6: RECETTES
A7: Menu | E7: 1 | F7: 2 | G7: 3 | H7: 4 | I7: 5 | J7: 6 | K7: 7 | L7: 8 | M7: 9 | N7: 10 | O7: 11 | P7: 12 | X7: 1 | Y7: 2 | Z7: 3 | AA7: 4 | AB7: 5 | AC7: 6 | AD7: 7 | AE7: 8 | AF7: 9 | AG7: 10 | AH7: 11 | AI7: 12
A8: Gestion - Commande GAZ | D8: Prix Oryx | E8: Janvier | F8: Février | G8: Mars | H8: Avril | I8: Mai | J8: Juin | K8: Juillet | L8: Août | M8: Septembre | N8: Octobre | O8: Novembre | P8: Décembre | W8: Prix Oryx | X8: Janvier | Y8: Février | Z8: Mars | AA8: Avril | AB8: Mai | AC8: Juin | AD8: Juillet | AE8: Août | AF8: Septembre | AG8: Octobre | AH8: Novembre | AI8: Décembre
A9: Gestion - Solde | D9: Total recette/Mois | E9: =VLOOKUP(E7,'Gestion - Solde'!$N$8:$O$19,2,0) -> 0 | F9: =VLOOKUP(F7,'Gestion - Solde'!$N$8:$O$19,2,0) -> 0 | G9: =VLOOKUP(G7,'Gestion - Solde'!$N$8:$O$19,2,0) -> 0 | H9: =VLOOKUP(H7,'Gestion - Solde'!$N$8:$O$19,2,0) -> 0 | I9: =VLOOKUP(I7,'Gestion - Solde'!$N$8:$O$19,2,0) -> 0 | J9: =VLOOKUP(J7,'Gestion - Solde'!$N$8:$O$19,2,0) -> 0 | K9: =VLOOKUP(K7,'Gestion - Solde'!$N$8:$O$19,2,0) -> 0 | L9: =VLOOKUP(L7,'Gestion - Solde'!$N$8:$O$19,2,0) -> 0 | ... P9: =VLOOKUP(P7,'Gestion - Solde'!$N$8:$O$19,2,0) -> 0 | T9: Statistiques Annuelles | W9: Total recette/Mois | X9: =VLOOKUP('Tableau de bord - 2018'!X7,'Suivi trésorerie LUBRIFIANTS'!$AE$15:$AF$26,2,0) -> 2000 | Y9: =VLOOKUP('Tableau de bord - 2018'!Y7,'Suivi trésorerie LUBRIFIANTS'!$AE$15:$AF$26,2,0) -> 0 | Z9: =VLOOKUP('Tableau de bord - 2018'!Z7,'Suivi trésorerie LUBRIFIANTS'!$AE$15:$AF$26,2,0) -> 0 | AA9: =VLOOKUP('Tableau de bord - 2018'!AA7,'Suivi trésorerie LUBRIFIANTS'!$AE$15:$AF$26,2,0) -> 0 | AB9: =VLOOKUP('Tableau de bord - 2018'!AB7,'Suivi trésorerie LUBRIFIANTS'!$AE$15:$AF$26,2,0) -> 0 | AC9: =VLOOKUP('Tableau de bord - 2018'!AC7,'Suivi trésorerie LUBRIFIANTS'!$AE$15:$AF$26,2,0) -> 0 | AD9: =VLOOKUP('Tableau de bord - 2018'!AD7,'Suivi trésorerie LUBRIFIANTS'!$AE$15:$AF$26,2,0) -> 0 | AE9: =VLOOKUP('Tableau de bord - 2018'!AE7,'Suivi trésorerie LUBRIFIANTS'!$AE$15:$AF$26,2,0) -> 0 | ... AI9: =VLOOKUP('Tableau de bord - 2018'!AI7,'Suivi trésorerie LUBRIFIANTS'!$AE$15:$AF$26,2,0) -> 0
A10: Suivi - Vente Gaz (Prix Oryx) | T10: Montant recette max
A11: Suivi Vente - LUBRIFIANTS | T11: Montant recette min
A12: Suivi trésorerie LUBRIFIANTS | T12: Montant recette moyen
A13: Mouvements | T13: Montant Total Recette nette
A14: Stocks | T14: Montant Commande max
A15: Etat Dépenses | T15: Montant Commande min
A16: Tableau Comparatif | T16: Montant Commande moyen
A17: Gestion Commande LUBRIFIANTS | T17: Montant Commande Total
T18: Mois/montant recette max
A19: Statistiques Annuelles | T19: Mois/montant recette min
A20: Montant recette max | T20: Nombre total de AXCELLA 400 20W50 API SL 1L
A21: Montant recette min | T21: Nombre total de AXCELLA 400 20W50 API SL 4L
A22: Montant recette moyen | T22: Nombre total de AXCELLA 200 - 50 1L
A23: Montant Total Recette nette | T23: Nombre total de SUPER ZEM 100 1L
A24: Montant Commande max | T24: Nombre total de ENDURO 200 - 50 5L
A25: Montant Commande min | T25: Nombre total de ENDURO 200 - 50 25L
A26: Montant Commande moyen | T26: Nombre total de ENDURO 600 15W40 API CI 4 5L
A27: Montant Commande Total | T27: Nombre total de ENDURO 600SX 10W40 5L
A28: Mois/montant recette max | T28: Nombre total de MATIC PREMIUM (Dexron III)
A29: Mois/montant recette min | E29: 1 | F29: 2 | G29: 3 | H29: 4 | I29: 5 | J29: 6 | K29: 7 | L29: 8 | M29: 9 | N29: 10 | O29: 11 | P29: 12
A30: Nombre total de bouteille de 6 KG
A31: Nombre total de bouteille de 12,5 KG | AC31: DEPENSES
I32: SUIVI DEPENSES MENSULLES | X32: 1 | Y32: 2 | Z32: 3 | AA32: 4 | AB32: 5 | AC32: 6 | AD32: 7 | AE32: 8 | AF32: 9 | AG32: 10 | AH32: 11 | AI32: 12
E33: 1 | F33: 2 | G33: 3 | H33: 4 | I33: 5 | J33: 6 | K33: 7 | L33: 8 | M33: 9 | N33: 10 | O33: 11 | P33: 12 | W33: Mois | X33: Janvier | Y33: Février | Z33: Mars | AA33: Avril | AB33: Mai | AC33: Juin | AD33: Juillet | AE33: Août | AF33: Septembre | AG33: Octobre | AH33: Novembre | AI33: Décembre
D34: Mois | E34: Janvier | F34: Février | G34: Mars | H34: Avril | I34: Mai | J34: Juin | K34: Juillet | L34: Août | M34: Septembre | N34: Octobre | O34: Novembre | P34: Décembre | W34: Dépenses totales | X34: =VLOOKUP(X32,'Suivi trésorerie LUBRIFIANTS'!$AJ$15:$AK$26,2,0) -> 500 | Y34: =VLOOKUP(Y32,'Suivi trésorerie LUBRIFIANTS'!$AJ$15:$AK$26,2,0) -> 0 | Z34: =VLOOKUP(Z32,'Suivi trésorerie LUBRIFIANTS'!$AJ$15:$AK$26,2,0) -> 0 | AA34: =VLOOKUP(AA32,'Suivi trésorerie LUBRIFIANTS'!$AJ$15:$AK$26,2,0) -> 0 | AB34: =VLOOKUP(AB32,'Suivi trésorerie LUBRIFIANTS'!$AJ$15:$AK$26,2,0) -> 0 | AC34: =VLOOKUP(AC32,'Suivi trésorerie LUBRIFIANTS'!$AJ$15:$AK$26,2,0) -> 0 | AD34: =VLOOKUP(AD32,'Suivi trésorerie LUBRIFIANTS'!$AJ$15:$AK$26,2,0) -> 0 | AE34: =VLOOKUP(AE32,'Suivi trésorerie LUBRIFIANTS'!$AJ$15:$AK$26,2,0) -> 0 | ... AI34: =VLOOKUP(AI32,'Suivi trésorerie LUBRIFIANTS'!$AJ$15:$AK$26,2,0) -> 0
D35: Dépenses totales | E35: =VLOOKUP(E33,'Gestion - Solde'!$S$8:$T$19,2,0) -> 0 | F35: =VLOOKUP(F33,'Gestion - Solde'!$S$8:$T$19,2,0) -> 0 | G35: =VLOOKUP(G33,'Gestion - Solde'!$S$8:$T$19,2,0) -> 0 | H35: =VLOOKUP(H33,'Gestion - Solde'!$S$8:$T$19,2,0) -> 0 | I35: =VLOOKUP(I33,'Gestion - Solde'!$S$8:$T$19,2,0) -> 0 | J35: =VLOOKUP(J33,'Gestion - Solde'!$S$8:$T$19,2,0) -> 0 | K35: =VLOOKUP(K33,'Gestion - Solde'!$S$8:$T$19,2,0) -> 0 | L35: =VLOOKUP(L33,'Gestion - Solde'!$S$8:$T$19,2,0) -> 0 | ... P35: =VLOOKUP(P33,'Gestion - Solde'!$S$8:$T$19,2,0) -> 0
B41: Nombre de bouteilles
B42: 6 KG | C42: 12,5 KG
A43: Commande max
A44: Commande min
I48: SUIVI VENTES REELLES MENSUELLES | AC48: VENTES MENSUELLES BRUTES
E49: 1 | F49: 2 | G49: 3 | H49: 4 | I49: 5 | J49: 6 | K49: 7 | L49: 8 | M49: 9 | N49: 10 | O49: 11 | P49: 12 | X49: 1 | Y49: 2 | Z49: 3 | AA49: 4 | AB49: 5 | AC49: 6 | AD49: 7 | AE49: 8 | AF49: 9 | AG49: 10 | AH49: 11 | AI49: 12
D50: Mois | E50: Janvier | F50: Février | G50: Mars | H50: Avril | I50: Mai | J50: Juin | K50: Juillet | L50: Août | M50: Septembre | N50: Octobre | O50: Novembre | P50: Décembre | W50: Mois | X50: Janvier | Y50: Février | Z50: Mars | AA50: Avril | AB50: Mai | AC50: Juin | AD50: Juillet | AE50: Août | AF50: Septembre | AG50: Octobre | AH50: Novembre | AI50: Décembre
D51: Ventes | E51: =VLOOKUP(E49,'Suivi - vente - Gaz - Prix ORYX'!$AF$13:$AG$24,2,0) -> 0 | F51: =VLOOKUP(F49,'Suivi - vente - Gaz - Prix ORYX'!$AF$13:$AG$24,2,0) -> 0 | G51: =VLOOKUP(G49,'Suivi - vente - Gaz - Prix ORYX'!$AF$13:$AG$24,2,0) -> 0 | H51: =VLOOKUP(H49,'Suivi - vente - Gaz - Prix ORYX'!$AF$13:$AG$24,2,0) -> 0 | I51: =VLOOKUP(I49,'Suivi - vente - Gaz - Prix ORYX'!$AF$13:$AG$24,2,0) -> 0 | J51: =VLOOKUP(J49,'Suivi - vente - Gaz - Prix ORYX'!$AF$13:$AG$24,2,0) -> 0 | K51: =VLOOKUP(K49,'Suivi - vente - Gaz - Prix ORYX'!$AF$13:$AG$24,2,0) -> 0 | L51: =VLOOKUP(L49,'Suivi - vente - Gaz - Prix ORYX'!$AF$13:$AG$24,2,0) -> 0 | ... P51: =VLOOKUP(P49,'Suivi - vente - Gaz - Prix ORYX'!$AF$13:$AG$24,2,0) -> 0 | W51: Ventes | X51: =VLOOKUP(X49,'Suivi - vente - LUBRIFIANTS'!$BU$13:$BV$24,2,0) -> 0 | Y51: =VLOOKUP(Y49,'Suivi - vente - LUBRIFIANTS'!$BU$13:$BV$24,2,0) -> 0 | Z51: =VLOOKUP(Z49,'Suivi - vente - LUBRIFIANTS'!$BU$13:$BV$24,2,0) -> 0 | AA51: =VLOOKUP(AA49,'Suivi - vente - LUBRIFIANTS'!$BU$13:$BV$24,2,0) -> 0 | AB51: =VLOOKUP(AB49,'Suivi - vente - LUBRIFIANTS'!$BU$13:$BV$24,2,0) -> 0 | AC51: =VLOOKUP(AC49,'Suivi - vente - LUBRIFIANTS'!$BU$13:$BV$24,2,0) -> 0 | AD51: =VLOOKUP(AD49,'Suivi - vente - LUBRIFIANTS'!$BU$13:$BV$24,2,0) -> 0 | AE51: =VLOOKUP(AE49,'Suivi - vente - LUBRIFIANTS'!$BU$13:$BV$24,2,0) -> 0 | ... AI51: =VLOOKUP(AI49,'Suivi - vente - LUBRIFIANTS'!$BU$13:$BV$24,2,0) -> 0

Sheet Recapitulatif
E3: ETS JEHOVAH TRADING
F5: RECAPITULATIF 2018 | Q5: GAZ
L6: 1 | M6: 2 | N6: 3 | O6: 4 | P6: 5 | Q6: 6 | R6: 7 | S6: 8 | T6: 9 | U6: 10 | V6: 11 | W6: 12
K7: Mois | L7: Janvier | M7: Février | N7: Mars | O7: Avril | P7: Mai | Q7: Juin | R7: Juillet | S7: Août | T7: Septembre | U7: Octobre | V7: Novembre | W7: Décembre
K8: Total marge/Mois | L8: =VLOOKUP(L6,'Suivi - vente - Gaz - Prix ORYX'!$AK$16:$AL$27,2,0) -> 0 | M8: =VLOOKUP(M6,'Suivi - vente - Gaz - Prix ORYX'!$AK$16:$AL$27,2,0) -> 0 | N8: =VLOOKUP(N6,'Suivi - vente - Gaz - Prix ORYX'!$AK$16:$AL$27,2,0) -> 0 | O8: =VLOOKUP(O6,'Suivi - vente - Gaz - Prix ORYX'!$AK$16:$AL$27,2,0) -> 0 | P8: =VLOOKUP(P6,'Suivi - vente - Gaz - Prix ORYX'!$AK$16:$AL$27,2,0) -> 0 | Q8: =VLOOKUP(Q6,'Suivi - vente - Gaz - Prix ORYX'!$AK$16:$AL$27,2,0) -> 0 | R8: =VLOOKUP(R6,'Suivi - vente - Gaz - Prix ORYX'!$AK$16:$AL$27,2,0) -> 0 | S8: =VLOOKUP(S6,'Suivi - vente - Gaz - Prix ORYX'!$AK$16:$AL$27,2,0) -> 0 | ... W8: =VLOOKUP(W6,'Suivi - vente - Gaz - Prix ORYX'!$AK$16:$AL$27,2,0) -> 0
A9: Dates | B9: Nos. | C9: LUBRIFIANTS | D9: GAZ | E9: TOTAL | F9: Totaux mensuels
C11: Janvier
E12: =IF(A12="","",C12+D12)
E13: =IF(A13="","",C13+D13)
E14: =IF(A14="","",C14+D14)
E15: =IF(A15="","",C15+D15)
E16: =IF(A16="","",C16+D16)
E17: =IF(A17="","",C17+D17)
E18: =IF(A18="","",C18+D18)
E19: =IF(A19="","",C19+D19)
E20: =IF(A20="","",C20+D20) | Q20: LUBRIFIANTS
E21: =IF(A21="","",C21+D21) | L21: 1 | M21: 2 | N21: 3 | O21: 4 | P21: 5 | Q21: 6 | R21: 7 | S21: 8 | T21: 9 | U21: 10 | V21: 11 | W21: 12
E22: =IF(A22="","",C22+D22) | K22: Mois | L22: Janvier | M22: Février | N22: Mars | O22: Avril | P22: Mai | Q22: Juin | R22: Juillet | S22: Août | T22: Septembre | U22: Octobre | V22: Novembre | W22: Décembre
E23: =IF(A23="","",C23+D23) | K23: Total marge/Mois | L23: =VLOOKUP(L21,'Suivi - vente - LUBRIFIANTS'!$CB$18:$CC$29,2,0) -> 0 | M23: =VLOOKUP(M21,'Suivi - vente - LUBRIFIANTS'!$CB$18:$CC$29,2,0) -> 0 | N23: =VLOOKUP(N21,'Suivi - vente - LUBRIFIANTS'!$CB$18:$CC$29,2,0) -> 0 | O23: =VLOOKUP(O21,'Suivi - vente - LUBRIFIANTS'!$CB$18:$CC$29,2,0) -> 0 | P23: =VLOOKUP(P21,'Suivi - vente - LUBRIFIANTS'!$CB$18:$CC$29,2,0) -> 0 | Q23: =VLOOKUP(Q21,'Suivi - vente - LUBRIFIANTS'!$CB$18:$CC$29,2,0) -> 0 | R23: =VLOOKUP(R21,'Suivi - vente - LUBRIFIANTS'!$CB$18:$CC$29,2,0) -> 0 | S23: =VLOOKUP(S21,'Suivi - vente - LUBRIFIANTS'!$CB$18:$CC$29,2,0) -> 0 | ... W23: =VLOOKUP(W21,'Suivi - vente - LUBRIFIANTS'!$CB$18:$CC$29,2,0) -> 0
E24: =IF(A24="","",C24+D24)
E25: =IF(A25="","",C25+D25)
E26: =IF(A26="","",C26+D26)
E27: =IF(A27="","",C27+D27)
E28: =IF(A28="","",C28+D28)
E29: =IF(A29="","",C29+D29)
E30: =IF(A30="","",C30+D30)
E31: =IF(A31="","",C31+D31)
E32: =IF(A32="","",C32+D32)
E33: =IF(A33="","",C33+D33)
E34: =IF(A34="","",C34+D34)
E35: =IF(A35="","",C35+D35) | Q35: SUIVI TOTAL MENSUEL
E36: =IF(A36="","",C36+D36) | L36: 1 | M36: 2 | N36: 3 | O36: 4 | P36: 5 | Q36: 6 | R36: 7 | S36: 8 | T36: 9 | U36: 10 | V36: 11 | W36: 12
E37: =IF(A37="","",C37+D37) | K37: Mois | L37: Janvier | M37: Février | N37: Mars | O37: Avril | P37: Mai | Q37: Juin | R37: Juillet | S37: Août | T37: Septembre | U37: Octobre | V37: Novembre | W37: Décembre
E38: =IF(A38="","",C38+D38) | K38: Total Mois | L38: =VLOOKUP(L36,$I$45:$J$56,2,0) -> 0 | M38: =VLOOKUP(M36,$I$45:$J$56,2,0) -> 0 | N38: =VLOOKUP(N36,$I$45:$J$56,2,0) -> 0 | O38: =VLOOKUP(O36,$I$45:$J$56,2,0) -> 0 | P38: =VLOOKUP(P36,$I$45:$J$56,2,0) -> 0 | Q38: =VLOOKUP(Q36,$I$45:$J$56,2,0) -> 0 | R38: =VLOOKUP(R36,$I$45:$J$56,2,0) -> 0 | S38: =VLOOKUP(S36,$I$45:$J$56,2,0) -> 0 | T38: =VLOOKUP(T36,$I$45:$J$56,2,0) -> 0 | U38: g | V38: =VLOOKUP(V36,$I$45:$J$56,2,0) -> 0 | W38: =VLOOKUP(W36,$I$45:$J$56,2,0) -> 0
E39: =IF(A39="","",C39+D39)
E40: =IF(A40="","",C40+D40)
C41: =SUM(C12:C40) -> 0 | D41: =SUM(D12:D40) -> 0 | E41: =SUM(E12:E40) -> 0 | F41: =E41 -> 0
C42: Février | H42: Mois | I42: Nos. | J42: TOTAL
E43: =IF(A43="","",C43+D43)
E44: =IF(A44="","",C44+D44)
E45: =IF(A45="","",C45+D45) | H45: Janvier | I45: 1 | J45: =TTJ -> 0
E46: =IF(A46="","",C46+D46) | H46: Février | I46: =I45+1 -> 2 | J46: =TTF -> 0
E47: =IF(A47="","",C47+D47) | H47: Mars | I47: =I46+1 -> 3 | J47: =TTM -> 0
E48: =IF(A48="","",C48+D48) | H48: Avril | I48: =I47+1 -> 4 | J48: =TTA -> 0
E49: =IF(A49="","",C49+D49) | H49: Mai | I49: =I48+1 -> 5 | J49: =TTMA -> 0
E50: =IF(A50="","",C50+D50) | H50: Juin | I50: =I49+1 -> 6 | J50: =TTJU -> 0
E51: =IF(A51="","",C51+D51) | H51: Juillet | I51: =I50+1 -> 7 | J51: =TTJUI -> 0
E52: =IF(A52="","",C52+D52) | H52: Août | I52: =I51+1 -> 8 | J52: =TTAO -> 0 | N52: 1 | O52: 2 | P52: 3 | Q52: 4 | R52: 5 | S52: 6 | T52: 7 | U52: 8 | V52: 9 | W52: 10 | X52: 11 | Y52: 12
E53: =IF(A53="","",C53+D53) | H53: Septembre | I53: =I52+1 -> 9 | J53: =TTSE -> 0 | M53: Mois | N53: Janvier | O53: Février | P53: Mars | Q53: Avril | R53: Mai | S53: Juin | T53: Juillet | U53: Août | V53: Septembre | W53: Octobre | X53: Novembre | Y53: Décembre
E54: =IF(A54="","",C54+D54) | H54: Octobre | I54: =I53+1 -> 10 | J54: =TTOC -> 6930 | M54: LUBRIFIANTS | N54: =VLOOKUP(N52,'Suivi - vente - LUBRIFIANTS'!$CB$18:$CC$29,2,0) -> 0 | O54: =VLOOKUP(O52,'Suivi - vente - LUBRIFIANTS'!$CB$18:$CC$29,2,0) -> 0 | P54: =VLOOKUP(P52,'Suivi - vente - LUBRIFIANTS'!$CB$18:$CC$29,2,0) -> 0 | Q54: =VLOOKUP(Q52,'Suivi - vente - LUBRIFIANTS'!$CB$18:$CC$29,2,0) -> 0 | R54: =VLOOKUP(R52,'Suivi - vente - LUBRIFIANTS'!$CB$18:$CC$29,2,0) -> 0 | S54: =VLOOKUP(S52,'Suivi - vente - LUBRIFIANTS'!$CB$18:$CC$29,2,0) -> 0 | T54: =VLOOKUP(T52,'Suivi - vente - LUBRIFIANTS'!$CB$18:$CC$29,2,0) -> 0 | U54: =VLOOKUP(U52,'Suivi - vente - LUBRIFIANTS'!$CB$18:$CC$29,2,0) -> 0 | ... Y54: =VLOOKUP(Y52,'Suivi - vente - LUBRIFIANTS'!$CB$18:$CC$29,2,0) -> 0
E55: =IF(A55="","",C55+D55) | H55: Novembre | I55: =I54+1 -> 11 | J55: =TTNO -> 0 | M55: GAZ | N55: =VLOOKUP(N52,'Suivi - vente - Gaz - Prix ORYX'!$AK$16:$AL$27,2,0) -> 0 | O55: =VLOOKUP(O52,'Suivi - vente - Gaz - Prix ORYX'!$AK$16:$AL$27,2,0) -> 0 | P55: =VLOOKUP(P52,'Suivi - vente - Gaz - Prix ORYX'!$AK$16:$AL$27,2,0) -> 0 | Q55: =VLOOKUP(Q52,'Suivi - vente - Gaz - Prix ORYX'!$AK$16:$AL$27,2,0) -> 0 | R55: =VLOOKUP(R52,'Suivi - vente - Gaz - Prix ORYX'!$AK$16:$AL$27,2,0) -> 0 | S55: =VLOOKUP(S52,'Suivi - vente - Gaz - Prix ORYX'!$AK$16:$AL$27,2,0) -> 0 | T55: =VLOOKUP(T52,'Suivi - vente - Gaz - Prix ORYX'!$AK$16:$AL$27,2,0) -> 0 | U55: =VLOOKUP(U52,'Suivi - vente - Gaz - Prix ORYX'!$AK$16:$AL$27,2,0) -> 0 | ... Y55: =VLOOKUP(Y52,'Suivi - vente - Gaz - Prix ORYX'!$AK$16:$AL$27,2,0) -> 0
E56: =IF(A56="","",C56+D56) | H56: Décembre | I56: 12 | J56: =TTDEC -> 0
E57: =IF(A57="","",C57+D57) | H57: Total | J57: =SUM(J45:J56) -> 6930
E58: =IF(A58="","",C58+D58)
E59: =IF(A59="","",C59+D59)
E60: =IF(A60="","",C60+D60)
E61: =IF(A61="","",C61+D61)
E62: =IF(A62="","",C62+D62)
E63: =IF(A63="","",C63+D63)
E64: =IF(A64="","",C64+D64)
E65: =IF(A65="","",C65+D65)
E66: =IF(A66="","",C66+D66)
E67: =IF(A67="","",C67+D67)
E68: =IF(A68="","",C68+D68)
E69: =IF(A69="","",C69+D69)
... E84: =IF(A84="","",C84+D84)
C85: =SUM(C45:C84) -> 0 | D85: =SUM(D45:D84) -> 0 | E85: =SUM(E43:E84) -> 0 | F85: =E85 -> 0
C86: Mars
E87: =IF(A87="","",C87+D87)
E88: =IF(A88="","",C88+D88)
E89: =IF(A89="","",C89+D89)
E90: =IF(A90="","",C90+D90)
E91: =IF(A91="","",C91+D91)
E92: =IF(A92="","",C92+D92)
E93: =IF(A93="","",C93+D93)
E94: =IF(A94="","",C94+D94)
E95: =IF(A95="","",C95+D95)
E96: =IF(A96="","",C96+D96)
E97: =IF(A97="","",C97+D97)
E98: =IF(A98="","",C98+D98)
... E120: =IF(A120="","",C120+D120)
C121: =SUM(C87:C120) -> 0 | D121: =SUM(D87:D120) -> 0 | E121: =SUM(E87:E120) -> 0 | F121: =E121 -> 0
C122: Avril
E123: =IF(A123="","",C123+D123)
E124: =IF(A124="","",C124+D124)
E125: =IF(A125="","",C125+D125)
E126: =IF(A126="","",C126+D126)
E127: =IF(A127="","",C127+D127)
E128: =IF(A128="","",C128+D128)
E129: =IF(A129="","",C129+D129)
E130: =IF(A130="","",C130+D130)
E131: =IF(A131="","",C131+D131)
E132: =IF(A132="","",C132+D132)
E133: =IF(A133="","",C133+D133)
E134: =IF(A134="","",C134+D134)
... E160: =IF(A160="","",C160+D160)
C161: =SUM(C123:C160) -> 0 | D161: =SUM(D123:D160) -> 0 | E161: =SUM(E123:E160) -> 0 | F161: =E161 -> 0
C162: Mai
E163: =IF(A163="","",C163+D163)
E164: =IF(A164="","",C164+D164)
...

Sheet Prdts
B1: Recharge de 3 KG
B2: Recharge de 6 KG
B3: Recharge de 12 KG
B4: Brûleur
B5: Racord
B6: Consignation de 3 kg
B7: Consignation de 6 kg
B8: Consignation de 12 KG
B9: Marmite

Sheet Mouvements
A2: Date | B2: Ventes | G2: Approvisionnement
B3: Intitulé de la vente | C3: Qtités | D3: Prix Unit. | E3: Montant | G3: Qtités
E4: =IF(C4="","",D4*C4)
E5: =IF(C5="","",D5*C5)
E6: =IF(C6="","",D6*C6)
E7: =IF(C7="","",D7*C7)
E8: =IF(C8="","",D8*C8)
E9: =IF(C9="","",D9*C9)
E10: =IF(C10="","",D10*C10)
E11: =IF(C11="","",D11*C11)
E12: =IF(C12="","",D12*C12)
E13: =IF(C13="","",D13*C13)
E14: =IF(C14="","",D14*C14)
E15: =IF(C15="","",D15*C15)
G16: 25
G17: 5
G18: 10
G19: 15
E20: =IF(C20="","",D20*C20)
E21: =IF(C21="","",D21*C21)
E22: =IF(C22="","",D22*C22)
E23: =IF(C23="","",D23*C23)
E24: =IF(C24="","",D24*C24)
E25: =IF(C25="","",D25*C25)
E26: =IF(C26="","",D26*C26)
E27: =IF(C27="","",D27*C27)
E28: =IF(C28="","",D28*C28)
E29: =IF(C29="","",D29*C29)
E30: =IF(C30="","",D30*C30)
E31: =IF(C31="","",D31*C31)
... E200: =IF(C200="","",D200*C200)

Sheet Etat - Dépenses - 2018
C6: Etat des dépenses - 2018
A7: (Monnaie : Franc CFA)
A11: Dates | B11: Nos. | C11: Désignation | D11: Montant | E11: Totaux mensuels
C13: Janvier
D43: =SUM(D14:D42) -> 0 | E43: =D43 -> 0
C44: Février
D87: =SUM(D47:D86) -> 0 | E87: =D87 -> 0
C88: Mars
D95: =SUM(D89:D94) -> 0 | E95: =D95 -> 0
C96: Avril
D100: =SUM(D97:D99) -> 0 | E100: =D100 -> 0
C101: Mai
D105: =SUM(D102:D104) -> 0 | E105: =D105 -> 0
C106: Juin
D110: =SUM(D107:D109) -> 0 | E110: =D110 -> 0
C111: Juillet
D116: =SUM(D112:D115) -> 0 | E116: =D116 -> 0
C117: Août
D122: =SUM(D118:D121) -> 0 | E122: =D122 -> 0
C123: Septembre
D128: =SUM(D124:D127) -> 0 | E128: =D128 -> 0
C129: Octobre
D136: =SUM(D130:D135) -> 0 | E136: =D136 -> 0
C137: Novembre
D143: =SUM(D138:D142) -> 0 | E143: =D143 -> 0
C144: Décembre
D149: =SUM(D145:D148) -> 0 | E149: =D149 -> 0
D151: =SUM(D43,D87,D95,D100,D105,D110,D116,D122,D128,D136,D143,D149) -> 0 | E151: =SUM(E43,E87,E95,E100,E105,E110,E116,E122,E128,E136,E143,E149,) -> 0

Sheet Stock
N1: Produits | O1: Catégorie | P1: Stock de sécurité | Q1: Stock Initial | R1: Stock Restant
A2: Angré | B2: COCODY | N2: Recharge de 3 KG | O2: GAZ | P2: 0 | Q2: 0 | R2: =IF(Q2="","",Q2+SUMIF(Mouvements!$B$4:$G$200, N2, Mouvements!$G$4:$G$200)-SUMIF(Mouvements!$B$4:$G$200, N2, Mouvements!$C$4:$C$200)) -> 0
A3: Dokui | B3: COCODY | N3: Recharge de 6 KG | O3: GAZ | P3: 10 | Q3: 71 | R3: =IF(Q3="","",Q3+SUMIF(Mouvements!$B$4:$G$200, N3, Mouvements!$G$4:$G$200)-SUMIF(Mouvements!$B$4:$G$200, N3, Mouvements!$C$4:$C$200)) -> 71
A4: Riviera Palmeraie | B4: COCODY | N4: Recharge de 12 KG | O4: GAZ | P4: 5 | Q4: 20 | R4: =IF(Q4="","",Q4+SUMIF(Mouvements!$B$4:$G$200, N4, Mouvements!$G$4:$G$200)-SUMIF(Mouvements!$B$4:$G$200, N4, Mouvements!$C$4:$C$200)) -> 20
A5: Attoban | B5: MARCORY | N5: Brûleur | O5: Brûleur | P5: 0 | Q5: 6 | R5: =IF(Q5="","",Q5+SUMIF(Mouvements!$B$4:$G$200, N5, Mouvements!$G$4:$G$200)-SUMIF(Mouvements!$B$4:$G$200, N5, Mouvements!$C$4:$C$200)) -> 6
A6: Hibiscuis | B6: MARCORY | N6: Racord | O6: Racord | P6: 0 | Q6: 0 | R6: =IF(Q6="","",Q6+SUMIF(Mouvements!$B$4:$G$200, N6, Mouvements!$G$4:$G$200)-SUMIF(Mouvements!$B$4:$G$200, N6, Mouvements!$C$4:$C$200)) -> 0
A7: Konankro | B7: YOPOUGON | N7: Marmite | O7: support | P7: 2 | Q7: 0 | R7: =IF(Q7="","",Q7+SUMIF(Mouvements!$B$4:$G$200, N7, Mouvements!$G$4:$G$200)-SUMIF(Mouvements!$B$4:$G$200, N7, Mouvements!$C$4:$C$200)) -> 0
A8: Résidentiel | B8: YOPOUGON | R8: =IF(Q8="","",Q8+SUMIF(Mouvements!$B$4:$G$200, N8, Mouvements!$G$4:$G$200)-SUMIF(Mouvements!$B$4:$G$200, N8, Mouvements!$C$4:$C$200))
R9: =IF(Q9="","",Q9+SUMIF(Mouvements!$B$4:$G$200, N9, Mouvements!$G$4:$G$200)-SUMIF(Mouvements!$B$4:$G$200, N9, Mouvements!$C$4:$C$200))
R10: =IF(Q10="","",Q10+SUMIF(Mouvements!$B$4:$G$200, N10, Mouvements!$G$4:$G$200)-SUMIF(Mouvements!$B$4:$G$200, N10, Mouvements!$C$4:$C$200))
R11: =IF(Q11="","",Q11+SUMIF(Mouvements!$B$4:$G$200, N11, Mouvements!$G$4:$G$200)-SUMIF(Mouvements!$B$4:$G$200, N11, Mouvements!$C$4:$C$200))
R12: =IF(Q12="","",Q12+SUMIF(Mouvements!$B$4:$G$200, N12, Mouvements!$G$4:$G$200)-SUMIF(Mouvements!$B$4:$G$200, N12, Mouvements!$C$4:$C$200))
R13: =IF(Q13="","",Q13+SUMIF(Mouvements!$B$4:$G$200, N13, Mouvements!$G$4:$G$200)-SUMIF(Mouvements!$B$4:$G$200, N13, Mouvements!$C$4:$C$200))
R14: =IF(Q14="","",Q14+SUMIF(Mouvements!$B$4:$G$200, N14, Mouvements!$G$4:$G$200)-SUMIF(Mouvements!$B$4:$G$200, N14, Mouvements!$C$4:$C$200))
R15: =IF(Q15="","",Q15+SUMIF(Mouvements!$B$4:$G$200, N15, Mouvements!$G$4:$G$200)-SUMIF(Mouvements!$B$4:$G$200, N15, Mouvements!$C$4:$C$200))
R16: =IF(Q16="","",Q16+SUMIF(Mouvements!$B$4:$G$200, N16, Mouvements!$G$4:$G$200)-SUMIF(Mouvements!$B$4:$G$200, N16, Mouvements!$C$4:$C$200))
R17: =IF(Q17="","",Q17+SUMIF(Mouvements!$B$4:$G$200, N17, Mouvements!$G$4:$G$200)-SUMIF(Mouvements!$B$4:$G$200, N17, Mouvements!$C$4:$C$200))
R18: =IF(Q18="","",Q18+SUMIF(Mouvements!$B$4:$G$200, N18, Mouvements!$G$4:$G$200)-SUMIF(Mouvements!$B$4:$G$200, N18, Mouvements!$C$4:$C$200))
R19: =IF(Q19="","",Q19+SUMIF(Mouvements!$B$4:$G$200, N19, Mouvements!$G$4:$G$200)-SUMIF(Mouvements!$B$4:$G$200, N19, Mouvements!$C$4:$C$200))
R20: =IF(Q20="","",Q20+SUMIF(Mouvements!$B$4:$G$200, N20, Mouvements!$G$4:$G$200)-SUMIF(Mouvements!$B$4:$G$200, N20, Mouvements!$C$4:$C$200))
... R67: =IF(Q67="","",Q67+SUMIF(Mouvements!$B$4:$G$200, N67, Mouvements!$G$4:$G$200)-SUMIF(Mouvements!$B$4:$G$200, N67, Mouvements!$C$4:$C$200))

Sheet Gestion - Solde
M3: Tableau des recettes mensuelles | R3: Tableau des dépenses mensuelles
B5: Date | C5: Intitulé de l'opération | D5: Dépenses | E5: Recettes | F5: Solde cumulé | G5: Remarque | M5: Mois | N5: Nos. | O5: Montant | R5: Mois | S5: Nos. | T5: Montant
C7: Solde Initial | E7: 0 | F7: =E7-D7 -> 0
B8: 1.10.2018 | C8: Ventes et recharges de gaz Oryx | E8: 15475 | F8: =IF(C8="","",F7+E8-D8) -> 15475 | M8: Janvier | N8: 1 | O8: =recf -> 0 | R8: Janvier | S8: 1 | T8: =DJANV -> 0
B9: 3.10.2018 | C9: Ventes et recharges de gaz Oryx | E9: 7850 | F9: =IF(C9="","",F8+E9-D9) -> 23325 | M9: Février | N9: =N8+1 -> 2 | O9: =recj -> 0 | R9: Février | S9: =S8+1 -> 2 | T9: =DFEV -> 0
B10: 5.10.2018 | C10: Ventes et recharges de gaz Oryx | E10: 10400 | F10: =IF(C10="","",F9+E10-D10) -> 33725 | M10: Mars | N10: =N9+1 -> 3 | O10: =recm -> 0 | R10: Mars | S10: =S9+1 -> 3 | T10: =DMAR -> 0
B11: 8.10.2018 | C11: Ventes et recharges de gaz Oryx | E11: 17275 | F11: =IF(C11="","",F10+E11-D11) -> 51000 | M11: Avril | N11: =N10+1 -> 4 | O11: =reca -> 0 | R11: Avril | S11: =S10+1 -> 4 | T11: =DAVR -> 0
F12: =IF(C12="","",F11+E12-D12) | M12: Mai | N12: =N11+1 -> 5 | O12: =recma -> 0 | R12: Mai | S12: =S11+1 -> 5 | T12: =DMAI -> 0
F13: =IF(C13="","",F12+E13-D13) | I13: SOLDE | J13: =J15-J17 -> 51000 | K13: Remarque | M13: Juin | N13: =N12+1 -> 6 | O13: =recju -> 0 | R13: Juin | S13: =S12+1 -> 6 | T13: =DJUI -> 0
F14: =IF(C14="","",F13+E14-D14) | M14: Juillet | N14: =N13+1 -> 7 | O14: =recjui -> 0 | R14: Juillet | S14: =S13+1 -> 7 | T14: =DJUIL -> 0
F15: =IF(C15="","",F14+E15-D15) | I15: RECETTES | J15: =SUM(RECETTES) -> 51000 | M15: Août | N15: =N14+1 -> 8 | O15: =recao -> 0 | R15: Août | S15: =S14+1 -> 8 | T15: =DAOU -> 0
F16: =IF(C16="","",F15+E16-D16) | M16: Septembre | N16: =N15+1 -> 9 | O16: =recse -> 0 | R16: Septembre | S16: =S15+1 -> 9 | T16: =DSEPT -> 0
F17: =IF(C17="","",F16+E17-D17) | I17: DEPENSES | J17: =SUM(DEPENSES) -> 0 | M17: Octobre | N17: =N16+1 -> 10 | O17: =recoc -> 51000 | R17: Octobre | S17: =S16+1 -> 10 | T17: =DOCT -> 0
F18: =IF(C18="","",F17+E18-D18) | M18: Novembre | N18: =N17+1 -> 11 | O18: =recno -> 0 | R18: Novembre | S18: =S17+1 -> 11 | T18: =DNOV -> 0
F19: =IF(C19="","",F18+E19-D19) | M19: Décembre | N19: 12 | O19: =recdec -> 0 | R19: Décembre | S19: 12 | T19: =DDEC -> 0
F20: =IF(C20="","",F19+E20-D20) | M20: Total | O20: =SUM(O8:O19) -> 51000 | R20: Total | T20: =SUM(T8:T19) -> 0
F21: =IF(C21="","",F20+E21-D21)
F22: =IF(C22="","",F21+E22-D22) | P22: =IF(M22="","",P20+O22-N22)
F23: =IF(C23="","",F22+E23-D23)
F24: =IF(C24="","",F23+E24-D24)
F25: =IF(C25="","",F24+E25-D25)
F26: =IF(C26="","",F25+E26-D26)
F27: =IF(C27="","",F26+E27-D27)
F28: =IF(C28="","",F27+E28-D28)
F29: =IF(C29="","",F28+E29-D29)
F30: =IF(C30="","",F29+E30-D30)
F31: =IF(C31="","",F30+E31-D31)
F32: =IF(C32="","",F31+E32-D32)
F33: =IF(C33="","",F32+E33-D33)
F34: =IF(C34="","",F33+E34-D34)
... F188: =IF(C188="","",F187+E188-D188)

Sheet Liste
B5: Ventes de brûleur
B6: Ventes et recharges de gaz Oryx
B7: Frais de déplacement
B8: Achat d'enveloppe
B9: Payement de facture d'électricité
B10: Photocopie de la fiche de commande de Gaz GPL

Sheet Tableau - Comparatif
I4: Monnaie : Franc CFA
B7: 2018 | H7: 2019 | N7: Ecarts
B8: Charges (dépenses quotidiennes) | C8: Produits ( Recettes brutes) | D8: Solde (Recettes Nettes) | E8: Versements | F8: Total | H8: Charges (dépenses quotidiennes) | I8: Produits ( Recettes brutes) | J8: Solde (Recettes Nettes) | K8: Versements | L8: Total | N8: Charges | O8: Produits | P8: Solde | Q8: Versements | R8: Remarque
A10: Janvier | B10: =DJANV -> 0 | C10: =recf -> 0 | D10: =IF(C10="","",C10-B10) -> 0 | J10: =IF(I10="","",I10-H10) | N10: =IF(H10="","",IF(B10="","",H10-B10)) | O10: =IF(I10="","",IF(C10="","",I10-C10)) | P10: =IF(J10="","",IF(D10="","",J10-D10)) | Q10: =IF(K10="","",IF(E10="","",K10-E10))
A11: Février | B11: =DFEV -> 0 | C11: =recj -> 0 | D11: =IF(C11="","",C11-B11) -> 0 | J11: =IF(I11="","",I11-H11) | N11: =IF(H11="","",IF(B11="","",H11-B11)) | O11: =IF(I11="","",IF(C11="","",I11-C11)) | P11: =IF(J11="","",IF(D11="","",J11-D11)) | Q11: =IF(K11="","",IF(E11="","",K11-E11))
A12: Mars | B12: =DMAR -> 0 | C12: =recm -> 0 | D12: =IF(C12="","",C12-B12) -> 0 | J12: =IF(I12="","",I12-H12) | N12: =IF(H12="","",IF(B12="","",H12-B12)) | O12: =IF(I12="","",IF(C12="","",I12-C12)) | P12: =IF(J12="","",IF(D12="","",J12-D12)) | Q12: =IF(K12="","",IF(E12="","",K12-E12))
A13: Avril | B13: =DAVR -> 0 | C13: =reca -> 0 | D13: =IF(C13="","",C13-B13) -> 0 | J13: =IF(I13="","",I13-H13) | N13: =IF(H13="","",IF(B13="","",H13-B13)) | O13: =IF(I13="","",IF(C13="","",I13-C13)) | P13: =IF(J13="","",IF(D13="","",J13-D13)) | Q13: =IF(K13="","",IF(E13="","",K13-E13))
A14: Mai | B14: =DMAI -> 0 | C14: =recma -> 0 | D14: =IF(C14="","",C14-B14) -> 0 | J14: =IF(I14="","",I14-H14) | N14: =IF(H14="","",IF(B14="","",H14-B14)) | O14: =IF(I14="","",IF(C14="","",I14-C14)) | P14: =IF(J14="","",IF(D14="","",J14-D14)) | Q14: =IF(K14="","",IF(E14="","",K14-E14))
A15: Juin | B15: =DJUI -> 0 | C15: =recju -> 0 | D15: =IF(C15="","",C15-B15) -> 0 | J15: =IF(I15="","",I15-H15) | N15: =IF(H15="","",IF(B15="","",H15-B15)) | O15: =IF(I15="","",IF(C15="","",I15-C15)) | P15: =IF(J15="","",IF(D15="","",J15-D15)) | Q15: =IF(K15="","",IF(E15="","",K15-E15))
A16: Juillet | B16: =DJUIL -> 0 | C16: =recjui -> 0 | D16: =IF(C16="","",C16-B16) -> 0 | J16: =IF(I16="","",I16-H16) | N16: =IF(H16="","",IF(B16="","",H16-B16)) | O16: =IF(I16="","",IF(C16="","",I16-C16)) | P16: =IF(J16="","",IF(D16="","",J16-D16)) | Q16: =IF(K16="","",IF(E16="","",K16-E16))
A17: Août | B17: =DAOU -> 0 | C17: =recao -> 0 | D17: =IF(C17="","",C17-B17) -> 0 | J17: =IF(I17="","",I17-H17) | N17: =IF(H17="","",IF(B17="","",H17-B17)) | O17: =IF(I17="","",IF(C17="","",I17-C17)) | P17: =IF(J17="","",IF(D17="","",J17-D17)) | Q17: =IF(K17="","",IF(E17="","",K17-E17))
A18: Septembre | B18: =DSEPT -> 0 | C18: =recse -> 0 | D18: =IF(C18="","",C18-B18) -> 0 | J18: =IF(I18="","",I18-H18) | N18: =IF(H18="","",IF(B18="","",H18-B18)) | O18: =IF(I18="","",IF(C18="","",I18-C18)) | P18: =IF(J18="","",IF(D18="","",J18-D18)) | Q18: =IF(K18="","",IF(E18="","",K18-E18))
A19: Octobre | B19: =DOCT -> 0 | C19: =recoc -> 51000 | D19: =IF(C19="","",C19-B19) -> 51000 | J19: =IF(I19="","",I19-H19) | N19: =IF(H19="","",IF(B19="","",H19-B19)) | O19: =IF(I19="","",IF(C19="","",I19-C19)) | P19: =IF(J19="","",IF(D19="","",J19-D19)) | Q19: =IF(K19="","",IF(E19="","",K19-E19))
A20: Novembre | B20: =DNOV -> 0 | C20: =recno -> 0 | D20: =IF(C20="","",C20-B20) -> 0 | J20: =IF(I20="","",I20-H20) | N20: =IF(H20="","",IF(B20="","",H20-B20)) | O20: =IF(I20="","",IF(C20="","",I20-C20)) | P20: =IF(J20="","",IF(D20="","",J20-D20)) | Q20: =IF(K20="","",IF(E20="","",K20-E20))
A21: Décembre | B21: =DDEC -> 0 | C21: =recdec -> 0 | D21: =IF(C21="","",C21-B21) -> 0 | J21: =IF(I21="","",I21-H21) | N21: =IF(H21="","",IF(B21="","",H21-B21)) | O21: =IF(I21="","",IF(C21="","",I21-C21)) | P21: =IF(J21="","",IF(D21="","",J21-D21)) | Q21: =IF(K21="","",IF(E21="","",K21-E21))
A23: Total/Annuel | B23: =SUM(B10:B21) -> 0 | C23: =SUM(C10:C21) -> 51000 | D23: =SUM(D10:D21) -> 51000 | E23: =SUM(E10:E21) -> 0 | F23: =D23 -> 51000 | H23: =SUM(H10:H21) -> 0 | I23: =SUM(I10:I21) -> 0 | J23: =SUM(J10:J21) -> 0 | K23: =SUM(K10:K21) -> 0 | L23: =J23 -> 0 | N23: =IF(H23=0,"",H23-B23) | O23: =IF(I23=0,"",I23-C23) | P23: =IF(J23=0,"",J23-D23) | Q23: =IF(K23=0,"",K23-E23)

Sheet Gest. - Comm. - ORYX 2
B1: Le Label International
C6: N° Client : 414052 | T6: Contact : 64 93 03 10 | AF6: N° de compte ORYX : 30087980000
P9: RECHARGE GPL | X9: CONSIGNATION
B10: Date | C10: N° commande | D10: Commande effectuée par | E10: Commande éffectuée? | F10: Nbre | G10: Montant disponible | H10: Recette | I10: N° facture | J10: N° Bord. De Liv. | L10: 3 KG | P10: 6 KG | T10: 12,5 KG | X10: 3 KG | AB10: 6 KG | AF10: 12,5 KG | AJ10: Total Commande | AK10: Timbre | AL10: Total Général | AM10: Référence/Fiche de versement | AN10: Remarque
L11: Quantité commandée | M11: Prix | N11: Montant | P11: Quantité commandée | Q11: Prix | R11: Montant | T11: Quantité commandée | U11: Prix | V11: Montant | X11: Quantité consignée | Y11: Prix | Z11: Montant | AB11: Quantité consignée | AC11: Prix | AD11: Montant | AF11: Quantité consignée | AG11: Prix | AH11: Montant
C13: Janvier
H14: =IF(G14="","",G14-AL14) | N14: =IF(L14="","",L14*M14) | R14: =IF(P14="","",Q14*P14) | V14: =IF(T14="","",U14*T14) | Z14: =IF(X14="","",Y14*X14) | AD14: =IF(AB14="","",AC14*AB14) | AH14: =IF(AF14="","",AG14*AF14) | AJ14: =IF(B14="","",R14+V14+Z14+AH14+N14+AD14) | AL14: =IF(AJ14="","",AJ14+AK14)
F15: =IF(E15="","",IF(E15="Oui",1,0)) | H15: =IF(G15="","",G15-AL15) | N15: =IF(L15="","",L15*M15) | R15: =IF(P15="","",Q15*P15) | V15: =IF(T15="","",U15*T15) | Z15: =IF(X15="","",Y15*X15) | AD15: =IF(AB15="","",AC15*AB15) | AH15: =IF(AF15="","",AG15*AF15) | AJ15: =IF(B15="","",R15+V15+Z15+AH15+N15+AD15) | AL15: =IF(AJ15="","",AJ15+AK15)
F16: =IF(E16="","",IF(E16="Oui",1,0)) | H16: =IF(G16="","",G16-AL16) | N16: =IF(L16="","",L16*M16) | R16: =IF(P16="","",Q16*P16) | V16: =IF(T16="","",U16*T16) | Z16: =IF(X16="","",Y16*X16) | AD16: =IF(AB16="","",AC16*AB16) | AH16: =IF(AF16="","",AG16*AF16) | AJ16: =IF(B16="","",R16+V16+Z16+AH16+N16+AD16) | AL16: =IF(AJ16="","",AJ16+AK16)
F17: =IF(E17="","",IF(E17="Oui",1,0)) | H17: =IF(G17="","",G17-AL17) | N17: =IF(L17="","",L17*M17) | R17: =IF(P17="","",Q17*P17) | V17: =IF(T17="","",U17*T17) | Z17: =IF(X17="","",Y17*X17) | AD17: =IF(AB17="","",AC17*AB17) | AH17: =IF(AF17="","",AG17*AF17) | AJ17: =IF(B17="","",R17+V17+Z17+AH17+N17+AD17) | AL17: =IF(AJ17="","",AJ17+AK17)
F18: =IF(E18="","",IF(E18="Oui",1,0)) | H18: =IF(G18="","",G18-AL18) | N18: =IF(L18="","",L18*M18) | R18: =IF(P18="","",Q18*P18) | V18: =IF(T18="","",U18*T18) | Z18: =IF(X18="","",Y18*X18) | AD18: =IF(AB18="","",AC18*AB18) | AH18: =IF(AF18="","",AG18*AF18) | AJ18: =IF(B18="","",R18+V18+Z18+AH18+N18+AD18) | AL18: =IF(AJ18="","",AJ18+AK18)
F19: =IF(E19="","",IF(E19="Oui",1,0)) | H19: =IF(G19="","",G19-AL19) | N19: =IF(L19="","",L19*M19) | R19: =IF(P19="","",Q19*P19) | V19: =IF(T19="","",U19*T19) | Z19: =IF(X19="","",Y19*X19) | AD19: =IF(AB19="","",AC19*AB19) | AH19: =IF(AF19="","",AG19*AF19) | AJ19: =IF(B19="","",R19+V19+Z19+AH19+N19+AD19) | AL19: =IF(AJ19="","",AJ19+AK19)
F20: =IF(E20="","",IF(E20="Oui",1,0)) | H20: =IF(G20="","",G20-AL20) | N20: =IF(L20="","",L20*M20) | R20: =IF(P20="","",Q20*P20) | V20: =IF(T20="","",U20*T20) | Z20: =IF(X20="","",Y20*X20) | AD20: =IF(AB20="","",AC20*AB20) | AH20: =IF(AF20="","",AG20*AF20) | AJ20: =IF(B20="","",R20+V20+Z20+AH20+N20+AD20) | AL20: =IF(AJ20="","",AJ20+AK20)
F21: =IF(E21="","",IF(E21="Oui",1,0)) | H21: =IF(G21="","",G21-AL21) | N21: =IF(L21="","",L21*M21) | R21: =IF(P21="","",Q21*P21) | V21: =IF(T21="","",U21*T21) | Z21: =IF(X21="","",Y21*X21) | AD21: =IF(AB21="","",AC21*AB21) | AH21: =IF(AF21="","",AG21*AF21) | AJ21: =IF(B21="","",R21+V21+Z21+AH21+N21+AD21) | AL21: =IF(AJ21="","",AJ21+AK21)
F22: =IF(E22="","",IF(E22="Oui",1,0)) | H22: =IF(G22="","",G22-AL22) | N22: =IF(L22="","",L22*M22) | R22: =IF(P22="","",Q22*P22) | V22: =IF(T22="","",U22*T22) | Z22: =IF(X22="","",Y22*X22) | AD22: =IF(AB22="","",AC22*AB22) | AH22: =IF(AF22="","",AG22*AF22) | AJ22: =IF(B22="","",R22+V22+Z22+AH22+N22+AD22) | AL22: =IF(AJ22="","",AJ22+AK22)
F23: =IF(E23="","",IF(E23="Oui",1,0)) | H23: =IF(G23="","",G23-AL23) | N23: =IF(L23="","",L23*M23) | R23: =IF(P23="","",Q23*P23) | V23: =IF(T23="","",U23*T23) | Z23: =IF(X23="","",Y23*X23) | AD23: =IF(AB23="","",AC23*AB23) | AH23: =IF(AF23="","",AG23*AF23) | AJ23: =IF(B23="","",R23+V23+Z23+AH23+N23+AD23) | AL23: =IF(AJ23="","",AJ23+AK23)
F24: =IF(E24="","",IF(E24="Oui",1,0)) | H24: =IF(G24="","",G24-AL24) | N24: =IF(L24="","",L24*M24) | R24: =IF(P24="","",Q24*P24) | V24: =IF(T24="","",U24*T24) | Z24: =IF(X24="","",Y24*X24) | AD24: =IF(AB24="","",AC24*AB24) | AH24: =IF(AF24="","",AG24*AF24) | AJ24: =IF(B24="","",R24+V24+Z24+AH24+N24+AD24) | AL24: =IF(AJ24="","",AJ24+AK24)
F25: =IF(E25="","",IF(E25="Oui",1,0)) | H25: =IF(G25="","",G25-AL25) | N25: =IF(L25="","",L25*M25) | R25: =IF(P25="","",Q25*P25) | V25: =IF(T25="","",U25*T25) | Z25: =IF(X25="","",Y25*X25) | AD25: =IF(AB25="","",AC25*AB25) | AH25: =IF(AF25="","",AG25*AF25) | AJ25: =IF(B25="","",R25+V25+Z25+AH25+N25+AD25) | AL25: =IF(AJ25="","",AJ25+AK25)
F26: =IF(E26="","",IF(E26="Oui",1,0)) | H26: =IF(G26="","",G26-AL26) | N26: =IF(L26="","",L26*M26) | R26: =IF(P26="","",Q26*P26) | V26: =IF(T26="","",U26*T26) | Z26: =IF(X26="","",Y26*X26) | AD26: =IF(AB26="","",AC26*AB26) | AH26: =IF(AF26="","",AG26*AF26) | AJ26: =IF(B26="","",R26+V26+Z26+AH26+N26+AD26) | AL26: =IF(AJ26="","",AJ26+AK26)
F27: =SUM(F14:F26) -> 0 | H27: =SUM(H14:H26) -> 0 | L27: =SUM(L14:L26) -> 0 | P27: =SUM(P14:P26) -> 0 | T27: =SUM(T14:T26) -> 0 | AL27: =SUM(AL14:AL26) -> 0
C28: Février
F29: =IF(E29="","",IF(E29="Oui",1,0)) | H29: =IF(G29="","",G29-AL29) | N29: =IF(L29="","",L29*M29) | R29: =IF(P29="","",Q29*P29) | V29: =IF(T29="","",U29*T29) | Z29: =IF(X29="","",Y29*X29) | AD29: =IF(AB29="","",AC29*AB29) | AH29: =IF(AF29="","",AG29*AF29) | AJ29: =IF(B29="","",R29+V29+Z29+AH29+N29+AD29) | AL29: =IF(AJ29="","",AJ29+AK29)
H30: =IF(G30="","",G30-AL30) | N30: =IF(L30="","",L30*M30) | R30: =IF(P30="","",Q30*P30) | V30: =IF(T30="","",U30*T30) | Z30: =IF(X30="","",Y30*X30) | AD30: =IF(AB30="","",AC30*AB30) | AH30: =IF(AF30="","",AG30*AF30) | AJ30: =IF(B30="","",R30+V30+Z30+AH30+N30+AD30) | AL30: =IF(AJ30="","",AJ30+AK30)
H31: =IF(G31="","",G31-AL31) | N31: =IF(L31="","",L31*M31) | R31: =IF(P31="","",Q31*P31) | V31: =IF(T31="","",U31*T31) | Z31: =IF(X31="","",Y31*X31) | AD31: =IF(AB31="","",AC31*AB31) | AH31: =IF(AF31="","",AG31*AF31) | AJ31: =IF(B31="","",R31+V31+Z31+AH31+N31+AD31) | AL31: =IF(AJ31="","",AJ31+AK31)
H32: =IF(G32="","",G32-AL32) | N32: =IF(L32="","",L32*M32) | R32: =IF(P32="","",Q32*P32) | V32: =IF(T32="","",U32*T32) | Z32: =IF(X32="","",Y32*X32) | AD32: =IF(AB32="","",AC32*AB32) | AH32: =IF(AF32="","",AG32*AF32) | AJ32: =IF(B32="","",R32+V32+Z32+AH32+N32+AD32) | AL32: =IF(AJ32="","",AJ32+AK32)
F33: =IF(E33="","",IF(E33="Oui",1,0)) | H33: =IF(G33="","",G33-AL33) | N33: =IF(L33="","",L33*M33) | R33: =IF(P33="","",Q33*P33) | V33: =IF(T33="","",U33*T33) | Z33: =IF(X33="","",Y33*X33) | AD33: =IF(AB33="","",AC33*AB33) | AH33: =IF(AF33="","",AG33*AF33) | AJ33: =IF(B33="","",R33+V33+Z33+AH33+N33+AD33) | AL33: =IF(AJ33="","",AJ33+AK33)
F34: =IF(E34="","",IF(E34="Oui",1,0)) | H34: =IF(G34="","",G34-AL34) | N34: =IF(L34="","",L34*M34) | R34: =IF(P34="","",Q34*P34) | V34: =IF(T34="","",U34*T34) | Z34: =IF(X34="","",Y34*X34) | AD34: =IF(AB34="","",AC34*AB34) | AH34: =IF(AF34="","",AG34*AF34) | AJ34: =IF(B34="","",R34+V34+Z34+AH34+N34+AD34) | AL34: =IF(AJ34="","",AJ34+AK34)
F35: =IF(E35="","",IF(E35="Oui",1,0)) | H35: =IF(G35="","",G35-AL35) | N35: =IF(L35="","",L35*M35) | R35: =IF(P35="","",Q35*P35) | V35: =IF(T35="","",U35*T35) | Z35: =IF(X35="","",Y35*X35) | AD35: =IF(AB35="","",AC35*AB35) | AH35: =IF(AF35="","",AG35*AF35) | AJ35: =IF(B35="","",R35+V35+Z35+AH35+N35+AD35) | AL35: =IF(AJ35="","",AJ35+AK35)
F36: =IF(E36="","",IF(E36="Oui",1,0)) | H36: =IF(G36="","",G36-AL36) | N36: =IF(L36="","",L36*M36) | R36: =IF(P36="","",Q36*P36) | V36: =IF(T36="","",U36*T36) | Z36: =IF(X36="","",Y36*X36) | AD36: =IF(AB36="","",AC36*AB36) | AH36: =IF(AF36="","",AG36*AF36) | AJ36: =IF(B36="","",R36+V36+Z36+AH36+N36+AD36) | AL36: =IF(AJ36="","",AJ36+AK36)
F37: =IF(E37="","",IF(E37="Oui",1,0)) | H37: =IF(G37="","",G37-AL37) | N37: =IF(L37="","",L37*M37) | R37: =IF(P37="","",Q37*P37) | V37: =IF(T37="","",U37*T37) | Z37: =IF(X37="","",Y37*X37) | AD37: =IF(AB37="","",AC37*AB37) | AH37: =IF(AF37="","",AG37*AF37) | AJ37: =IF(B37="","",R37+V37+Z37+AH37+N37+AD37) | AL37: =IF(AJ37="","",AJ37+AK37)
F38: =IF(E38="","",IF(E38="Oui",1,0)) | H38: =IF(G38="","",G38-AL38) | N38: =IF(L38="","",L38*M38) | R38: =IF(P38="","",Q38*P38) | V38: =IF(T38="","",U38*T38) | Z38: =IF(X38="","",Y38*X38) | AD38: =IF(AB38="","",AC38*AB38) | AH38: =IF(AF38="","",AG38*AF38) | AJ38: =IF(B38="","",R38+V38+Z38+AH38+N38+AD38) | AL38: =IF(AJ38="","",AJ38+AK38)
F39: =IF(E39="","",IF(E39="Oui",1,0)) | H39: =IF(G39="","",G39-AL39) | N39: =IF(L39="","",L39*M39) | R39: =IF(P39="","",Q39*P39) | V39: =IF(T39="","",U39*T39) | Z39: =IF(X39="","",Y39*X39) | AD39: =IF(AB39="","",AC39*AB39) | AH39: =IF(AF39="","",AG39*AF39) | AJ39: =IF(B39="","",R39+V39+Z39+AH39+N39+AD39) | AL39: =IF(AJ39="","",AJ39+AK39)
F40: =IF(E40="","",IF(E40="Oui",1,0)) | H40: =IF(G40="","",G40-AL40) | N40: =IF(L40="","",L40*M40) | R40: =IF(P40="","",Q40*P40) | V40: =IF(T40="","",U40*T40) | Z40: =IF(X40="","",Y40*X40) | AD40: =IF(AB40="","",AC40*AB40) | AH40: =IF(AF40="","",AG40*AF40) | AJ40: =IF(B40="","",R40+V40+Z40+AH40+N40+AD40) | AL40: =IF(AJ40="","",AJ40+AK40)
F41: =IF(E41="","",IF(E41="Oui",1,0)) | H41: =IF(G41="","",G41-AL41) | N41: =IF(L41="","",L41*M41) | R41: =IF(P41="","",Q41*P41) | V41: =IF(T41="","",U41*T41) | Z41: =IF(X41="","",Y41*X41) | AD41: =IF(AB41="","",AC41*AB41) | AH41: =IF(AF41="","",AG41*AF41) | AJ41: =IF(B41="","",R41+V41+Z41+AH41+N41+AD41) | AL41: =IF(AJ41="","",AJ41+AK41)
F42: =IF(E42="","",IF(E42="Oui",1,0)) | H42: =IF(G42="","",G42-AL42) | N42: =IF(L42="","",L42*M42) | R42: =IF(P42="","",Q42*P42) | V42: =IF(T42="","",U42*T42) | Z42: =IF(X42="","",Y42*X42) | AD42: =IF(AB42="","",AC42*AB42) | AH42: =IF(AF42="","",AG42*AF42) | AJ42: =IF(B42="","",R42+V42+Z42+AH42+N42+AD42) | AL42: =IF(AJ42="","",AJ42+AK42)
F43: =SUM(F29:F42) -> 0 | H43: =SUM(H29:H42) -> 0 | L43: =SUM(L29:L42) -> 0 | P43: =SUM(P29:P42) -> 0 | T43: =SUM(T29:T42) -> 0 | AL43: =SUM(AL29:AL42) -> 0
C44: Mars
F45: =IF(E45="","",IF(E45="Oui",1,0)) | H45: =IF(G45="","",G45-AL45) | N45: =IF(L45="","",L45*M45) | R45: =IF(P45="","",Q45*P45) | V45: =IF(T45="","",U45*T45) | Z45: =IF(X45="","",Y45*X45) | AD45: =IF(AB45="","",AC45*AB45) | AH45: =IF(AF45="","",AG45*AF45) | AJ45: =IF(B45="","",R45+V45+Z45+AH45+N45+AD45) | AL45: =IF(AJ45="","",AJ45+AK45)
F46: =IF(E46="","",IF(E46="Oui",1,0)) | H46: =IF(G46="","",G46-AL46) | N46: =IF(L46="","",L46*M46) | R46: =IF(P46="","",Q46*P46) | V46: =IF(T46="","",U46*T46) | Z46: =IF(X46="","",Y46*X46) | AD46: =IF(AB46="","",AC46*AB46) | AH46: =IF(AF46="","",AG46*AF46) | AJ46: =IF(B46="","",R46+V46+Z46+AH46+N46+AD46) | AL46: =IF(AJ46="","",AJ46+AK46)
F47: =IF(E47="","",IF(E47="Oui",1,0)) | H47: =IF(G47="","",G47-AL47) | N47: =IF(L47="","",L47*M47) | R47: =IF(P47="","",Q47*P47) | V47: =IF(T47="","",U47*T47) | Z47: =IF(X47="","",Y47*X47) | AD47: =IF(AB47="","",AC47*AB47) | AH47: =IF(AF47="","",AG47*AF47) | AJ47: =IF(B47="","",R47+V47+Z47+AH47+N47+AD47) | AL47: =IF(AJ47="","",AJ47+AK47)
F48: =IF(E48="","",IF(E48="Oui",1,0)) | H48: =IF(G48="","",G48-AL48) | N48: =IF(L48="","",L48*M48) | R48: =IF(P48="","",Q48*P48) | V48: =IF(T48="","",U48*T48) | Z48: =IF(X48="","",Y48*X48) | AD48: =IF(AB48="","",AC48*AB48) | AH48: =IF(AF48="","",AG48*AF48) | AJ48: =IF(B48="","",R48+V48+Z48+AH48+N48+AD48) | AL48: =IF(AJ48="","",AJ48+AK48)
F49: =IF(E49="","",IF(E49="Oui",1,0)) | H49: =IF(G49="","",G49-AL49) | N49: =IF(L49="","",L49*M49) | R49: =IF(P49="","",Q49*P49) | V49: =IF(T49="","",U49*T49) | Z49: =IF(X49="","",Y49*X49) | AD49: =IF(AB49="","",AC49*AB49) | AH49: =IF(AF49="","",AG49*AF49) | AJ49: =IF(B49="","",R49+V49+Z49+AH49+N49+AD49) | AL49: =IF(AJ49="","",AJ49+AK49)
F50: =IF(E50="","",IF(E50="Oui",1,0)) | H50: =IF(G50="","",G50-AL50) | N50: =IF(L50="","",L50*M50) | R50: =IF(P50="","",Q50*P50) | V50: =IF(T50="","",U50*T50) | Z50: =IF(X50="","",Y50*X50) | AD50: =IF(AB50="","",AC50*AB50) | AH50: =IF(AF50="","",AG50*AF50) | AJ50: =IF(B50="","",R50+V50+Z50+AH50+N50+AD50) | AL50: =IF(AJ50="","",AJ50+AK50)
F51: =IF(E51="","",IF(E51="Oui",1,0)) | H51: =IF(G51="","",G51-AL51) | N51: =IF(L51="","",L51*M51) | R51: =IF(P51="","",Q51*P51) | V51: =IF(T51="","",U51*T51) | Z51: =IF(X51="","",Y51*X51) | AD51: =IF(AB51="","",AC51*AB51) | AH51: =IF(AF51="","",AG51*AF51) | AJ51: =IF(B51="","",R51+V51+Z51+AH51+N51+AD51) | AL51: =IF(AJ51="","",AJ51+AK51)
F52: =IF(E52="","",IF(E52="Oui",1,0)) | H52: =IF(G52="","",G52-AL52) | N52: =IF(L52="","",L52*M52) | R52: =IF(P52="","",Q52*P52) | V52: =IF(T52="","",U52*T52) | Z52: =IF(X52="","",Y52*X52) | AD52: =IF(AB52="","",AC52*AB52) | AH52: =IF(AF52="","",AG52*AF52) | AJ52: =IF(B52="","",R52+V52+Z52+AH52+N52+AD52) | AL52: =IF(AJ52="","",AJ52+AK52)
F53: =IF(E53="","",IF(E53="Oui",1,0)) | H53: =IF(G53="","",G53-AL53) | N53: =IF(L53="","",L53*M53) | R53: =IF(P53="","",Q53*P53) | V53: =IF(T53="","",U53*T53) | Z53: =IF(X53="","",Y53*X53) | AD53: =IF(AB53="","",AC53*AB53) | AH53: =IF(AF53="","",AG53*AF53) | AJ53: =IF(B53="","",R53+V53+Z53+AH53+N53+AD53) | AL53: =IF(AJ53="","",AJ53+AK53)
F54: =IF(E54="","",IF(E54="Oui",1,0)) | H54: =IF(G54="","",G54-AL54) | N54: =IF(L54="","",L54*M54) | R54: =IF(P54="","",Q54*P54) | V54: =IF(T54="","",U54*T54) | Z54: =IF(X54="","",Y54*X54) | AD54: =IF(AB54="","",AC54*AB54) | AH54: =IF(AF54="","",AG54*AF54) | AJ54: =IF(B54="","",R54+V54+Z54+AH54+N54+AD54) | AL54: =IF(AJ54="","",AJ54+AK54)
F55: =IF(E55="","",IF(E55="Oui",1,0)) | H55: =IF(G55="","",G55-AL55) | N55: =IF(L55="","",L55*M55) | R55: =IF(P55="","",Q55*P55) | V55: =IF(T55="","",U55*T55) | Z55: =IF(X55="","",Y55*X55) | AD55: =IF(AB55="","",AC55*AB55) | AH55: =IF(AF55="","",AG55*AF55) | AJ55: =IF(B55="","",R55+V55+Z55+AH55+N55+AD55) | AL55: =IF(AJ55="","",AJ55+AK55)
F56: =IF(E56="","",IF(E56="Oui",1,0)) | H56: =IF(G56="","",G56-AL56) | N56: =IF(L56="","",L56*M56) | R56: =IF(P56="","",Q56*P56) | V56: =IF(T56="","",U56*T56) | Z56: =IF(X56="","",Y56*X56) | AD56: =IF(AB56="","",AC56*AB56) | AH56: =IF(AF56="","",AG56*AF56) | AJ56: =IF(B56="","",R56+V56+Z56+AH56+N56+AD56) | AL56: =IF(AJ56="","",AJ56+AK56)
... F59: =IF(E59="","",IF(E59="Oui",1,0)) | H59: =IF(G59="","",G59-AL59) | N59: =IF(L59="","",L59*M59) | R59: =IF(P59="","",Q59*P59) | V59: =IF(T59="","",U59*T59) | Z59: =IF(X59="","",Y59*X59) | AD59: =IF(AB59="","",AC59*AB59) | AH59: =IF(AF59="","",AG59*AF59) | AJ59: =IF(B59="","",R59+V59+Z59+AH59+N59+AD59) | AL59: =IF(AJ59="","",AJ59+AK59)
F60: =SUM(F45:F59) -> 0 | H60: =SUM(H45:H59) -> 0 | L60: =SUM(L45:L59) -> 0 | P60: =SUM(P45:P59) -> 0 | T60: =SUM(T45:T59) -> 0 | AL60: =SUM(AL45:AL59) -> 0
C61: Avril
F62: =IF(E62="","",IF(E62="Oui",1,0)) | H62: =IF(G62="","",G62-AL62) | N62: =IF(L62="","",L62*M62) | R62: =IF(P62="","",Q62*P62) | V62: =IF(T62="","",U62*T62) | Z62: =IF(X62="","",Y62*X62) | AD62: =IF(AB62="","",AC62*AB62) | AH62: =IF(AF62="","",AG62*AF62) | AJ62: =IF(B62="","",R62+V62+Z62+AH62+N62+AD62) | AL62: =IF(AJ62="","",AJ62+AK62)
F63: =IF(E63="","",IF(E63="Oui",1,0)) | H63: =IF(G63="","",G63-AL63) | N63: =IF(L63="","",L63*M63) | R63: =IF(P63="","",Q63*P63) | V63: =IF(T63="","",U63*T63) | Z63: =IF(X63="","",Y63*X63) | AD63: =IF(AB63="","",AC63*AB63) | AH63: =IF(AF63="","",AG63*AF63) | AJ63: =IF(B63="","",R63+V63+Z63+AH63+N63+AD63) | AL63: =IF(AJ63="","",AJ63+AK63)
F64: =IF(E64="","",IF(E64="Oui",1,0)) | H64: =IF(G64="","",G64-AL64) | N64: =IF(L64="","",L64*M64) | R64: =IF(P64="","",Q64*P64) | V64: =IF(T64="","",U64*T64) | Z64: =IF(X64="","",Y64*X64) | AD64: =IF(AB64="","",AC64*AB64) | AH64: =IF(AF64="","",AG64*AF64) | AJ64: =IF(B64="","",R64+V64+Z64+AH64+N64+AD64) | AL64: =IF(AJ64="","",AJ64+AK64)
F65: =IF(E65="","",IF(E65="Oui",1,0)) | H65: =IF(G65="","",G65-AL65) | N65: =IF(L65="","",L65*M65) | R65: =IF(P65="","",Q65*P65) | V65: =IF(T65="","",U65*T65) | Z65: =IF(X65="","",Y65*X65) | AD65: =IF(AB65="","",AC65*AB65) | AH65: =IF(AF65="","",AG65*AF65) | AJ65: =IF(B65="","",R65+V65+Z65+AH65+N65+AD65) | AL65: =IF(AJ65="","",AJ65+AK65)
F66: =IF(E66="","",IF(E66="Oui",1,0)) | H66: =IF(G66="","",G66-AL66) | N66: =IF(L66="","",L66*M66) | R66: =IF(P66="","",Q66*P66) | V66: =IF(T66="","",U66*T66) | Z66: =IF(X66="","",Y66*X66) | AD66: =IF(AB66="","",AC66*AB66) | AH66: =IF(AF66="","",AG66*AF66) | AJ66: =IF(B66="","",R66+V66+Z66+AH66+N66+AD66) | AL66: =IF(AJ66="","",AJ66+AK66)
F67: =IF(E67="","",IF(E67="Oui",1,0)) | H67: =IF(G67="","",G67-AL67) | N67: =IF(L67="","",L67*M67) | R67: =IF(P67="","",Q67*P67) | V67: =IF(T67="","",U67*T67) | Z67: =IF(X67="","",Y67*X67) | AD67: =IF(AB67="","",AC67*AB67) | AH67: =IF(AF67="","",AG67*AF67) | AJ67: =IF(B67="","",R67+V67+Z67+AH67+N67+AD67) | AL67: =IF(AJ67="","",AJ67+AK67)
F68: =IF(E68="","",IF(E68="Oui",1,0)) | H68: =IF(G68="","",G68-AL68) | N68: =IF(L68="","",L68*M68) | R68: =IF(P68="","",Q68*P68) | V68: =IF(T68="","",U68*T68) | Z68: =IF(X68="","",Y68*X68) | AD68: =IF(AB68="","",AC68*AB68) | AH68: =IF(AF68="","",AG68*AF68) | AJ68: =IF(B68="","",R68+V68+Z68+AH68+N68+AD68) | AL68: =IF(AJ68="","",AJ68+AK68)
F69: =IF(E69="","",IF(E69="Oui",1,0)) | H69: =IF(G69="","",G69-AL69) | N69: =IF(L69="","",L69*M69) | R69: =IF(P69="","",Q69*P69) | V69: =IF(T69="","",U69*T69) | Z69: =IF(X69="","",Y69*X69) | AD69: =IF(AB69="","",AC69*AB69) | AH69: =IF(AF69="","",AG69*AF69) | AJ69: =IF(B69="","",R69+V69+Z69+AH69+N69+AD69) | AL69: =IF(AJ69="","",AJ69+AK69)
F70: =IF(E70="","",IF(E70="Oui",1,0)) | H70: =IF(G70="","",G70-AL70) | N70: =IF(L70="","",L70*M70) | R70: =IF(P70="","",Q70*P70) | V70: =IF(T70="","",U70*T70) | Z70: =IF(X70="","",Y70*X70) | AD70: =IF(AB70="","",AC70*AB70) | AH70: =IF(AF70="","",AG70*AF70) | AJ70: =IF(B70="","",R70+V70+Z70+AH70+N70+AD70) | AL70: =IF(AJ70="","",AJ70+AK70)
F71: =IF(E71="","",IF(E71="Oui",1,0)) | H71: =IF(G71="","",G71-AL71) | N71: =IF(L71="","",L71*M71) | R71: =IF(P71="","",Q71*P71) | V71: =IF(T71="","",U71*T71) | Z71: =IF(X71="","",Y71*X71) | AD71: =IF(AB71="","",AC71*AB71) | AH71: =IF(AF71="","",AG71*AF71) | AJ71: =IF(B71="","",R71+V71+Z71+AH71+N71+AD71) | AL71: =IF(AJ71="","",AJ71+AK71)
F72: =IF(E72="","",IF(E72="Oui",1,0)) | H72: =IF(G72="","",G72-AL72) | N72: =IF(L72="","",L72*M72) | R72: =IF(P72="","",Q72*P72) | V72: =IF(T72="","",U72*T72) | Z72: =IF(X72="","",Y72*X72) | AD72: =IF(AB72="","",AC72*AB72) | AH72: =IF(AF72="","",AG72*AF72) | AJ72: =IF(B72="","",R72+V72+Z72+AH72+N72+AD72) | AL72: =IF(AJ72="","",AJ72+AK72)
F73: =IF(E73="","",IF(E73="Oui",1,0)) | H73: =IF(G73="","",G73-AL73) | N73: =IF(L73="","",L73*M73) | R73: =IF(P73="","",Q73*P73) | V73: =IF(T73="","",U73*T73) | Z73: =IF(X73="","",Y73*X73) | AD73: =IF(AB73="","",AC73*AB73) | AH73: =IF(AF73="","",AG73*AF73) | AJ73: =IF(B73="","",R73+V73+Z73+AH73+N73+AD73) | AL73: =IF(AJ73="","",AJ73+AK73)
... F75: =IF(E75="","",IF(E75="Oui",1,0)) | H75: =IF(G75="","",G75-AL75) | N75: =IF(L75="","",L75*M75) | R75: =IF(P75="","",Q75*P75) | V75: =IF(T75="","",U75*T75) | Z75: =IF(X75="","",Y75*X75) | AD75: =IF(AB75="","",AC75*AB75) | AH75: =IF(AF75="","",AG75*AF75) | AJ75: =IF(B75="","",R75+V75+Z75+AH75+N75+AD75) | AL75: =IF(AJ75="","",AJ75+AK75)
F76: =SUM(F62:F75) -> 0 | H76: =SUM(H62:H73) -> 0 | L76: =SUM(L62:L75) -> 0 | P76: =SUM(P62:P75) -> 0 | T76: =SUM(T62:T75) -> 0 | AL76: =SUM(AL62:AL73) -> 0
C77: Mai
F78: =IF(E78="","",IF(E78="Oui",1,0)) | H78: =IF(G78="","",G78-AL78) | N78: =IF(L78="","",L78*M78) | R78: =IF(P78="","",Q78*P78) | V78: =IF(T78="","",U78*T78) | Z78: =IF(X78="","",Y78*X78) | AD78: =IF(AB78="","",AC78*AB78) | AH78: =IF(AF78="","",AG78*AF78) | AJ78: =IF(B78="","",R78+V78+Z78+AH78+N78+AD78) | AL78: =IF(AJ78="","",AJ78+AK78)
F79: =IF(E79="","",IF(E79="Oui",1,0)) | H79: =IF(G79="","",G79-AL79) | N79: =IF(L79="","",L79*M79) | R79: =IF(P79="","",Q79*P79) | V79: =IF(T79="","",U79*T79) | Z79: =IF(X79="","",Y79*X79) | AD79: =IF(AB79="","",AC79*AB79) | AH79: =IF(AF79="","",AG79*AF79) | AJ79: =IF(B79="","",R79+V79+Z79+AH79+N79+AD79) | AL79: =IF(AJ79="","",AJ79+AK79)
F80: =IF(E80="","",IF(E80="Oui",1,0)) | H80: =IF(G80="","",G80-AL80) | N80: =IF(L80="","",L80*M80) | R80: =IF(P80="","",Q80*P80) | V80: =IF(T80="","",U80*T80) | Z80: =IF(X80="","",Y80*X80) | AD80: =IF(AB80="","",AC80*AB80) | AH80: =IF(AF80="","",AG80*AF80) | AJ80: =IF(B80="","",R80+V80+Z80+AH80+N80+AD80) | AL80: =IF(AJ80="","",AJ80+AK80)
F81: =IF(E81="","",IF(E81="Oui",1,0)) | H81: =IF(G81="","",G81-AL81) | N81: =IF(L81="","",L81*M81) | R81: =IF(P81="","",Q81*P81) | V81: =IF(T81="","",U81*T81) | Z81: =IF(X81="","",Y81*X81) | AD81: =IF(AB81="","",AC81*AB81) | AH81: =IF(AF81="","",AG81*AF81) | AJ81: =IF(B81="","",R81+V81+Z81+AH81+N81+AD81) | AL81: =IF(AJ81="","",AJ81+AK81)
F82: =IF(E82="","",IF(E82="Oui",1,0)) | H82: =IF(G82="","",G82-AL82) | N82: =IF(L82="","",L82*M82) | R82: =IF(P82="","",Q82*P82) | V82: =IF(T82="","",U82*T82) | Z82: =IF(X82="","",Y82*X82) | AD82: =IF(AB82="","",AC82*AB82) | AH82: =IF(AF82="","",AG82*AF82) | AJ82: =IF(B82="","",R82+V82+Z82+AH82+N82+AD82) | AL82: =IF(AJ82="","",AJ82+AK82)
F83: =IF(E83="","",IF(E83="Oui",1,0)) | H83: =IF(G83="","",G83-AL83) | N83: =IF(L83="","",L83*M83) | R83: =IF(P83="","",Q83*P83) | V83: =IF(T83="","",U83*T83) | Z83: =IF(X83="","",Y83*X83) | AD83: =IF(AB83="","",AC83*AB83) | AH83: =IF(AF83="","",AG83*AF83) | AJ83: =IF(B83="","",R83+V83+Z83+AH83+N83+AD83) | AL83: =IF(AJ83="","",AJ83+AK83)
F84: =IF(E84="","",IF(E84="Oui",1,0)) | H84: =IF(G84="","",G84-AL84) | N84: =IF(L84="","",L84*M84) | R84: =IF(P84="","",Q84*P84) | V84: =IF(T84="","",U84*T84) | Z84: =IF(X84="","",Y84*X84) | AD84: =IF(AB84="","",AC84*AB84) | AH84: =IF(AF84="","",AG84*AF84) | AJ84: =IF(B84="","",R84+V84+Z84+AH84+N84+AD84) | AL84: =IF(AJ84="","",AJ84+AK84)
F85: =IF(E85="","",IF(E85="Oui",1,0)) | H85: =IF(G85="","",G85-AL85) | N85: =IF(L85="","",L85*M85) | R85: =IF(P85="","",Q85*P85) | V85: =IF(T85="","",U85*T85) | Z85: =IF(X85="","",Y85*X85) | AD85: =IF(AB85="","",AC85*AB85) | AH85: =IF(AF85="","",AG85*AF85) | AJ85: =IF(B85="","",R85+V85+Z85+AH85+N85+AD85) | AL85: =IF(AJ85="","",AJ85+AK85)
F86: =IF(E86="","",IF(E86="Oui",1,0)) | H86: =IF(G86="","",G86-AL86) | N86: =IF(L86="","",L86*M86) | R86: =IF(P86="","",Q86*P86) | V86: =IF(T86="","",U86*T86) | Z86: =IF(X86="","",Y86*X86) | AD86: =IF(AB86="","",AC86*AB86) | AH86: =IF(AF86="","",AG86*AF86) | AJ86: =IF(B86="","",R86+V86+Z86+AH86+N86+AD86) | AL86: =IF(AJ86="","",AJ86+AK86)
F87: =IF(E87="","",IF(E87="Oui",1,0)) | H87: =IF(G87="","",G87-AL87) | N87: =IF(L87="","",L87*M87) | R87: =IF(P87="","",Q87*P87) | V87: =IF(T87="","",U87*T87) | Z87: =IF(X87="","",Y87*X87) | AD87: =IF(AB87="","",AC87*AB87) | AH87: =IF(AF87="","",AG87*AF87) | AJ87: =IF(B87="","",R87+V87+Z87+AH87+N87+AD87) | AL87: =IF(AJ87="","",AJ87+AK87)
F88: =IF(E88="","",IF(E88="Oui",1,0)) | H88: =IF(G88="","",G88-AL88) | N88: =IF(L88="","",L88*M88) | R88: =IF(P88="","",Q88*P88) | V88: =IF(T88="","",U88*T88) | Z88: =IF(X88="","",Y88*X88) | AD88: =IF(AB88="","",AC88*AB88) | AH88: =IF(AF88="","",AG88*AF88) | AJ88: =IF(B88="","",R88+V88+Z88+AH88+N88+AD88) | AL88: =IF(AJ88="","",AJ88+AK88)
F89: =IF(E89="","",IF(E89="Oui",1,0)) | H89: =IF(G89="","",G89-AL89) | N89: =IF(L89="","",L89*M89) | R89: =IF(P89="","",Q89*P89) | V89: =IF(T89="","",U89*T89) | Z89: =IF(X89="","",Y89*X89) | AD89: =IF(AB89="","",AC89*AB89) | AH89: =IF(AF89="","",AG89*AF89) | AJ89: =IF(B89="","",R89+V89+Z89+AH89+N89+AD89) | AL89: =IF(AJ89="","",AJ89+AK89)
F90: =IF(E90="","",IF(E90="Oui",1,0)) | H90: =IF(G90="","",G90-AL90) | N90: =IF(L90="","",L90*M90) | R90: =IF(P90="","",Q90*P90) | V90: =IF(T90="","",U90*T90) | Z90: =IF(X90="","",Y90*X90) | AD90: =IF(AB90="","",AC90*AB90) | AH90: =IF(AF90="","",AG90*AF90) | AJ90: =IF(B90="","",R90+V90+Z90+AH90+N90+AD90) | AL90: =IF(AJ90="","",AJ90+AK90)
F91: =SUM(F78:F90) -> 0 | H91: =SUM(H78:H90) -> 0 | L91: =SUM(L78:L90) -> 0 | P91: =SUM(P78:P90) -> 0 | T91: =SUM(T78:T90) -> 0 | AL91: =SUM(AL78:AL90) -> 0
C92: Juin
F93: =IF(E93="","",IF(E93="Oui",1,0)) | H93: =IF(G93="","",G93-AL93) | N93: =IF(L93="","",L93*M93) | R93: =IF(P93="","",Q93*P93) | V93: =IF(T93="","",U93*T93) | Z93: =IF(X93="","",Y93*X93) | AD93: =IF(AB93="","",AC93*AB93) | AH93: =IF(AF93="","",AG93*AF93) | AJ93: =IF(B93="","",R93+V93+Z93+AH93+N93+AD93) | AL93: =IF(AJ93="","",AJ93+AK93)
F94: =IF(E94="","",IF(E94="Oui",1,0)) | H94: =IF(G94="","",G94-AL94) | N94: =IF(L94="","",L94*M94) | R94: =IF(P94="","",Q94*P94) | V94: =IF(T94="","",U94*T94) | Z94: =IF(X94="","",Y94*X94) | AD94: =IF(AB94="","",AC94*AB94) | AH94: =IF(AF94="","",AG94*AF94) | AJ94: =IF(B94="","",R94+V94+Z94+AH94+N94+AD94) | AL94: =IF(AJ94="","",AJ94+AK94)
F95: =IF(E95="","",IF(E95="Oui",1,0)) | H95: =IF(G95="","",G95-AL95) | N95: =IF(L95="","",L95*M95) | R95: =IF(P95="","",Q95*P95) | V95: =IF(T95="","",U95*T95) | Z95: =IF(X95="","",Y95*X95) | AD95: =IF(AB95="","",AC95*AB95) | AH95: =IF(AF95="","",AG95*AF95) | AJ95: =IF(B95="","",R95+V95+Z95+AH95+N95+AD95) | AL95: =IF(AJ95="","",AJ95+AK95)
F96: =IF(E96="","",IF(E96="Oui",1,0)) | H96: =IF(G96="","",G96-AL96) | N96: =IF(L96="","",L96*M96) | R96: =IF(P96="","",Q96*P96) | V96: =IF(T96="","",U96*T96) | Z96: =IF(X96="","",Y96*X96) | AD96: =IF(AB96="","",AC96*AB96) | AH96: =IF(AF96="","",AG96*AF96) | AJ96: =IF(B96="","",R96+V96+Z96+AH96+N96+AD96) | AL96: =IF(AJ96="","",AJ96+AK96)
F97: =IF(E97="","",IF(E97="Oui",1,0)) | H97: =IF(G97="","",G97-AL97) | N97: =IF(L97="","",L97*M97) | R97: =IF(P97="","",Q97*P97) | V97: =IF(T97="","",U97*T97) | Z97: =IF(X97="","",Y97*X97) | AD97: =IF(AB97="","",AC97*AB97) | AH97: =IF(AF97="","",AG97*AF97) | AJ97: =IF(B97="","",R97+V97+Z97+AH97+N97+AD97) | AL97: =IF(AJ97="","",AJ97+AK97)
F98: =IF(E98="","",IF(E98="Oui",1,0)) | H98: =IF(G98="","",G98-AL98) | N98: =IF(L98="","",L98*M98) | R98: =IF(P98="","",Q98*P98) | V98: =IF(T98="","",U98*T98) | Z98: =IF(X98="","",Y98*X98) | AD98: =IF(AB98="","",AC98*AB98) | AH98: =IF(AF98="","",AG98*AF98) | AJ98: =IF(B98="","",R98+V98+Z98+AH98+N98+AD98) | AL98: =IF(AJ98="","",AJ98+AK98)
F99: =IF(E99="","",IF(E99="Oui",1,0)) | H99: =IF(G99="","",G99-AL99) | N99: =IF(L99="","",L99*M99) | R99: =IF(P99="","",Q99*P99) | V99: =IF(T99="","",U99*T99) | Z99: =IF(X99="","",Y99*X99) | AD99: =IF(AB99="","",AC99*AB99) | AH99: =IF(AF99="","",AG99*AF99) | AJ99: =IF(B99="","",R99+V99+Z99+AH99+N99+AD99) | AL99: =IF(AJ99="","",AJ99+AK99)
F100: =IF(E100="","",IF(E100="Oui",1,0)) | H100: =IF(G100="","",G100-AL100) | N100: =IF(L100="","",L100*M100) | R100: =IF(P100="","",Q100*P100) | V100: =IF(T100="","",U100*T100) | Z100: =IF(X100="","",Y100*X100) | AD100: =IF(AB100="","",AC100*AB100) | AH100: =IF(AF100="","",AG100*AF100) | AJ100: =IF(B100="","",R100+V100+Z100+AH100+N100+AD100) | AL100: =IF(AJ100="","",AJ100+AK100)
F101: =IF(E101="","",IF(E101="Oui",1,0)) | H101: =IF(G101="","",G101-AL101) | N101: =IF(L101="","",L101*M101) | R101: =IF(P101="","",Q101*P101) | V101: =IF(T101="","",U101*T101) | Z101: =IF(X101="","",Y101*X101) | AD101: =IF(AB101="","",AC101*AB101) | AH101: =IF(AF101="","",AG101*AF101) | AJ101: =IF(B101="","",R101+V101+Z101+AH101+N101+AD101) | AL101: =IF(AJ101="","",AJ101+AK101)
F102: =IF(E102="","",IF(E102="Oui",1,0)) | H102: =IF(G102="","",G102-AL102) | N102: =IF(L102="","",L102*M102) | R102: =IF(P102="","",Q102*P102) | V102: =IF(T102="","",U102*T102) | Z102: =IF(X102="","",Y102*X102) | AD102: =IF(AB102="","",AC102*AB102) | AH102: =IF(AF102="","",AG102*AF102) | AJ102: =IF(B102="","",R102+V102+Z102+AH102+N102+AD102) | AL102: =IF(AJ102="","",AJ102+AK102)
F103: =IF(E103="","",IF(E103="Oui",1,0)) | H103: =IF(G103="","",G103-AL103) | N103: =IF(L103="","",L103*M103) | R103: =IF(P103="","",Q103*P103) | V103: =IF(T103="","",U103*T103) | Z103: =IF(X103="","",Y103*X103) | AD103: =IF(AB103="","",AC103*AB103) | AH103: =IF(AF103="","",AG103*AF103) | AJ103: =IF(B103="","",R103+V103+Z103+AH103+N103+AD103) | AL103: =IF(AJ103="","",AJ103+AK103)
F104: =IF(E104="","",IF(E104="Oui",1,0)) | H104: =IF(G104="","",G104-AL104) | N104: =IF(L104="","",L104*M104) | R104: =IF(P104="","",Q104*P104) | V104: =IF(T104="","",U104*T104) | Z104: =IF(X104="","",Y104*X104) | AD104: =IF(AB104="","",AC104*AB104) | AH104: =IF(AF104="","",AG104*AF104) | AJ104: =IF(B104="","",R104+V104+Z104+AH104+N104+AD104) | AL104: =IF(AJ104="","",AJ104+AK104)
F105: =SUM(F93:F104) -> 0 | H105: =SUM(H93:H99) -> 0 | L105: =SUM(L93:L104) -> 0 | P105: =SUM(P93:P104) -> 0 | T105: =SUM(T93:T104) -> 0 | AL105: =SUM(AL93:AL99) -> 0
C106: Juillet
F107: =IF(E107="","",IF(E107="Oui",1,0)) | H107: =IF(G107="","",G107-AL107) | N107: =IF(L107="","",L107*M107) | R107: =IF(P107="","",Q107*P107) | V107: =IF(T107="","",U107*T107) | Z107: =IF(X107="","",Y107*X107) | AD107: =IF(AB107="","",AC107*AB107) | AH107: =IF(AF107="","",AG107*AF107) | AJ107: =IF(B107="","",R107+V107+Z107+AH107+N107+AD107) | AL107: =IF(AJ107="","",AJ107+AK107)
F108: =IF(E108="","",IF(E108="Oui",1,0)) | H108: =IF(G108="","",G108-AL108) | N108: =IF(L108="","",L108*M108) | R108: =IF(P108="","",Q108*P108) | V108: =IF(T108="","",U108*T108) | Z108: =IF(X108="","",Y108*X108) | AD108: =IF(AB108="","",AC108*AB108) | AH108: =IF(AF108="","",AG108*AF108) | AJ108: =IF(B108="","",R108+V108+Z108+AH108+N108+AD108) | AL108: =IF(AJ108="","",AJ108+AK108)
F109: =IF(E109="","",IF(E109="Oui",1,0)) | H109: =IF(G109="","",G109-AL109) | N109: =IF(L109="","",L109*M109) | R109: =IF(P109="","",Q109*P109) | V109: =IF(T109="","",U109*T109) | Z109: =IF(X109="","",Y109*X109) | AD109: =IF(AB109="","",AC109*AB109) | AH109: =IF(AF109="","",AG109*AF109) | AJ109: =IF(B109="","",R109+V109+Z109+AH109+N109+AD109) | AL109: =IF(AJ109="","",AJ109+AK109)
F110: =IF(E110="","",IF(E110="Oui",1,0)) | H110: =IF(G110="","",G110-AL110) | N110: =IF(L110="","",L110*M110) | R110: =IF(P110="","",Q110*P110) | V110: =IF(T110="","",U110*T110) | Z110: =IF(X110="","",Y110*X110) | AD110: =IF(AB110="","",AC110*AB110) | AH110: =IF(AF110="","",AG110*AF110) | AJ110: =IF(B110="","",R110+V110+Z110+AH110+N110+AD110) | AL110: =IF(AJ110="","",AJ110+AK110)
...

Sheet Suivi - vente - Gaz - Prix ORYX
S6: Suivi - Général - Vente - Gaz - Autres - 2018
A7: (Monnaie : Franc CFA)
D10: 6 KG | K10: 12,5 KG | R10: AUTRES | Z10: TOTAL | AA10: TOTAL MARGE | AB10: Totaux Mensuels
A11: Dates | B11: Nos. | D11: Quantité | E11: Prix | F11: Montant | G11: Prix achat | H11: Montant | I11: Marge | K11: Quantité | L11: Prix | M11: Montant | N11: Prix achat | O11: Montant | P11: Marge | R11: Quantité | S11: Désignation | T11: Prix | U11: Montant | V11: Prix achat | W11: Montant | X11: Marge | AE11: Mois | AF11: Nos. | AG11: Montant
AK12: SUIVI MARGE
D13: Janvier | AE13: Janvier | AF13: 1 | AG13: =venja -> 0 | AJ13: Mois | AK13: Nos. | AL13: Montant
F14: =IF(D14="","",D14*E14) | H14: =IF(A14="","",G14*D14) | I14: =IF(A14="","",F14-H14) | M14: =IF(K14="","",K14*L14) | O14: =IF(A14="","",N14*K14) | P14: =IF(A14="","",M14-O14) | U14: =IF(R14="","",R14*T14) | W14: =IF(R14="","",V14*R14) | X14: =IF(A14="","",U14-W14) | Z14: =IF(F14="","",F14+M14+U14) | AA14: =IF(A14="","",I14+P14+X14) | AE14: Février | AF14: =AF13+1 -> 2 | AG14: =venfe -> 0
F15: =IF(D15="","",D15*E15) | H15: =IF(A15="","",G15*D15) | I15: =IF(A15="","",F15-H15) | M15: =IF(K15="","",K15*L15) | O15: =IF(A15="","",N15*K15) | P15: =IF(A15="","",M15-O15) | U15: =IF(R15="","",R15*T15) | W15: =IF(R15="","",V15*R15) | X15: =IF(A15="","",U15-W15) | Z15: =IF(F15="","",F15+M15+U15) | AA15: =IF(A15="","",I15+P15+X15) | AE15: Mars | AF15: =AF14+1 -> 3 | AG15: =venma -> 0
F16: =IF(D16="","",D16*E16) | H16: =IF(A16="","",G16*D16) | I16: =IF(A16="","",F16-H16) | M16: =IF(K16="","",K16*L16) | O16: =IF(A16="","",N16*K16) | P16: =IF(A16="","",M16-O16) | U16: =IF(R16="","",R16*T16) | W16: =IF(R16="","",V16*R16) | X16: =IF(A16="","",U16-W16) | Z16: =IF(F16="","",F16+M16+U16) | AA16: =IF(A16="","",I16+P16+X16) | AE16: Avril | AF16: =AF15+1 -> 4 | AG16: =venav -> 0 | AJ16: Janvier | AK16: 1 | AL16: =TOMAGJ -> 0
F17: =IF(D17="","",D17*E17) | H17: =IF(A17="","",G17*D17) | I17: =IF(A17="","",F17-H17) | M17: =IF(K17="","",K17*L17) | O17: =IF(A17="","",N17*K17) | P17: =IF(A17="","",M17-O17) | U17: =IF(R17="","",R17*T17) | W17: =IF(R17="","",V17*R17) | X17: =IF(A17="","",U17-W17) | Z17: =IF(F17="","",F17+M17+U17) | AA17: =IF(A17="","",I17+P17+X17) | AE17: Mai | AF17: =AF16+1 -> 5 | AG17: =venmai -> 0 | AJ17: Février | AK17: =AK16+1 -> 2 | AL17: =TOMAGF -> 0
F18: =IF(D18="","",D18*E18) | H18: =IF(A18="","",G18*D18) | I18: =IF(A18="","",F18-H18) | M18: =IF(K18="","",K18*L18) | O18: =IF(A18="","",N18*K18) | P18: =IF(A18="","",M18-O18) | U18: =IF(R18="","",R18*T18) | W18: =IF(R18="","",V18*R18) | X18: =IF(A18="","",U18-W18) | Z18: =IF(F18="","",F18+M18+U18) | AA18: =IF(A18="","",I18+P18+X18) | AE18: Juin | AF18: =AF17+1 -> 6 | AG18: =venju -> 0 | AJ18: Mars | AK18: =AK17+1 -> 3 | AL18: =TOMAGM -> 0
F19: =IF(D19="","",D19*E19) | H19: =IF(A19="","",G19*D19) | I19: =IF(A19="","",F19-H19) | M19: =IF(K19="","",K19*L19) | O19: =IF(A19="","",N19*K19) | P19: =IF(A19="","",M19-O19) | U19: =IF(R19="","",R19*T19) | W19: =IF(R19="","",V19*R19) | X19: =IF(A19="","",U19-W19) | Z19: =IF(F19="","",F19+M19+U19) | AA19: =IF(A19="","",I19+P19+X19) | AE19: Juillet | AF19: =AF18+1 -> 7 | AG19: =venjui -> 0 | AJ19: Avril | AK19: =AK18+1 -> 4 | AL19: =TOMAGA -> 0
F20: =IF(D20="","",D20*E20) | H20: =IF(A20="","",G20*D20) | I20: =IF(A20="","",F20-H20) | M20: =IF(K20="","",K20*L20) | O20: =IF(A20="","",N20*K20) | P20: =IF(A20="","",M20-O20) | U20: =IF(R20="","",R20*T20) | W20: =IF(R20="","",V20*R20) | X20: =IF(A20="","",U20-W20) | Z20: =IF(F20="","",F20+M20+U20) | AA20: =IF(A20="","",I20+P20+X20) | AE20: Août | AF20: =AF19+1 -> 8 | AG20: =venao -> 0 | AJ20: Mai | AK20: =AK19+1 -> 5 | AL20: =TOMAGMA -> 0
F21: =IF(D21="","",D21*E21) | H21: =IF(A21="","",G21*D21) | I21: =IF(A21="","",F21-H21) | M21: =IF(K21="","",K21*L21) | O21: =IF(A21="","",N21*K21) | P21: =IF(A21="","",M21-O21) | U21: =IF(R21="","",R21*T21) | W21: =IF(R21="","",V21*R21) | X21: =IF(A21="","",U21-W21) | Z21: =IF(F21="","",F21+M21+U21) | AA21: =IF(A21="","",I21+P21+X21) | AE21: Septembre | AF21: =AF20+1 -> 9 | AJ21: Juin | AK21: =AK20+1 -> 6 | AL21: =TOMAGJU -> 0
F22: =IF(D22="","",D22*E22) | H22: =IF(A22="","",G22*D22) | I22: =IF(A22="","",F22-H22) | M22: =IF(K22="","",K22*L22) | O22: =IF(A22="","",N22*K22) | P22: =IF(A22="","",M22-O22) | U22: =IF(R22="","",R22*T22) | W22: =IF(R22="","",V22*R22) | X22: =IF(A22="","",U22-W22) | Z22: =IF(F22="","",F22+M22+U22) | AA22: =IF(A22="","",I22+P22+X22) | AE22: Octobre | AF22: =AF21+1 -> 10 | AG22: =venoc -> 688365 | AJ22: Juillet | AK22: =AK21+1 -> 7 | AL22: =TOMAGJUI -> 0
F23: =IF(D23="","",D23*E23) | H23: =IF(A23="","",G23*D23) | I23: =IF(A23="","",F23-H23) | M23: =IF(K23="","",K23*L23) | O23: =IF(A23="","",N23*K23) | P23: =IF(A23="","",M23-O23) | U23: =IF(R23="","",R23*T23) | W23: =IF(R23="","",V23*R23) | X23: =IF(A23="","",U23-W23) | Z23: =IF(F23="","",F23+M23+U23) | AA23: =IF(A23="","",I23+P23+X23) | AE23: Novembre | AF23: 11 | AG23: =vennov -> 0 | AJ23: Août | AK23: =AK22+1 -> 8 | AL23: =TOMAGAO -> 0
F24: =IF(D24="","",D24*E24) | H24: =IF(A24="","",G24*D24) | I24: =IF(A24="","",F24-H24) | M24: =IF(K24="","",K24*L24) | O24: =IF(A24="","",N24*K24) | P24: =IF(A24="","",M24-O24) | U24: =IF(R24="","",R24*T24) | W24: =IF(R24="","",V24*R24) | X24: =IF(A24="","",U24-W24) | Z24: =IF(F24="","",F24+M24+U24) | AA24: =IF(A24="","",I24+P24+X24) | AE24: Décembre | AF24: 12 | AG24: =vendec -> 0 | AJ24: Septembre | AK24: =AK23+1 -> 9 | AL24: =TOMAGSE -> 0
D25: =SUM(D14:D24) -> 0 | H25: =IF(A25="","",G25*D25) | I25: =SUM(I14:I24) -> 0 | K25: =SUM(K14:K24) -> 0 | O25: =IF(A25="","",N25*K25) | P25: =SUM(P14:P24) -> 0 | W25: =IF(R25="","",V25*R25) | X25: =SUM(X14:X24) -> 0 | Z25: =SUM(Z14:Z24) -> 0 | AA25: =SUM(AA14:AA24) -> 0 | AB25: =Z25 -> 0 | AE25: Total | AG25: =SUM(AG13:AG24) -> 688365 | AJ25: Octobre | AK25: =AK24+1 -> 10 | AL25: =TOMAGOC -> 33020
D26: Février | H26: =IF(A26="","",G26*D26) | O26: =IF(A26="","",N26*K26) | W26: =IF(R26="","",V26*R26) | AJ26: Novembre | AK26: =AK25+1 -> 11 | AL26: =TOMAGNO -> 0
F27: =IF(D27="","",D27*E27) | H27: =IF(A27="","",G27*D27) | I27: =IF(A27="","",F27-H27) | M27: =IF(K27="","",K27*L27) | O27: =IF(A27="","",N27*K27) | P27: =IF(A27="","",M27-O27) | U27: =IF(R27="","",R27*T27) | W27: =IF(R27="","",V27*R27) | X27: =IF(A27="","",U27-W27) | Z27: =IF(F27="","",F27+M27+U27) | AA27: =IF(A27="","",I27+P27+X27) | AJ27: Décembre | AK27: 12 | AL27: =TOMAGDEC -> 0
F28: =IF(D28="","",D28*E28) | H28: =IF(A28="","",G28*D28) | I28: =IF(A28="","",F28-H28) | M28: =IF(K28="","",K28*L28) | O28: =IF(A28="","",N28*K28) | P28: =IF(A28="","",M28-O28) | U28: =IF(R28="","",R28*T28) | W28: =IF(R28="","",V28*R28) | X28: =IF(A28="","",U28-W28) | Z28: =IF(F28="","",F28+M28+U28) | AA28: =IF(A28="","",I28+P28+X28) | AJ28: Total | AL28: =SUM(AL16:AL27) -> 33020
F29: =IF(D29="","",D29*E29) | H29: =IF(A29="","",G29*D29) | I29: =IF(A29="","",F29-H29) | M29: =IF(K29="","",K29*L29) | O29: =IF(A29="","",N29*K29) | P29: =IF(A29="","",M29-O29) | U29: =IF(R29="","",R29*T29) | W29: =IF(R29="","",V29*R29) | X29: =IF(A29="","",U29-W29) | Z29: =IF(F29="","",F29+M29+U29) | AA29: =IF(A29="","",I29+P29+X29)
F30: =IF(D30="","",D30*E30) | H30: =IF(A30="","",G30*D30) | I30: =IF(A30="","",F30-H30) | M30: =IF(K30="","",K30*L30) | O30: =IF(A30="","",N30*K30) | P30: =IF(A30="","",M30-O30) | U30: =IF(R30="","",R30*T30) | W30: =IF(R30="","",V30*R30) | X30: =IF(A30="","",U30-W30) | Z30: =IF(F30="","",F30+M30+U30) | AA30: =IF(A30="","",I30+P30+X30)
F31: =IF(D31="","",D31*E31) | H31: =IF(A31="","",G31*D31) | I31: =IF(A31="","",F31-H31) | M31: =IF(K31="","",K31*L31) | O31: =IF(A31="","",N31*K31) | P31: =IF(A31="","",M31-O31) | U31: =IF(R31="","",R31*T31) | W31: =IF(R31="","",V31*R31) | X31: =IF(A31="","",U31-W31) | Z31: =IF(F31="","",F31+M31+U31) | AA31: =IF(A31="","",I31+P31+X31)
F32: =IF(D32="","",D32*E32) | H32: =IF(A32="","",G32*D32) | I32: =IF(A32="","",F32-H32) | M32: =IF(K32="","",K32*L32) | O32: =IF(A32="","",N32*K32) | P32: =IF(A32="","",M32-O32) | U32: =IF(R32="","",R32*T32) | W32: =IF(R32="","",V32*R32) | X32: =IF(A32="","",U32-W32) | Z32: =IF(F32="","",F32+M32+U32) | AA32: =IF(A32="","",I32+P32+X32)
F33: =IF(D33="","",D33*E33) | H33: =IF(A33="","",G33*D33) | I33: =IF(A33="","",F33-H33) | M33: =IF(K33="","",K33*L33) | O33: =IF(A33="","",N33*K33) | P33: =IF(A33="","",M33-O33) | U33: =IF(R33="","",R33*T33) | W33: =IF(R33="","",V33*R33) | X33: =IF(A33="","",U33-W33) | Z33: =IF(F33="","",F33+M33+U33) | AA33: =IF(A33="","",I33+P33+X33)
F34: =IF(D34="","",D34*E34) | H34: =IF(A34="","",G34*D34) | I34: =IF(A34="","",F34-H34) | M34: =IF(K34="","",K34*L34) | O34: =IF(A34="","",N34*K34) | P34: =IF(A34="","",M34-O34) | U34: =IF(R34="","",R34*T34) | W34: =IF(R34="","",V34*R34) | X34: =IF(A34="","",U34-W34) | Z34: =IF(F34="","",F34+M34+U34) | AA34: =IF(A34="","",I34+P34+X34)
F35: =IF(D35="","",D35*E35) | H35: =IF(A35="","",G35*D35) | I35: =IF(A35="","",F35-H35) | M35: =IF(K35="","",K35*L35) | O35: =IF(A35="","",N35*K35) | P35: =IF(A35="","",M35-O35) | U35: =IF(R35="","",R35*T35) | W35: =IF(R35="","",V35*R35) | X35: =IF(A35="","",U35-W35) | Z35: =IF(F35="","",F35+M35+U35) | AA35: =IF(A35="","",I35+P35+X35)
F36: =IF(D36="","",D36*E36) | H36: =IF(A36="","",G36*D36) | I36: =IF(A36="","",F36-H36) | M36: =IF(K36="","",K36*L36) | O36: =IF(A36="","",N36*K36) | P36: =IF(A36="","",M36-O36) | U36: =IF(R36="","",R36*T36) | W36: =IF(R36="","",V36*R36) | X36: =IF(A36="","",U36-W36) | Z36: =IF(F36="","",F36+M36+U36) | AA36: =IF(A36="","",I36+P36+X36)
F37: =IF(D37="","",D37*E37) | H37: =IF(A37="","",G37*D37) | I37: =IF(A37="","",F37-H37) | M37: =IF(K37="","",K37*L37) | O37: =IF(A37="","",N37*K37) | P37: =IF(A37="","",M37-O37) | U37: =IF(R37="","",R37*T37) | W37: =IF(R37="","",V37*R37) | X37: =IF(A37="","",U37-W37) | Z37: =IF(F37="","",F37+M37+U37) | AA37: =IF(A37="","",I37+P37+X37)
D38: =SUM(D27:D37) -> 0 | H38: =IF(A38="","",G38*D38) | I38: =SUM(I27:I37) -> 0 | K38: =SUM(K27:K37) -> 0 | O38: =IF(A38="","",N38*K38) | P38: =SUM(P27:P37) -> 0 | W38: =IF(R38="","",V38*R38) | X38: =SUM(X27:X37) -> 0 | Z38: =SUM(Z27:Z37) -> 0 | AA38: =SUM(AA27:AA37) -> 0 | AB38: =Z38 -> 0
D39: Mars | H39: =IF(A39="","",G39*D39) | O39: =IF(A39="","",N39*K39) | W39: =IF(R39="","",V39*R39)
F40: =IF(D40="","",D40*E40) | H40: =IF(A40="","",G40*D40) | I40: =IF(A40="","",F40-H40) | M40: =IF(K40="","",K40*L40) | O40: =IF(A40="","",N40*K40) | P40: =IF(A40="","",M40-O40) | U40: =IF(R40="","",R40*T40) | W40: =IF(R40="","",V40*R40) | X40: =IF(A40="","",U40-W40) | Z40: =IF(F40="","",F40+M40+U40) | AA40: =IF(A40="","",I40+P40+X40)
F41: =IF(D41="","",D41*E41) | H41: =IF(A41="","",G41*D41) | I41: =IF(A41="","",F41-H41) | M41: =IF(K41="","",K41*L41) | O41: =IF(A41="","",N41*K41) | P41: =IF(A41="","",M41-O41) | U41: =IF(R41="","",R41*T41) | W41: =IF(R41="","",V41*R41) | X41: =IF(A41="","",U41-W41) | Z41: =IF(F41="","",F41+M41+U41) | AA41: =IF(A41="","",I41+P41+X41)
F42: =IF(D42="","",D42*E42) | H42: =IF(A42="","",G42*D42) | I42: =IF(A42="","",F42-H42) | M42: =IF(K42="","",K42*L42) | O42: =IF(A42="","",N42*K42) | P42: =IF(A42="","",M42-O42) | U42: =IF(R42="","",R42*T42) | W42: =IF(R42="","",V42*R42) | X42: =IF(A42="","",U42-W42) | Z42: =IF(F42="","",F42+M42+U42) | AA42: =IF(A42="","",I42+P42+X42)
F43: =IF(D43="","",D43*E43) | H43: =IF(A43="","",G43*D43) | I43: =IF(A43="","",F43-H43) | M43: =IF(K43="","",K43*L43) | O43: =IF(A43="","",N43*K43) | P43: =IF(A43="","",M43-O43) | U43: =IF(R43="","",R43*T43) | W43: =IF(R43="","",V43*R43) | X43: =IF(A43="","",U43-W43) | Z43: =IF(F43="","",F43+M43+U43) | AA43: =IF(A43="","",I43+P43+X43)
F44: =IF(D44="","",D44*E44) | H44: =IF(A44="","",G44*D44) | I44: =IF(A44="","",F44-H44) | M44: =IF(K44="","",K44*L44) | O44: =IF(A44="","",N44*K44) | P44: =IF(A44="","",M44-O44) | U44: =IF(R44="","",R44*T44) | W44: =IF(R44="","",V44*R44) | X44: =IF(A44="","",U44-W44) | Z44: =IF(F44="","",F44+M44+U44) | AA44: =IF(A44="","",I44+P44+X44)
F45: =IF(D45="","",D45*E45) | H45: =IF(A45="","",G45*D45) | I45: =IF(A45="","",F45-H45) | M45: =IF(K45="","",K45*L45) | O45: =IF(A45="","",N45*K45) | P45: =IF(A45="","",M45-O45) | U45: =IF(R45="","",R45*T45) | W45: =IF(R45="","",V45*R45) | X45: =IF(A45="","",U45-W45) | Z45: =IF(F45="","",F45+M45+U45) | AA45: =IF(A45="","",I45+P45+X45)
F46: =IF(D46="","",D46*E46) | H46: =IF(A46="","",G46*D46) | I46: =IF(A46="","",F46-H46) | M46: =IF(K46="","",K46*L46) | O46: =IF(A46="","",N46*K46) | P46: =IF(A46="","",M46-O46) | U46: =IF(R46="","",R46*T46) | W46: =IF(R46="","",V46*R46) | X46: =IF(A46="","",U46-W46) | Z46: =IF(F46="","",F46+M46+U46) | AA46: =IF(A46="","",I46+P46+X46)
F47: =IF(D47="","",D47*E47) | H47: =IF(A47="","",G47*D47) | I47: =IF(A47="","",F47-H47) | M47: =IF(K47="","",K47*L47) | O47: =IF(A47="","",N47*K47) | P47: =IF(A47="","",M47-O47) | U47: =IF(R47="","",R47*T47) | W47: =IF(R47="","",V47*R47) | X47: =IF(A47="","",U47-W47) | Z47: =IF(F47="","",F47+M47+U47) | AA47: =IF(A47="","",I47+P47+X47)
F48: =IF(D48="","",D48*E48) | H48: =IF(A48="","",G48*D48) | I48: =IF(A48="","",F48-H48) | M48: =IF(K48="","",K48*L48) | O48: =IF(A48="","",N48*K48) | P48: =IF(A48="","",M48-O48) | U48: =IF(R48="","",R48*T48) | W48: =IF(R48="","",V48*R48) | X48: =IF(A48="","",U48-W48) | Z48: =IF(F48="","",F48+M48+U48) | AA48: =IF(A48="","",I48+P48+X48)
F49: =IF(D49="","",D49*E49) | H49: =IF(A49="","",G49*D49) | I49: =IF(A49="","",F49-H49) | M49: =IF(K49="","",K49*L49) | O49: =IF(A49="","",N49*K49) | P49: =IF(A49="","",M49-O49) | U49: =IF(R49="","",R49*T49) | W49: =IF(R49="","",V49*R49) | X49: =IF(A49="","",U49-W49) | Z49: =IF(F49="","",F49+M49+U49) | AA49: =IF(A49="","",I49+P49+X49)
F50: =IF(D50="","",D50*E50) | H50: =IF(A50="","",G50*D50) | I50: =IF(A50="","",F50-H50) | M50: =IF(K50="","",K50*L50) | O50: =IF(A50="","",N50*K50) | P50: =IF(A50="","",M50-O50) | U50: =IF(R50="","",R50*T50) | W50: =IF(R50="","",V50*R50) | X50: =IF(A50="","",U50-W50) | Z50: =IF(F50="","",F50+M50+U50) | AA50: =IF(A50="","",I50+P50+X50)
F51: =IF(D51="","",D51*E51) | H51: =IF(A51="","",G51*D51) | I51: =IF(A51="","",F51-H51) | M51: =IF(K51="","",K51*L51) | O51: =IF(A51="","",N51*K51) | P51: =IF(A51="","",M51-O51) | U51: =IF(R51="","",R51*T51) | W51: =IF(R51="","",V51*R51) | X51: =IF(A51="","",U51-W51) | Z51: =IF(F51="","",F51+M51+U51) | AA51: =IF(A51="","",I51+P51+X51)
F52: =IF(D52="","",D52*E52) | H52: =IF(A52="","",G52*D52) | I52: =IF(A52="","",F52-H52) | M52: =IF(K52="","",K52*L52) | O52: =IF(A52="","",N52*K52) | P52: =IF(A52="","",M52-O52) | U52: =IF(R52="","",R52*T52) | W52: =IF(R52="","",V52*R52) | X52: =IF(A52="","",U52-W52) | Z52: =IF(F52="","",F52+M52+U52) | AA52: =IF(A52="","",I52+P52+X52)
D53: =SUM(D40:D52) -> 0 | H53: =IF(A53="","",G53*D53) | I53: =SUM(I40:I52) -> 0 | K53: =SUM(K40:K52) -> 0 | O53: =IF(A53="","",N53*K53) | P53: =SUM(P40:P52) -> 0 | W53: =IF(R53="","",V53*R53) | X53: =SUM(X40:X52) -> 0 | Z53: =SUM(Z40:Z52) -> 0 | AA53: =SUM(AA40:AA52) -> 0 | AB53: =Z53 -> 0
D54: Avril | H54: =IF(A54="","",G54*D54) | O54: =IF(A54="","",N54*K54) | W54: =IF(R54="","",V54*R54)
F55: =IF(D55="","",D55*E55) | H55: =IF(A55="","",G55*D55) | I55: =IF(A55="","",F55-H55) | M55: =IF(K55="","",K55*L55) | O55: =IF(A55="","",N55*K55) | P55: =IF(A55="","",M55-O55) | U55: =IF(R55="","",R55*T55) | W55: =IF(R55="","",V55*R55) | X55: =IF(A55="","",U55-W55) | Z55: =IF(F55="","",F55+M55+U55) | AA55: =IF(A55="","",I55+P55+X55)
F56: =IF(D56="","",D56*E56) | H56: =IF(A56="","",G56*D56) | I56: =IF(A56="","",F56-H56) | M56: =IF(K56="","",K56*L56) | O56: =IF(A56="","",N56*K56) | P56: =IF(A56="","",M56-O56) | U56: =IF(R56="","",R56*T56) | W56: =IF(R56="","",V56*R56) | X56: =IF(A56="","",U56-W56) | Z56: =IF(F56="","",F56+M56+U56) | AA56: =IF(A56="","",I56+P56+X56)
F57: =IF(D57="","",D57*E57) | H57: =IF(A57="","",G57*D57) | I57: =IF(A57="","",F57-H57) | M57: =IF(K57="","",K57*L57) | O57: =IF(A57="","",N57*K57) | P57: =IF(A57="","",M57-O57) | U57: =IF(R57="","",R57*T57) | W57: =IF(R57="","",V57*R57) | X57: =IF(A57="","",U57-W57) | Z57: =IF(F57="","",F57+M57+U57) | AA57: =IF(A57="","",I57+P57+X57)
F58: =IF(D58="","",D58*E58) | H58: =IF(A58="","",G58*D58) | I58: =IF(A58="","",F58-H58) | M58: =IF(K58="","",K58*L58) | O58: =IF(A58="","",N58*K58) | P58: =IF(A58="","",M58-O58) | U58: =IF(R58="","",R58*T58) | W58: =IF(R58="","",V58*R58) | X58: =IF(A58="","",U58-W58) | Z58: =IF(F58="","",F58+M58+U58) | AA58: =IF(A58="","",I58+P58+X58)
F59: =IF(D59="","",D59*E59) | H59: =IF(A59="","",G59*D59) | I59: =IF(A59="","",F59-H59) | M59: =IF(K59="","",K59*L59) | O59: =IF(A59="","",N59*K59) | P59: =IF(A59="","",M59-O59) | U59: =IF(R59="","",R59*T59) | W59: =IF(R59="","",V59*R59) | X59: =IF(A59="","",U59-W59) | Z59: =IF(F59="","",F59+M59+U59) | AA59: =IF(A59="","",I59+P59+X59)
F60: =IF(D60="","",D60*E60) | H60: =IF(A60="","",G60*D60) | I60: =IF(A60="","",F60-H60) | M60: =IF(K60="","",K60*L60) | O60: =IF(A60="","",N60*K60) | P60: =IF(A60="","",M60-O60) | U60: =IF(R60="","",R60*T60) | W60: =IF(R60="","",V60*R60) | X60: =IF(A60="","",U60-W60) | Z60: =IF(F60="","",F60+M60+U60) | AA60: =IF(A60="","",I60+P60+X60)
F61: =IF(D61="","",D61*E61) | H61: =IF(A61="","",G61*D61) | I61: =IF(A61="","",F61-H61) | M61: =IF(K61="","",K61*L61) | O61: =IF(A61="","",N61*K61) | P61: =IF(A61="","",M61-O61) | U61: =IF(R61="","",R61*T61) | W61: =IF(R61="","",V61*R61) | X61: =IF(A61="","",U61-W61) | Z61: =IF(F61="","",F61+M61+U61) | AA61: =IF(A61="","",I61+P61+X61)
F62: =IF(D62="","",D62*E62) | H62: =IF(A62="","",G62*D62) | I62: =IF(A62="","",F62-H62) | M62: =IF(K62="","",K62*L62) | O62: =IF(A62="","",N62*K62) | P62: =IF(A62="","",M62-O62) | U62: =IF(R62="","",R62*T62) | W62: =IF(R62="","",V62*R62) | X62: =IF(A62="","",U62-W62) | Z62: =IF(F62="","",F62+M62+U62) | AA62: =IF(A62="","",I62+P62+X62)
F63: =IF(D63="","",D63*E63) | H63: =IF(A63="","",G63*D63) | I63: =IF(A63="","",F63-H63) | M63: =IF(K63="","",K63*L63) | O63: =IF(A63="","",N63*K63) | P63: =IF(A63="","",M63-O63) | U63: =IF(R63="","",R63*T63) | W63: =IF(R63="","",V63*R63) | X63: =IF(A63="","",U63-W63) | Z63: =IF(F63="","",F63+M63+U63) | AA63: =IF(A63="","",I63+P63+X63)
F64: =IF(D64="","",D64*E64) | H64: =IF(A64="","",G64*D64) | I64: =IF(A64="","",F64-H64) | M64: =IF(K64="","",K64*L64) | O64: =IF(A64="","",N64*K64) | P64: =IF(A64="","",M64-O64) | U64: =IF(R64="","",R64*T64) | W64: =IF(R64="","",V64*R64) | X64: =IF(A64="","",U64-W64) | Z64: =IF(F64="","",F64+M64+U64) | AA64: =IF(A64="","",I64+P64+X64)
F65: =IF(D65="","",D65*E65) | H65: =IF(A65="","",G65*D65) | I65: =IF(A65="","",F65-H65) | M65: =IF(K65="","",K65*L65) | O65: =IF(A65="","",N65*K65) | P65: =IF(A65="","",M65-O65) | U65: =IF(R65="","",R65*T65) | W65: =IF(R65="","",V65*R65) | X65: =IF(A65="","",U65-W65) | Z65: =IF(F65="","",F65+M65+U65) | AA65: =IF(A65="","",I65+P65+X65)
F66: =IF(D66="","",D66*E66) | H66: =IF(A66="","",G66*D66) | I66: =IF(A66="","",F66-H66) | M66: =IF(K66="","",K66*L66) | O66: =IF(A66="","",N66*K66) | P66: =IF(A66="","",M66-O66) | U66: =IF(R66="","",R66*T66) | W66: =IF(R66="","",V66*R66) | X66: =IF(A66="","",U66-W66) | Z66: =IF(F66="","",F66+M66+U66) | AA66: =IF(A66="","",I66+P66+X66)
F67: =IF(D67="","",D67*E67) | H67: =IF(A67="","",G67*D67) | I67: =IF(A67="","",F67-H67) | M67: =IF(K67="","",K67*L67) | O67: =IF(A67="","",N67*K67) | P67: =IF(A67="","",M67-O67) | U67: =IF(R67="","",R67*T67) | W67: =IF(R67="","",V67*R67) | X67: =IF(A67="","",U67-W67) | Z67: =IF(F67="","",F67+M67+U67) | AA67: =IF(A67="","",I67+P67+X67)
D68: =SUM(D55:D67) -> 0 | H68: =IF(A68="","",G68*D68) | I68: =SUM(I55:I67) -> 0 | K68: =SUM(K55:K67) -> 0 | O68: =IF(A68="","",N68*K68) | P68: =SUM(P55:P67) -> 0 | W68: =IF(R68="","",V68*R68) | X68: =SUM(X55:X67) -> 0 | Z68: =SUM(Z55:Z67) -> 0 | AA68: =SUM(AA40:AA52) -> 0 | AB68: =Z68 -> 0
D69: Mai | H69: =IF(A69="","",G69*D69) | O69: =IF(A69="","",N69*K69) | W69: =IF(R69="","",V69*R69)
F70: =IF(D70="","",D70*E70) | H70: =IF(A70="","",G70*D70) | I70: =IF(A70="","",F70-H70) | M70: =IF(K70="","",K70*L70) | O70: =IF(A70="","",N70*K70) | P70: =IF(A70="","",M70-O70) | U70: =IF(R70="","",R70*T70) | W70: =IF(R70="","",V70*R70) | X70: =IF(A70="","",U70-W70) | Z70: =IF(F70="","",F70+M70+U70) | AA70: =IF(A70="","",I70+P70+X70)
F71: =IF(D71="","",D71*E71) | H71: =IF(A71="","",G71*D71) | I71: =IF(A71="","",F71-H71) | M71: =IF(K71="","",K71*L71) | O71: =IF(A71="","",N71*K71) | P71: =IF(A71="","",M71-O71) | U71: =IF(R71="","",R71*T71) | W71: =IF(R71="","",V71*R71) | X71: =IF(A71="","",U71-W71) | Z71: =IF(F71="","",F71+M71+U71) | AA71: =IF(A71="","",I71+P71+X71)
F72: =IF(D72="","",D72*E72) | H72: =IF(A72="","",G72*D72) | I72: =IF(A72="","",F72-H72) | M72: =IF(K72="","",K72*L72) | O72: =IF(A72="","",N72*K72) | P72: =IF(A72="","",M72-O72) | U72: =IF(R72="","",R72*T72) | W72: =IF(R72="","",V72*R72) | X72: =IF(A72="","",U72-W72) | Z72: =IF(F72="","",F72+M72+U72) | AA72: =IF(A72="","",I72+P72+X72)
F73: =IF(D73="","",D73*E73) | H73: =IF(A73="","",G73*D73) | I73: =IF(A73="","",F73-H73) | M73: =IF(K73="","",K73*L73) | O73: =IF(A73="","",N73*K73) | P73: =IF(A73="","",M73-O73) | U73: =IF(R73="","",R73*T73) | W73: =IF(R73="","",V73*R73) | X73: =IF(A73="","",U73-W73) | Z73: =IF(F73="","",F73+M73+U73) | AA73: =IF(A73="","",I73+P73+X73)
F74: =IF(D74="","",D74*E74) | H74: =IF(A74="","",G74*D74) | I74: =IF(A74="","",F74-H74) | M74: =IF(K74="","",K74*L74) | O74: =IF(A74="","",N74*K74) | P74: =IF(A74="","",M74-O74) | U74: =IF(R74="","",R74*T74) | W74: =IF(R74="","",V74*R74) | X74: =IF(A74="","",U74-W74) | Z74: =IF(F74="","",F74+M74+U74) | AA74: =IF(A74="","",I74+P74+X74)
F75: =IF(D75="","",D75*E75) | H75: =IF(A75="","",G75*D75) | I75: =IF(A75="","",F75-H75) | M75: =IF(K75="","",K75*L75) | O75: =IF(A75="","",N75*K75) | P75: =IF(A75="","",M75-O75) | U75: =IF(R75="","",R75*T75) | W75: =IF(R75="","",V75*R75) | X75: =IF(A75="","",U75-W75) | Z75: =IF(F75="","",F75+M75+U75) | AA75: =IF(A75="","",I75+P75+X75)
F76: =IF(D76="","",D76*E76) | H76: =IF(A76="","",G76*D76) | I76: =IF(A76="","",F76-H76) | M76: =IF(K76="","",K76*L76) | O76: =IF(A76="","",N76*K76) | P76: =IF(A76="","",M76-O76) | U76: =IF(R76="","",R76*T76) | W76: =IF(R76="","",V76*R76) | X76: =IF(A76="","",U76-W76) | Z76: =IF(F76="","",F76+M76+U76) | AA76: =IF(A76="","",I76+P76+X76)
F77: =IF(D77="","",D77*E77) | H77: =IF(A77="","",G77*D77) | I77: =IF(A77="","",F77-H77) | M77: =IF(K77="","",K77*L77) | O77: =IF(A77="","",N77*K77) | P77: =IF(A77="","",M77-O77) | U77: =IF(R77="","",R77*T77) | W77: =IF(R77="","",V77*R77) | X77: =IF(A77="","",U77-W77) | Z77: =IF(F77="","",F77+M77+U77) | AA77: =IF(A77="","",I77+P77+X77)
F78: =IF(D78="","",D78*E78) | H78: =IF(A78="","",G78*D78) | I78: =IF(A78="","",F78-H78) | M78: =IF(K78="","",K78*L78) | O78: =IF(A78="","",N78*K78) | P78: =IF(A78="","",M78-O78) | U78: =IF(R78="","",R78*T78) | W78: =IF(R78="","",V78*R78) | X78: =IF(A78="","",U78-W78) | Z78: =IF(F78="","",F78+M78+U78) | AA78: =IF(A78="","",I78+P78+X78)
F79: =IF(D79="","",D79*E79) | H79: =IF(A79="","",G79*D79) | I79: =IF(A79="","",F79-H79) | M79: =IF(K79="","",K79*L79) | O79: =IF(A79="","",N79*K79) | P79: =IF(A79="","",M79-O79) | U79: =IF(R79="","",R79*T79) | W79: =IF(R79="","",V79*R79) | X79: =IF(A79="","",U79-W79) | Z79: =IF(F79="","",F79+M79+U79) | AA79: =IF(A79="","",I79+P79+X79)
F80: =IF(D80="","",D80*E80) | H80: =IF(A80="","",G80*D80) | I80: =IF(A80="","",F80-H80) | M80: =IF(K80="","",K80*L80) | O80: =IF(A80="","",N80*K80) | P80: =IF(A80="","",M80-O80) | U80: =IF(R80="","",R80*T80) | W80: =IF(R80="","",V80*R80) | X80: =IF(A80="","",U80-W80) | Z80: =IF(F80="","",F80+M80+U80) | AA80: =IF(A80="","",I80+P80+X80)
F81: =IF(D81="","",D81*E81) | H81: =IF(A81="","",G81*D81) | I81: =IF(A81="","",F81-H81) | M81: =IF(K81="","",K81*L81) | O81: =IF(A81="","",N81*K81) | P81: =IF(A81="","",M81-O81) | U81: =IF(R81="","",R81*T81) | W81: =IF(R81="","",V81*R81) | X81: =IF(A81="","",U81-W81) | Z81: =IF(F81="","",F81+M81+U81) | AA81: =IF(A81="","",I81+P81+X81)
D82: =SUM(D70:D81) -> 0 | H82: =IF(A82="","",G82*D82) | I82: =SUM(I70:I81) -> 0 | K82: =SUM(K70:K81) -> 0 | O82: =IF(A82="","",N82*K82) | P82: =SUM(P70:P81) -> 0 | W82: =IF(R82="","",V82*R82) | X82: =SUM(X70:X81) -> 0 | Z82: =SUM(Z70:Z81) -> 0 | AA82: =SUM(AA70:AA81) -> 0 | AB82: =Z82 -> 0
D83: Juin | H83: =IF(A83="","",G83*D83) | O83: =IF(A83="","",N83*K83) | W83: =IF(R83="","",V83*R83)
F84: =IF(D84="","",D84*E84) | H84: =IF(A84="","",G84*D84) | I84: =IF(A84="","",F84-H84) | M84: =IF(K84="","",K84*L84) | O84: =IF(A84="","",N84*K84) | P84: =IF(A84="","",M84-O84) | U84: =IF(R84="","",R84*T84) | W84: =IF(R84="","",V84*R84) | X84: =IF(A84="","",U84-W84) | Z84: =IF(F84="","",F84+M84+U84) | AA84: =IF(A84="","",I84+P84+X84)
F85: =IF(D85="","",D85*E85) | H85: =IF(A85="","",G85*D85) | I85: =IF(A85="","",F85-H85) | M85: =IF(K85="","",K85*L85) | O85: =IF(A85="","",N85*K85) | P85: =IF(A85="","",M85-O85) | U85: =IF(R85="","",R85*T85) | W85: =IF(R85="","",V85*R85) | X85: =IF(A85="","",U85-W85) | Z85: =IF(F85="","",F85+M85+U85) | AA85: =IF(A85="","",I85+P85+X85)
F86: =IF(D86="","",D86*E86) | H86: =IF(A86="","",G86*D86) | I86: =IF(A86="","",F86-H86) | M86: =IF(K86="","",K86*L86) | O86: =IF(A86="","",N86*K86) | P86: =IF(A86="","",M86-O86) | U86: =IF(R86="","",R86*T86) | W86: =IF(R86="","",V86*R86) | X86: =IF(A86="","",U86-W86) | Z86: =IF(F86="","",F86+M86+U86) | AA86: =IF(A86="","",I86+P86+X86)
F87: =IF(D87="","",D87*E87) | H87: =IF(A87="","",G87*D87) | I87: =IF(A87="","",F87-H87) | M87: =IF(K87="","",K87*L87) | O87: =IF(A87="","",N87*K87) | P87: =IF(A87="","",M87-O87) | U87: =IF(R87="","",R87*T87) | W87: =IF(R87="","",V87*R87) | X87: =IF(A87="","",U87-W87) | Z87: =IF(F87="","",F87+M87+U87) | AA87: =IF(A87="","",I87+P87+X87)
F88: =IF(D88="","",D88*E88) | H88: =IF(A88="","",G88*D88) | I88: =IF(A88="","",F88-H88) | M88: =IF(K88="","",K88*L88) | O88: =IF(A88="","",N88*K88) | P88: =IF(A88="","",M88-O88) | U88: =IF(R88="","",R88*T88) | W88: =IF(R88="","",V88*R88) | X88: =IF(A88="","",U88-W88) | Z88: =IF(F88="","",F88+M88+U88) | AA88: =IF(A88="","",I88+P88+X88)
F89: =IF(D89="","",D89*E89) | H89: =IF(A89="","",G89*D89) | I89: =IF(A89="","",F89-H89) | M89: =IF(K89="","",K89*L89) | O89: =IF(A89="","",N89*K89) | P89: =IF(A89="","",M89-O89) | U89: =IF(R89="","",R89*T89) | W89: =IF(R89="","",V89*R89) | X89: =IF(A89="","",U89-W89) | Z89: =IF(F89="","",F89+M89+U89) | AA89: =IF(A89="","",I89+P89+X89)
F90: =IF(D90="","",D90*E90) | H90: =IF(A90="","",G90*D90) | I90: =IF(A90="","",F90-H90) | M90: =IF(K90="","",K90*L90) | O90: =IF(A90="","",N90*K90) | P90: =IF(A90="","",M90-O90) | U90: =IF(R90="","",R90*T90) | W90: =IF(R90="","",V90*R90) | X90: =IF(A90="","",U90-W90) | Z90: =IF(F90="","",F90+M90+U90) | AA90: =IF(A90="","",I90+P90+X90)
F91: =IF(D91="","",D91*E91) | H91: =IF(A91="","",G91*D91) | I91: =IF(A91="","",F91-H91) | M91: =IF(K91="","",K91*L91) | O91: =IF(A91="","",N91*K91) | P91: =IF(A91="","",M91-O91) | U91: =IF(R91="","",R91*T91) | W91: =IF(R91="","",V91*R91) | X91: =IF(A91="","",U91-W91) | Z91: =IF(F91="","",F91+M91+U91) | AA91: =IF(A91="","",I91+P91+X91)
F92: =IF(D92="","",D92*E92) | H92: =IF(A92="","",G92*D92) | I92: =IF(A92="","",F92-H92) | M92: =IF(K92="","",K92*L92) | O92: =IF(A92="","",N92*K92) | P92: =IF(A92="","",M92-O92) | U92: =IF(R92="","",R92*T92) | W92: =IF(R92="","",V92*R92) | X92: =IF(A92="","",U92-W92) | Z92: =IF(F92="","",F92+M92+U92) | AA92: =IF(A92="","",I92+P92+X92)
F93: =IF(D93="","",D93*E93) | H93: =IF(A93="","",G93*D93) | I93: =IF(A93="","",F93-H93) | M93: =IF(K93="","",K93*L93) | O93: =IF(A93="","",N93*K93) | P93: =IF(A93="","",M93-O93) | U93: =IF(R93="","",R93*T93) | W93: =IF(R93="","",V93*R93) | X93: =IF(A93="","",U93-W93) | Z93: =IF(F93="","",F93+M93+U93) | AA93: =IF(A93="","",I93+P93+X93)
F94: =IF(D94="","",D94*E94) | H94: =IF(A94="","",G94*D94) | I94: =IF(A94="","",F94-H94) | M94: =IF(K94="","",K94*L94) | O94: =IF(A94="","",N94*K94) | P94: =IF(A94="","",M94-O94) | U94: =IF(R94="","",R94*T94) | W94: =IF(R94="","",V94*R94) | X94: =IF(A94="","",U94-W94) | Z94: =IF(F94="","",F94+M94+U94) | AA94: =IF(A94="","",I94+P94+X94)
F95: =IF(D95="","",D95*E95) | H95: =IF(A95="","",G95*D95) | I95: =IF(A95="","",F95-H95) | M95: =IF(K95="","",K95*L95) | O95: =IF(A95="","",N95*K95) | P95: =IF(A95="","",M95-O95) | U95: =IF(R95="","",R95*T95) | W95: =IF(R95="","",V95*R95) | X95: =IF(A95="","",U95-W95) | Z95: =IF(F95="","",F95+M95+U95) | AA95: =IF(A95="","",I95+P95+X95)
F96: =IF(D96="","",D96*E96) | H96: =IF(A96="","",G96*D96) | I96: =IF(A96="","",F96-H96) | M96: =IF(K96="","",K96*L96) | O96: =IF(A96="","",N96*K96) | P96: =IF(A96="","",M96-O96) | U96: =IF(R96="","",R96*T96) | W96: =IF(R96="","",V96*R96) | X96: =IF(A96="","",U96-W96) | Z96: =IF(F96="","",F96+M96+U96) | AA96: =IF(A96="","",I96+P96+X96)
D97: =SUM(D84:D96) -> 0 | H97: =IF(A97="","",G97*D97) | I97: =SUM(I84:I96) -> 0 | K97: =SUM(K84:K96) -> 0 | O97: =IF(A97="","",N97*K97) | P97: =SUM(P84:P96) -> 0 | W97: =IF(R97="","",V97*R97) | X97: =SUM(X84:X96) -> 0 | Z97: =SUM(Z84:Z96) -> 0 | AA97: =SUM(AA84:AA96) -> 0 | AB97: =Z97 -> 0
D98: Juillet | H98: =IF(A98="","",G98*D98) | O98: =IF(A98="","",N98*K98) | W98: =IF(R98="","",V98*R98)
F99: =IF(D99="","",D99*E99) | H99: =IF(A99="","",G99*D99) | I99: =IF(A99="","",F99-H99) | M99: =IF(K99="","",K99*L99) | O99: =IF(A99="","",N99*K99) | P99: =IF(A99="","",M99-O99) | U99: =IF(R99="","",R99*T99) | W99: =IF(R99="","",V99*R99) | X99: =IF(A99="","",U99-W99) | Z99: =IF(F99="","",F99+M99+U99) | AA99: =IF(A99="","",I99+P99+X99)
F100: =IF(D100="","",D100*E100) | H100: =IF(A100="","",G100*D100) | I100: =IF(A100="","",F100-H100) | M100: =IF(K100="","",K100*L100) | O100: =IF(A100="","",N100*K100) | P100: =IF(A100="","",M100-O100) | U100: =IF(R100="","",R100*T100) | W100: =IF(R100="","",V100*R100) | X100: =IF(A100="","",U100-W100) | Z100: =IF(F100="","",F100+M100+U100) | AA100: =IF(A100="","",I100+P100+X100)
F101: =IF(D101="","",D101*E101) | H101: =IF(A101="","",G101*D101) | I101: =IF(A101="","",F101-H101) | M101: =IF(K101="","",K101*L101) | O101: =IF(A101="","",N101*K101) | P101: =IF(A101="","",M101-O101) | U101: =IF(R101="","",R101*T101) | W101: =IF(R101="","",V101*R101) | X101: =IF(A101="","",U101-W101) | Z101: =IF(F101="","",F101+M101+U101) | AA101: =IF(A101="","",I101+P101+X101)
F102: =IF(D102="","",D102*E102) | H102: =IF(A102="","",G102*D102) | I102: =IF(A102="","",F102-H102) | M102: =IF(K102="","",K102*L102) | O102: =IF(A102="","",N102*K102) | P102: =IF(A102="","",M102-O102) | U102: =IF(R102="","",R102*T102) | W102: =IF(R102="","",V102*R102) | X102: =IF(A102="","",U102-W102) | Z102: =IF(F102="","",F102+M102+U102) | AA102: =IF(A102="","",I102+P102+X102)
F103: =IF(D103="","",D103*E103) | H103: =IF(A103="","",G103*D103) | I103: =IF(A103="","",F103-H103) | M103: =IF(K103="","",K103*L103) | O103: =IF(A103="","",N103*K103) | P103: =IF(A103="","",M103-O103) | U103: =IF(R103="","",R103*T103) | W103: =IF(R103="","",V103*R103) | X103: =IF(A103="","",U103-W103) | Z103: =IF(F103="","",F103+M103+U103) | AA103: =IF(A103="","",I103+P103+X103)
F104: =IF(D104="","",D104*E104) | H104: =IF(A104="","",G104*D104) | I104: =IF(A104="","",F104-H104) | M104: =IF(K104="","",K104*L104) | O104: =IF(A104="","",N104*K104) | P104: =IF(A104="","",M104-O104) | U104: =IF(R104="","",R104*T104) | W104: =IF(R104="","",V104*R104) | X104: =IF(A104="","",U104-W104) | Z104: =IF(F104="","",F104+M104+U104) | AA104: =IF(A104="","",I104+P104+X104)
F105: =IF(D105="","",D105*E105) | H105: =IF(A105="","",G105*D105) | I105: =IF(A105="","",F105-H105) | M105: =IF(K105="","",K105*L105) | O105: =IF(A105="","",N105*K105) | P105: =IF(A105="","",M105-O105) | U105: =IF(R105="","",R105*T105) | W105: =IF(R105="","",V105*R105) | X105: =IF(A105="","",U105-W105) | Z105: =IF(F105="","",F105+M105+U105) | AA105: =IF(A105="","",I105+P105+X105)
F106: =IF(D106="","",D106*E106) | H106: =IF(A106="","",G106*D106) | I106: =IF(A106="","",F106-H106) | M106: =IF(K106="","",K106*L106) | O106: =IF(A106="","",N106*K106) | P106: =IF(A106="","",M106-O106) | U106: =IF(R106="","",R106*T106) | W106: =IF(R106="","",V106*R106) | X106: =IF(A106="","",U106-W106) | Z106: =IF(F106="","",F106+M106+U106) | AA106: =IF(A106="","",I106+P106+X106)
F107: =IF(D107="","",D107*E107) | H107: =IF(A107="","",G107*D107) | I107: =IF(A107="","",F107-H107) | M107: =IF(K107="","",K107*L107) | O107: =IF(A107="","",N107*K107) | P107: =IF(A107="","",M107-O107) | U107: =IF(R107="","",R107*T107) | W107: =IF(R107="","",V107*R107) | X107: =IF(A107="","",U107-W107) | Z107: =IF(F107="","",F107+M107+U107) | AA107: =IF(A107="","",I107+P107+X107)
...

Sheet Suivi - vente - LUBRIFIANTS
A7: (Monnaie : Franc CFA)
D10: AXCELLA 400 20W50 API SL1L | K10: AXCELLA 400 20W50 API SL 4L | R10: AXCELLA 200 - 50 1L | Y10: SUPER ZEM 100 1L | AF10: ENDURO 200 - 50 5L | AM10: ENDURO 200 - 50 25L | AT10: ENDURO 600 15W40 API CI 4 5L | BA10: ENDURO 600SX 10W40 5L | BH10: MATIC ATF PREMIUM (Dexron III) | BO10: TOTAL | BP10: TOTAL MARGE | BQ10: Totaux Mensuels
A11: Dates | B11: Nos. | D11: Quantité | E11: Prix | F11: Montant | G11: Prix achat | H11: Montant | I11: Marge | K11: Quantité | L11: Prix | M11: Montant | N11: Prix achat | O11: Montant | P11: Marge | R11: Quantité | S11: Prix | T11: Montant | U11: Prix achat | V11: Montant | W11: Marge | Y11: Quantité | Z11: Prix | AA11: Montant | AB11: Prix achat | AC11: Montant | AD11: Marge | AF11: Quantité | AG11: Prix | AH11: Montant | AI11: Prix achat | AJ11: Montant | AK11: Marge | AM11: Quantité | AN11: Prix | AO11: Montant | AP11: Prix achat | AQ11: Montant | AR11: Marge | AT11: Quantité | AU11: Prix | AV11: Montant | AW11: Prix achat | AX11: Montant | AY11: Marge | BA11: Quantité | BB11: Prix | BC11: Montant | BD11: Prix achat | BE11: Montant | BF11: Marge | BH11: Quantité | BI11: Prix | BJ11: Montant | BK11: Prix achat | BL11: Montant | BM11: Marge | BT11: Mois | BU11: Nos. | BV11: Montant
D13: Janvier | BT13: Janvier | BU13: 1 | BV13: =venlj -> 0
F14: =IF(D14="","",D14*E14) | H14: =IF(A14="","",G14*D14) | I14: =IF(A14="","",F14-H14) | M14: =IF(K14="","",K14*L14) | O14: =IF(A14="","",N14*K14) | P14: =IF(A14="","",M14-O14) | T14: =IF(R14="","",R14*S14) | V14: =IF(R14="","",U14*R14) | W14: =IF(A14="","",T14-V14) | AA14: =IF(Y14="","",Y14*Z14) | AC14: =IF(Y14="","",AB14*Y14) | AD14: =IF(H14="","",AA14-AC14) | AH14: =IF(AF14="","",AF14*AG14) | AJ14: =IF(AF14="","",AI14*AF14) | AK14: =IF(O14="","",AH14-AJ14) | AO14: =IF(AM14="","",AM14*AN14) | AQ14: =IF(AM14="","",AP14*AM14) | AR14: =IF(V14="","",AO14-AQ14) | AV14: =IF(AT14="","",AT14*AU14) | AX14: =IF(AT14="","",AW14*AT14) | AY14: =IF(AC14="","",AV14-AX14) | BC14: =IF(BA14="","",BA14*BB14) | BE14: =IF(BA14="","",BD14*BA14) | BF14: =IF(AJ14="","",BC14-BE14) | BJ14: =IF(BH14="","",BH14*BI14) | BL14: =IF(BH14="","",BK14*BH14) | BM14: =IF(AQ14="","",BJ14-BL14) | BO14: =IF(F14="","",F14+M14+T14+AA14+AH14+AO14+AV14+BC14+BJ14) | BP14: =IF(A14="","",I14+P14+W14+AD14+AK14+AR14+AY14+BF14+BM14) | BT14: Février | BU14: =BU13+1 -> 2 | BV14: =vendlf -> 0
F15: =IF(D15="","",D15*E15) | H15: =IF(A15="","",G15*D15) | I15: =IF(A15="","",F15-H15) | M15: =IF(K15="","",K15*L15) | O15: =IF(A15="","",N15*K15) | P15: =IF(A15="","",M15-O15) | T15: =IF(R15="","",R15*S15) | V15: =IF(R15="","",U15*R15) | W15: =IF(A15="","",T15-V15) | AA15: =IF(Y15="","",Y15*Z15) | AC15: =IF(Y15="","",AB15*Y15) | AD15: =IF(H15="","",AA15-AC15) | AH15: =IF(AF15="","",AF15*AG15) | AJ15: =IF(AF15="","",AI15*AF15) | AK15: =IF(O15="","",AH15-AJ15) | AO15: =IF(AM15="","",AM15*AN15) | AQ15: =IF(AM15="","",AP15*AM15) | AR15: =IF(V15="","",AO15-AQ15) | AV15: =IF(AT15="","",AT15*AU15) | AX15: =IF(AT15="","",AW15*AT15) | AY15: =IF(AC15="","",AV15-AX15) | BC15: =IF(BA15="","",BA15*BB15) | BE15: =IF(BA15="","",BD15*BA15) | BF15: =IF(AJ15="","",BC15-BE15) | BJ15: =IF(BH15="","",BH15*BI15) | BL15: =IF(BH15="","",BK15*BH15) | BM15: =IF(AQ15="","",BJ15-BL15) | BO15: =IF(F15="","",F15+M15+T15+AA15+AH15+AO15+AV15+BC15+BJ15) | BP15: =IF(A15="","",I15+P15+W15+AD15+AK15+AR15+AY15+BF15+BM15) | BT15: Mars | BU15: =BU14+1 -> 3 | BV15: =vendlm -> 0 | CA15: Mois | CB15: Nos. | CC15: Montant
F16: =IF(D16="","",D16*E16) | H16: =IF(A16="","",G16*D16) | I16: =IF(A16="","",F16-H16) | M16: =IF(K16="","",K16*L16) | O16: =IF(A16="","",N16*K16) | P16: =IF(A16="","",M16-O16) | T16: =IF(R16="","",R16*S16) | V16: =IF(R16="","",U16*R16) | W16: =IF(A16="","",T16-V16) | AA16: =IF(Y16="","",Y16*Z16) | AC16: =IF(Y16="","",AB16*Y16) | AD16: =IF(H16="","",AA16-AC16) | AH16: =IF(AF16="","",AF16*AG16) | AJ16: =IF(AF16="","",AI16*AF16) | AK16: =IF(O16="","",AH16-AJ16) | AO16: =IF(AM16="","",AM16*AN16) | AQ16: =IF(AM16="","",AP16*AM16) | AR16: =IF(V16="","",AO16-AQ16) | AV16: =IF(AT16="","",AT16*AU16) | AX16: =IF(AT16="","",AW16*AT16) | AY16: =IF(AC16="","",AV16-AX16) | BC16: =IF(BA16="","",BA16*BB16) | BE16: =IF(BA16="","",BD16*BA16) | BF16: =IF(AJ16="","",BC16-BE16) | BJ16: =IF(BH16="","",BH16*BI16) | BL16: =IF(BH16="","",BK16*BH16) | BM16: =IF(AQ16="","",BJ16-BL16) | BO16: =IF(F16="","",F16+M16+T16+AA16+AH16+AO16+AV16+BC16+BJ16) | BP16: =IF(A16="","",I16+P16+W16+AD16+AK16+AR16+AY16+BF16+BM16) | BT16: Avril | BU16: =BU15+1 -> 4 | BV16: =vendla -> 0
F17: =IF(D17="","",D17*E17) | H17: =IF(A17="","",G17*D17) | I17: =IF(A17="","",F17-H17) | M17: =IF(K17="","",K17*L17) | O17: =IF(A17="","",N17*K17) | P17: =IF(A17="","",M17-O17) | T17: =IF(R17="","",R17*S17) | V17: =IF(R17="","",U17*R17) | W17: =IF(A17="","",T17-V17) | AA17: =IF(Y17="","",Y17*Z17) | AC17: =IF(Y17="","",AB17*Y17) | AD17: =IF(H17="","",AA17-AC17) | AH17: =IF(AF17="","",AF17*AG17) | AJ17: =IF(AF17="","",AI17*AF17) | AK17: =IF(O17="","",AH17-AJ17) | AO17: =IF(AM17="","",AM17*AN17) | AQ17: =IF(AM17="","",AP17*AM17) | AR17: =IF(V17="","",AO17-AQ17) | AV17: =IF(AT17="","",AT17*AU17) | AX17: =IF(AT17="","",AW17*AT17) | AY17: =IF(AC17="","",AV17-AX17) | BC17: =IF(BA17="","",BA17*BB17) | BE17: =IF(BA17="","",BD17*BA17) | BF17: =IF(AJ17="","",BC17-BE17) | BJ17: =IF(BH17="","",BH17*BI17) | BL17: =IF(BH17="","",BK17*BH17) | BM17: =IF(AQ17="","",BJ17-BL17) | BO17: =IF(F17="","",F17+M17+T17+AA17+AH17+AO17+AV17+BC17+BJ17) | BP17: =IF(A17="","",I17+P17+W17+AD17+AK17+AR17+AY17+BF17+BM17) | BT17: Mai | BU17: =BU16+1 -> 5 | BV17: =vendlma -> 0
F18: =IF(D18="","",D18*E18) | H18: =IF(A18="","",G18*D18) | I18: =IF(A18="","",F18-H18) | M18: =IF(K18="","",K18*L18) | O18: =IF(A18="","",N18*K18) | P18: =IF(A18="","",M18-O18) | T18: =IF(R18="","",R18*S18) | V18: =IF(R18="","",U18*R18) | W18: =IF(A18="","",T18-V18) | AA18: =IF(Y18="","",Y18*Z18) | AC18: =IF(Y18="","",AB18*Y18) | AD18: =IF(H18="","",AA18-AC18) | AH18: =IF(AF18="","",AF18*AG18) | AJ18: =IF(AF18="","",AI18*AF18) | AK18: =IF(O18="","",AH18-AJ18) | AO18: =IF(AM18="","",AM18*AN18) | AQ18: =IF(AM18="","",AP18*AM18) | AR18: =IF(V18="","",AO18-AQ18) | AV18: =IF(AT18="","",AT18*AU18) | AX18: =IF(AT18="","",AW18*AT18) | AY18: =IF(AC18="","",AV18-AX18) | BC18: =IF(BA18="","",BA18*BB18) | BE18: =IF(BA18="","",BD18*BA18) | BF18: =IF(AJ18="","",BC18-BE18) | BJ18: =IF(BH18="","",BH18*BI18) | BL18: =IF(BH18="","",BK18*BH18) | BM18: =IF(AQ18="","",BJ18-BL18) | BO18: =IF(F18="","",F18+M18+T18+AA18+AH18+AO18+AV18+BC18+BJ18) | BP18: =IF(A18="","",I18+P18+W18+AD18+AK18+AR18+AY18+BF18+BM18) | BT18: Juin | BU18: =BU17+1 -> 6 | BV18: =vendlj -> 0 | CA18: Janvier | CB18: 1 | CC18: =MAGLJ -> 0
F19: =IF(D19="","",D19*E19) | H19: =IF(A19="","",G19*D19) | I19: =IF(A19="","",F19-H19) | M19: =IF(K19="","",K19*L19) | O19: =IF(A19="","",N19*K19) | P19: =IF(A19="","",M19-O19) | T19: =IF(R19="","",R19*S19) | V19: =IF(R19="","",U19*R19) | W19: =IF(A19="","",T19-V19) | AA19: =IF(Y19="","",Y19*Z19) | AC19: =IF(Y19="","",AB19*Y19) | AD19: =IF(H19="","",AA19-AC19) | AH19: =IF(AF19="","",AF19*AG19) | AJ19: =IF(AF19="","",AI19*AF19) | AK19: =IF(O19="","",AH19-AJ19) | AO19: =IF(AM19="","",AM19*AN19) | AQ19: =IF(AM19="","",AP19*AM19) | AR19: =IF(V19="","",AO19-AQ19) | AV19: =IF(AT19="","",AT19*AU19) | AX19: =IF(AT19="","",AW19*AT19) | AY19: =IF(AC19="","",AV19-AX19) | BC19: =IF(BA19="","",BA19*BB19) | BE19: =IF(BA19="","",BD19*BA19) | BF19: =IF(AJ19="","",BC19-BE19) | BJ19: =IF(BH19="","",BH19*BI19) | BL19: =IF(BH19="","",BK19*BH19) | BM19: =IF(AQ19="","",BJ19-BL19) | BO19: =IF(F19="","",F19+M19+T19+AA19+AH19+AO19+AV19+BC19+BJ19) | BP19: =IF(A19="","",I19+P19+W19+AD19+AK19+AR19+AY19+BF19+BM19) | BT19: Juillet | BU19: =BU18+1 -> 7 | BV19: =vendlju -> 0 | CA19: Février | CB19: =CB18+1 -> 2 | CC19: =MAGLF -> 0
F20: =IF(D20="","",D20*E20) | H20: =IF(A20="","",G20*D20) | I20: =IF(A20="","",F20-H20) | M20: =IF(K20="","",K20*L20) | O20: =IF(A20="","",N20*K20) | P20: =IF(A20="","",M20-O20) | T20: =IF(R20="","",R20*S20) | V20: =IF(R20="","",U20*R20) | W20: =IF(A20="","",T20-V20) | AA20: =IF(Y20="","",Y20*Z20) | AC20: =IF(Y20="","",AB20*Y20) | AD20: =IF(H20="","",AA20-AC20) | AH20: =IF(AF20="","",AF20*AG20) | AJ20: =IF(AF20="","",AI20*AF20) | AK20: =IF(O20="","",AH20-AJ20) | AO20: =IF(AM20="","",AM20*AN20) | AQ20: =IF(AM20="","",AP20*AM20) | AR20: =IF(V20="","",AO20-AQ20) | AV20: =IF(AT20="","",AT20*AU20) | AX20: =IF(AT20="","",AW20*AT20) | AY20: =IF(AC20="","",AV20-AX20) | BC20: =IF(BA20="","",BA20*BB20) | BE20: =IF(BA20="","",BD20*BA20) | BF20: =IF(AJ20="","",BC20-BE20) | BJ20: =IF(BH20="","",BH20*BI20) | BL20: =IF(BH20="","",BK20*BH20) | BM20: =IF(AQ20="","",BJ20-BL20) | BO20: =IF(F20="","",F20+M20+T20+AA20+AH20+AO20+AV20+BC20+BJ20) | BP20: =IF(A20="","",I20+P20+W20+AD20+AK20+AR20+AY20+BF20+BM20) | BT20: Août | BU20: =BU19+1 -> 8 | BV20: =vendlao -> 0 | CA20: Mars | CB20: =CB19+1 -> 3 | CC20: =MAGLM -> 0
F21: =IF(D21="","",D21*E21) | H21: =IF(A21="","",G21*D21) | I21: =IF(A21="","",F21-H21) | M21: =IF(K21="","",K21*L21) | O21: =IF(A21="","",N21*K21) | P21: =IF(A21="","",M21-O21) | T21: =IF(R21="","",R21*S21) | V21: =IF(R21="","",U21*R21) | W21: =IF(A21="","",T21-V21) | AA21: =IF(Y21="","",Y21*Z21) | AC21: =IF(Y21="","",AB21*Y21) | AD21: =IF(H21="","",AA21-AC21) | AH21: =IF(AF21="","",AF21*AG21) | AJ21: =IF(AF21="","",AI21*AF21) | AK21: =IF(O21="","",AH21-AJ21) | AO21: =IF(AM21="","",AM21*AN21) | AQ21: =IF(AM21="","",AP21*AM21) | AR21: =IF(V21="","",AO21-AQ21) | AV21: =IF(AT21="","",AT21*AU21) | AX21: =IF(AT21="","",AW21*AT21) | AY21: =IF(AC21="","",AV21-AX21) | BC21: =IF(BA21="","",BA21*BB21) | BE21: =IF(BA21="","",BD21*BA21) | BF21: =IF(AJ21="","",BC21-BE21) | BJ21: =IF(BH21="","",BH21*BI21) | BL21: =IF(BH21="","",BK21*BH21) | BM21: =IF(AQ21="","",BJ21-BL21) | BO21: =IF(F21="","",F21+M21+T21+AA21+AH21+AO21+AV21+BC21+BJ21) | BP21: =IF(A21="","",I21+P21+W21+AD21+AK21+AR21+AY21+BF21+BM21) | BT21: Septembre | BU21: =BU20+1 -> 9 | BV21: =vendlse -> 0 | CA21: Avril | CB21: =CB20+1 -> 4 | CC21: =MAGLA -> 0
F22: =IF(D22="","",D22*E22) | H22: =IF(A22="","",G22*D22) | I22: =IF(A22="","",F22-H22) | M22: =IF(K22="","",K22*L22) | O22: =IF(A22="","",N22*K22) | P22: =IF(A22="","",M22-O22) | T22: =IF(R22="","",R22*S22) | V22: =IF(R22="","",U22*R22) | W22: =IF(A22="","",T22-V22) | AA22: =IF(Y22="","",Y22*Z22) | AC22: =IF(Y22="","",AB22*Y22) | AD22: =IF(H22="","",AA22-AC22) | AH22: =IF(AF22="","",AF22*AG22) | AJ22: =IF(AF22="","",AI22*AF22) | AK22: =IF(O22="","",AH22-AJ22) | AO22: =IF(AM22="","",AM22*AN22) | AQ22: =IF(AM22="","",AP22*AM22) | AR22: =IF(V22="","",AO22-AQ22) | AV22: =IF(AT22="","",AT22*AU22) | AX22: =IF(AT22="","",AW22*AT22) | AY22: =IF(AC22="","",AV22-AX22) | BC22: =IF(BA22="","",BA22*BB22) | BE22: =IF(BA22="","",BD22*BA22) | BF22: =IF(AJ22="","",BC22-BE22) | BJ22: =IF(BH22="","",BH22*BI22) | BL22: =IF(BH22="","",BK22*BH22) | BM22: =IF(AQ22="","",BJ22-BL22) | BO22: =IF(F22="","",F22+M22+T22+AA22+AH22+AO22+AV22+BC22+BJ22) | BP22: =IF(A22="","",I22+P22+W22+AD22+AK22+AR22+AY22+BF22+BM22) | BT22: Octobre | BU22: =BU21+1 -> 10 | BV22: =vendloc -> 237000 | CA22: Mai | CB22: =CB21+1 -> 5 | CC22: =MAGLMA -> 0
F23: =IF(D23="","",D23*E23) | H23: =IF(A23="","",G23*D23) | I23: =IF(A23="","",F23-H23) | M23: =IF(K23="","",K23*L23) | O23: =IF(A23="","",N23*K23) | P23: =IF(A23="","",M23-O23) | T23: =IF(R23="","",R23*S23) | V23: =IF(R23="","",U23*R23) | W23: =IF(A23="","",T23-V23) | AA23: =IF(Y23="","",Y23*Z23) | AC23: =IF(Y23="","",AB23*Y23) | AD23: =IF(H23="","",AA23-AC23) | AH23: =IF(AF23="","",AF23*AG23) | AJ23: =IF(AF23="","",AI23*AF23) | AK23: =IF(O23="","",AH23-AJ23) | AO23: =IF(AM23="","",AM23*AN23) | AQ23: =IF(AM23="","",AP23*AM23) | AR23: =IF(V23="","",AO23-AQ23) | AV23: =IF(AT23="","",AT23*AU23) | AX23: =IF(AT23="","",AW23*AT23) | AY23: =IF(AC23="","",AV23-AX23) | BC23: =IF(BA23="","",BA23*BB23) | BE23: =IF(BA23="","",BD23*BA23) | BF23: =IF(AJ23="","",BC23-BE23) | BJ23: =IF(BH23="","",BH23*BI23) | BL23: =IF(BH23="","",BK23*BH23) | BM23: =IF(AQ23="","",BJ23-BL23) | BO23: =IF(F23="","",F23+M23+T23+AA23+AH23+AO23+AV23+BC23+BJ23) | BP23: =IF(A23="","",I23+P23+W23+AD23+AK23+AR23+AY23+BF23+BM23) | BT23: Novembre | BU23: 11 | BV23: =vendlno -> 0 | CA23: Juin | CB23: =CB22+1 -> 6 | CC23: =MAGLJU -> 0
F24: =IF(D24="","",D24*E24) | H24: =IF(A24="","",G24*D24) | I24: =IF(A24="","",F24-H24) | M24: =IF(K24="","",K24*L24) | O24: =IF(A24="","",N24*K24) | P24: =IF(A24="","",M24-O24) | T24: =IF(R24="","",R24*S24) | V24: =IF(R24="","",U24*R24) | W24: =IF(A24="","",T24-V24) | AA24: =IF(Y24="","",Y24*Z24) | AC24: =IF(Y24="","",AB24*Y24) | AD24: =IF(H24="","",AA24-AC24) | AH24: =IF(AF24="","",AF24*AG24) | AJ24: =IF(AF24="","",AI24*AF24) | AK24: =IF(O24="","",AH24-AJ24) | AO24: =IF(AM24="","",AM24*AN24) | AQ24: =IF(AM24="","",AP24*AM24) | AR24: =IF(V24="","",AO24-AQ24) | AV24: =IF(AT24="","",AT24*AU24) | AX24: =IF(AT24="","",AW24*AT24) | AY24: =IF(AC24="","",AV24-AX24) | BC24: =IF(BA24="","",BA24*BB24) | BE24: =IF(BA24="","",BD24*BA24) | BF24: =IF(AJ24="","",BC24-BE24) | BJ24: =IF(BH24="","",BH24*BI24) | BL24: =IF(BH24="","",BK24*BH24) | BM24: =IF(AQ24="","",BJ24-BL24) | BO24: =IF(F24="","",F24+M24+T24+AA24+AH24+AO24+AV24+BC24+BJ24) | BP24: =IF(A24="","",I24+P24+W24+AD24+AK24+AR24+AY24+BF24+BM24) | BT24: Décembre | BU24: 12 | BV24: =vendldec -> 0 | CA24: Juillet | CB24: =CB23+1 -> 7 | CC24: =MAGLJUI -> 0
D25: =SUM(D14:D24) -> 0 | H25: =IF(A25="","",G25*D25) | I25: =SUM(I14:I24) -> 0 | K25: =SUM(K14:K24) -> 0 | O25: =IF(A25="","",N25*K25) | P25: =SUM(P14:P24) -> 0 | R25: =SUM(R14:R24) -> 0 | V25: =IF(O25="","",U25*R25) | W25: =SUM(W14:W24) -> 0 | Y25: =SUM(Y14:Y24) -> 0 | AC25: =IF(V25="","",AB25*Y25) | AD25: =SUM(AD14:AD24) -> 0 | AF25: =SUM(AF14:AF24) -> 0 | AJ25: =IF(AC25="","",AI25*AF25) | AK25: =SUM(AK14:AK24) -> 0 | AM25: =SUM(AM14:AM24) -> 0 | AQ25: =IF(AJ25="","",AP25*AM25) | AR25: =SUM(AR14:AR24) -> 0 | AT25: =SUM(AT14:AT24) -> 0 | AX25: =IF(AQ25="","",AW25*AT25) | AY25: =SUM(AY14:AY24) -> 0 | BA25: =SUM(BA14:BA24) -> 0 | BE25: =IF(AX25="","",BD25*BA25) | BF25: =SUM(BF14:BF24) -> 0 | BH25: =SUM(BH14:BH24) -> 0 | BM25: =SUM(BM14:BM24) -> 0 | BO25: =SUM(BO14:BO24) -> 0 | BP25: =SUM(BP14:BP24) -> 0 | BQ25: =BO25 -> 0 | BT25: Total | BV25: =SUM(BV13:BV24) -> 237000 | CA25: Août | CB25: =CB24+1 -> 8 | CC25: =MAGLAO -> 0
D26: Février | H26: =IF(A26="","",G26*D26) | O26: =IF(A26="","",N26*K26) | V26: =IF(R26="","",U26*R26) | AA26: =IF(Y26="","",Y26*Z26) | AH26: =IF(AF26="","",AF26*AG26) | AO26: =IF(AM26="","",AM26*AN26) | AV26: =IF(AT26="","",AT26*AU26) | BC26: =IF(BA26="","",BA26*BB26) | BJ26: =IF(BH26="","",BH26*BI26) | BL26: =IF(BH26="","",BK26*BH26) | CA26: Septembre | CB26: =CB25+1 -> 9 | CC26: =MAGLSE -> 0
F27: =IF(D27="","",D27*E27) | H27: =IF(A27="","",G27*D27) | I27: =IF(A27="","",F27-H27) | M27: =IF(K27="","",K27*L27) | O27: =IF(A27="","",N27*K27) | P27: =IF(A27="","",M27-O27) | T27: =IF(R27="","",R27*S27) | V27: =IF(R27="","",U27*R27) | W27: =IF(A27="","",T27-V27) | AA27: =IF(Y27="","",Y27*Z27) | AC27: =IF(Y27="","",AB27*Y27) | AD27: =IF(H27="","",AA27-AC27) | AH27: =IF(AF27="","",AF27*AG27) | AJ27: =IF(AF27="","",AI27*AF27) | AK27: =IF(O27="","",AH27-AJ27) | AO27: =IF(AM27="","",AM27*AN27) | AQ27: =IF(AM27="","",AP27*AM27) | AR27: =IF(V27="","",AO27-AQ27) | AV27: =IF(AT27="","",AT27*AU27) | AX27: =IF(AT27="","",AW27*AT27) | AY27: =IF(AC27="","",AV27-AX27) | BC27: =IF(BA27="","",BA27*BB27) | BE27: =IF(BA27="","",BD27*BA27) | BF27: =IF(AJ27="","",BC27-BE27) | BJ27: =IF(BH27="","",BH27*BI27) | BL27: =IF(BH27="","",BK27*BH27) | BM27: =IF(AQ27="","",BJ27-BL27) | BO27: =IF(F27="","",F27+M27+T27+AA27+AH27+AO27+AV27+BC27+BJ27) | BP27: =IF(A27="","",I27+P27+W27+AD27+AK27+AR27+AY27+BF27+BM27) | CA27: Octobre | CB27: =CB26+1 -> 10 | CC27: =MAGLOC -> 18850
F28: =IF(D28="","",D28*E28) | H28: =IF(A28="","",G28*D28) | I28: =IF(A28="","",F28-H28) | M28: =IF(K28="","",K28*L28) | O28: =IF(A28="","",N28*K28) | P28: =IF(A28="","",M28-O28) | T28: =IF(R28="","",R28*S28) | V28: =IF(R28="","",U28*R28) | W28: =IF(A28="","",T28-V28) | AA28: =IF(Y28="","",Y28*Z28) | AC28: =IF(Y28="","",AB28*Y28) | AD28: =IF(H28="","",AA28-AC28) | AH28: =IF(AF28="","",AF28*AG28) | AJ28: =IF(AF28="","",AI28*AF28) | AK28: =IF(O28="","",AH28-AJ28) | AO28: =IF(AM28="","",AM28*AN28) | AQ28: =IF(AM28="","",AP28*AM28) | AR28: =IF(V28="","",AO28-AQ28) | AV28: =IF(AT28="","",AT28*AU28) | AX28: =IF(AT28="","",AW28*AT28) | AY28: =IF(AC28="","",AV28-AX28) | BC28: =IF(BA28="","",BA28*BB28) | BE28: =IF(BA28="","",BD28*BA28) | BF28: =IF(AJ28="","",BC28-BE28) | BJ28: =IF(BH28="","",BH28*BI28) | BL28: =IF(BH28="","",BK28*BH28) | BM28: =IF(AQ28="","",BJ28-BL28) | BO28: =IF(F28="","",F28+M28+T28+AA28+AH28+AO28+AV28+BC28+BJ28) | BP28: =IF(A28="","",I28+P28+W28+AD28+AK28+AR28+AY28+BF28+BM28) | CA28: Novembre | CB28: =CB27+1 -> 11 | CC28: =MAGLNO -> 0
F29: =IF(D29="","",D29*E29) | H29: =IF(A29="","",G29*D29) | I29: =IF(A29="","",F29-H29) | M29: =IF(K29="","",K29*L29) | O29: =IF(A29="","",N29*K29) | P29: =IF(A29="","",M29-O29) | T29: =IF(R29="","",R29*S29) | V29: =IF(R29="","",U29*R29) | W29: =IF(A29="","",T29-V29) | AA29: =IF(Y29="","",Y29*Z29) | AD29: =IF(H29="","",AA29-AC29) | AH29: =IF(AF29="","",AF29*AG29) | AJ29: =IF(AF29="","",AI29*AF29) | AK29: =IF(O29="","",AH29-AJ29) | AO29: =IF(AM29="","",AM29*AN29) | AQ29: =IF(AM29="","",AP29*AM29) | AR29: =IF(V29="","",AO29-AQ29) | AV29: =IF(AT29="","",AT29*AU29) | AX29: =IF(AT29="","",AW29*AT29) | AY29: =IF(AC29="","",AV29-AX29) | BC29: =IF(BA29="","",BA29*BB29) | BE29: =IF(BA29="","",BD29*BA29) | BF29: =IF(AJ29="","",BC29-BE29) | BJ29: =IF(BH29="","",BH29*BI29) | BL29: =IF(BH29="","",BK29*BH29) | BM29: =IF(AQ29="","",BJ29-BL29) | BO29: =IF(F29="","",F29+M29+T29+AA29+AH29+AO29+AV29+BC29+BJ29) | BP29: =IF(A29="","",I29+P29+W29+AD29+AK29+AR29+AY29+BF29+BM29) | CA29: Décembre | CB29: 12 | CC29: =MAGLDEC -> 0
F30: =IF(D30="","",D30*E30) | H30: =IF(A30="","",G30*D30) | I30: =IF(A30="","",F30-H30) | M30: =IF(K30="","",K30*L30) | O30: =IF(A30="","",N30*K30) | P30: =IF(A30="","",M30-O30) | T30: =IF(R30="","",R30*S30) | V30: =IF(R30="","",U30*R30) | W30: =IF(A30="","",T30-V30) | AA30: =IF(Y30="","",Y30*Z30) | AC30: =IF(Y30="","",AB30*Y30) | AD30: =IF(H30="","",AA30-AC30) | AH30: =IF(AF30="","",AF30*AG30) | AJ30: =IF(AF30="","",AI30*AF30) | AK30: =IF(O30="","",AH30-AJ30) | AO30: =IF(AM30="","",AM30*AN30) | AQ30: =IF(AM30="","",AP30*AM30) | AR30: =IF(V30="","",AO30-AQ30) | AV30: =IF(AT30="","",AT30*AU30) | AX30: =IF(AT30="","",AW30*AT30) | AY30: =IF(AC30="","",AV30-AX30) | BC30: =IF(BA30="","",BA30*BB30) | BE30: =IF(BA30="","",BD30*BA30) | BF30: =IF(AJ30="","",BC30-BE30) | BJ30: =IF(BH30="","",BH30*BI30) | BL30: =IF(BH30="","",BK30*BH30) | BM30: =IF(AQ30="","",BJ30-BL30) | BO30: =IF(F30="","",F30+M30+T30+AA30+AH30+AO30+AV30+BC30+BJ30) | BP30: =IF(A30="","",I30+P30+W30+AD30+AK30+AR30+AY30+BF30+BM30) | CA30: Total | CC30: =SUM(CC18:CC29) -> 18850
F31: =IF(D31="","",D31*E31) | H31: =IF(A31="","",G31*D31) | I31: =IF(A31="","",F31-H31) | M31: =IF(K31="","",K31*L31) | O31: =IF(A31="","",N31*K31) | P31: =IF(A31="","",M31-O31) | T31: =IF(R31="","",R31*S31) | V31: =IF(R31="","",U31*R31) | W31: =IF(A31="","",T31-V31) | AA31: =IF(Y31="","",Y31*Z31) | AC31: =IF(Y31="","",AB31*Y31) | AD31: =IF(H31="","",AA31-AC31) | AH31: =IF(AF31="","",AF31*AG31) | AJ31: =IF(AF31="","",AI31*AF31) | AK31: =IF(O31="","",AH31-AJ31) | AO31: =IF(AM31="","",AM31*AN31) | AQ31: =IF(AM31="","",AP31*AM31) | AR31: =IF(V31="","",AO31-AQ31) | AV31: =IF(AT31="","",AT31*AU31) | AX31: =IF(AT31="","",AW31*AT31) | AY31: =IF(AC31="","",AV31-AX31) | BC31: =IF(BA31="","",BA31*BB31) | BE31: =IF(BA31="","",BD31*BA31) | BF31: =IF(AJ31="","",BC31-BE31) | BJ31: =IF(BH31="","",BH31*BI31) | BL31: =IF(BH31="","",BK31*BH31) | BM31: =IF(AQ31="","",BJ31-BL31) | BO31: =IF(F31="","",F31+M31+T31+AA31+AH31+AO31+AV31+BC31+BJ31) | BP31: =IF(A31="","",I31+P31+W31+AD31+AK31+AR31+AY31+BF31+BM31)
F32: =IF(D32="","",D32*E32) | H32: =IF(A32="","",G32*D32) | I32: =IF(A32="","",F32-H32) | M32: =IF(K32="","",K32*L32) | O32: =IF(A32="","",N32*K32) | P32: =IF(A32="","",M32-O32) | T32: =IF(R32="","",R32*S32) | V32: =IF(R32="","",U32*R32) | W32: =IF(A32="","",T32-V32) | AA32: =IF(Y32="","",Y32*Z32) | AC32: =IF(Y32="","",AB32*Y32) | AD32: =IF(H32="","",AA32-AC32) | AH32: =IF(AF32="","",AF32*AG32) | AJ32: =IF(AF32="","",AI32*AF32) | AK32: =IF(O32="","",AH32-AJ32) | AO32: =IF(AM32="","",AM32*AN32) | AQ32: =IF(AM32="","",AP32*AM32) | AR32: =IF(V32="","",AO32-AQ32) | AV32: =IF(AT32="","",AT32*AU32) | AX32: =IF(AT32="","",AW32*AT32) | AY32: =IF(AC32="","",AV32-AX32) | BC32: =IF(BA32="","",BA32*BB32) | BE32: =IF(BA32="","",BD32*BA32) | BF32: =IF(AJ32="","",BC32-BE32) | BJ32: =IF(BH32="","",BH32*BI32) | BL32: =IF(BH32="","",BK32*BH32) | BM32: =IF(AQ32="","",BJ32-BL32) | BO32: =IF(F32="","",F32+M32+T32+AA32+AH32+AO32+AV32+BC32+BJ32) | BP32: =IF(A32="","",I32+P32+W32+AD32+AK32+AR32+AY32+BF32+BM32)
F33: =IF(D33="","",D33*E33) | H33: =IF(A33="","",G33*D33) | I33: =IF(A33="","",F33-H33) | M33: =IF(K33="","",K33*L33) | O33: =IF(A33="","",N33*K33) | P33: =IF(A33="","",M33-O33) | T33: =IF(R33="","",R33*S33) | V33: =IF(R33="","",U33*R33) | W33: =IF(A33="","",T33-V33) | AA33: =IF(Y33="","",Y33*Z33) | AC33: =IF(Y33="","",AB33*Y33) | AD33: =IF(H33="","",AA33-AC33) | AH33: =IF(AF33="","",AF33*AG33) | AJ33: =IF(AF33="","",AI33*AF33) | AK33: =IF(O33="","",AH33-AJ33) | AO33: =IF(AM33="","",AM33*AN33) | AQ33: =IF(AM33="","",AP33*AM33) | AR33: =IF(V33="","",AO33-AQ33) | AV33: =IF(AT33="","",AT33*AU33) | AX33: =IF(AT33="","",AW33*AT33) | AY33: =IF(AC33="","",AV33-AX33) | BC33: =IF(BA33="","",BA33*BB33) | BE33: =IF(BA33="","",BD33*BA33) | BF33: =IF(AJ33="","",BC33-BE33) | BJ33: =IF(BH33="","",BH33*BI33) | BL33: =IF(BH33="","",BK33*BH33) | BM33: =IF(AQ33="","",BJ33-BL33) | BO33: =IF(F33="","",F33+M33+T33+AA33+AH33+AO33+AV33+BC33+BJ33) | BP33: =IF(A33="","",I33+P33+W33+AD33+AK33+AR33+AY33+BF33+BM33)
F34: =IF(D34="","",D34*E34) | H34: =IF(A34="","",G34*D34) | I34: =IF(A34="","",F34-H34) | M34: =IF(K34="","",K34*L34) | O34: =IF(A34="","",N34*K34) | P34: =IF(A34="","",M34-O34) | T34: =IF(R34="","",R34*S34) | V34: =IF(R34="","",U34*R34) | W34: =IF(A34="","",T34-V34) | AA34: =IF(Y34="","",Y34*Z34) | AC34: =IF(Y34="","",AB34*Y34) | AD34: =IF(H34="","",AA34-AC34) | AH34: =IF(AF34="","",AF34*AG34) | AJ34: =IF(AF34="","",AI34*AF34) | AK34: =IF(O34="","",AH34-AJ34) | AO34: =IF(AM34="","",AM34*AN34) | AQ34: =IF(AM34="","",AP34*AM34) | AR34: =IF(V34="","",AO34-AQ34) | AV34: =IF(AT34="","",AT34*AU34) | AX34: =IF(AT34="","",AW34*AT34) | AY34: =IF(AC34="","",AV34-AX34) | BC34: =IF(BA34="","",BA34*BB34) | BE34: =IF(BA34="","",BD34*BA34) | BF34: =IF(AJ34="","",BC34-BE34) | BJ34: =IF(BH34="","",BH34*BI34) | BL34: =IF(BH34="","",BK34*BH34) | BM34: =IF(AQ34="","",BJ34-BL34) | BO34: =IF(F34="","",F34+M34+T34+AA34+AH34+AO34+AV34+BC34+BJ34) | BP34: =IF(A34="","",I34+P34+W34+AD34+AK34+AR34+AY34+BF34+BM34)
F35: =IF(D35="","",D35*E35) | H35: =IF(A35="","",G35*D35) | I35: =IF(A35="","",F35-H35) | M35: =IF(K35="","",K35*L35) | O35: =IF(A35="","",N35*K35) | P35: =IF(A35="","",M35-O35) | T35: =IF(R35="","",R35*S35) | V35: =IF(R35="","",U35*R35) | W35: =IF(A35="","",T35-V35) | AA35: =IF(Y35="","",Y35*Z35) | AC35: =IF(Y35="","",AB35*Y35) | AD35: =IF(H35="","",AA35-AC35) | AH35: =IF(AF35="","",AF35*AG35) | AJ35: =IF(AF35="","",AI35*AF35) | AK35: =IF(O35="","",AH35-AJ35) | AO35: =IF(AM35="","",AM35*AN35) | AQ35: =IF(AM35="","",AP35*AM35) | AR35: =IF(V35="","",AO35-AQ35) | AV35: =IF(AT35="","",AT35*AU35) | AX35: =IF(AT35="","",AW35*AT35) | AY35: =IF(AC35="","",AV35-AX35) | BC35: =IF(BA35="","",BA35*BB35) | BE35: =IF(BA35="","",BD35*BA35) | BF35: =IF(AJ35="","",BC35-BE35) | BJ35: =IF(BH35="","",BH35*BI35) | BL35: =IF(BH35="","",BK35*BH35) | BM35: =IF(AQ35="","",BJ35-BL35) | BO35: =IF(F35="","",F35+M35+T35+AA35+AH35+AO35+AV35+BC35+BJ35) | BP35: =IF(A35="","",I35+P35+W35+AD35+AK35+AR35+AY35+BF35+BM35)
F36: =IF(D36="","",D36*E36) | H36: =IF(A36="","",G36*D36) | I36: =IF(A36="","",F36-H36) | M36: =IF(K36="","",K36*L36) | O36: =IF(A36="","",N36*K36) | P36: =IF(A36="","",M36-O36) | T36: =IF(R36="","",R36*S36) | V36: =IF(R36="","",U36*R36) | W36: =IF(A36="","",T36-V36) | AA36: =IF(Y36="","",Y36*Z36) | AC36: =IF(Y36="","",AB36*Y36) | AD36: =IF(H36="","",AA36-AC36) | AH36: =IF(AF36="","",AF36*AG36) | AJ36: =IF(AF36="","",AI36*AF36) | AK36: =IF(O36="","",AH36-AJ36) | AO36: =IF(AM36="","",AM36*AN36) | AQ36: =IF(AM36="","",AP36*AM36) | AR36: =IF(V36="","",AO36-AQ36) | AV36: =IF(AT36="","",AT36*AU36) | AX36: =IF(AT36="","",AW36*AT36) | AY36: =IF(AC36="","",AV36-AX36) | BC36: =IF(BA36="","",BA36*BB36) | BE36: =IF(BA36="","",BD36*BA36) | BF36: =IF(AJ36="","",BC36-BE36) | BJ36: =IF(BH36="","",BH36*BI36) | BL36: =IF(BH36="","",BK36*BH36) | BM36: =IF(AQ36="","",BJ36-BL36) | BO36: =IF(F36="","",F36+M36+T36+AA36+AH36+AO36+AV36+BC36+BJ36) | BP36: =IF(A36="","",I36+P36+W36+AD36+AK36+AR36+AY36+BF36+BM36)
F37: =IF(D37="","",D37*E37) | H37: =IF(A37="","",G37*D37) | I37: =IF(A37="","",F37-H37) | M37: =IF(K37="","",K37*L37) | O37: =IF(A37="","",N37*K37) | P37: =IF(A37="","",M37-O37) | T37: =IF(R37="","",R37*S37) | V37: =IF(R37="","",U37*R37) | W37: =IF(A37="","",T37-V37) | AA37: =IF(Y37="","",Y37*Z37) | AC37: =IF(Y37="","",AB37*Y37) | AD37: =IF(H37="","",AA37-AC37) | AH37: =IF(AF37="","",AF37*AG37) | AJ37: =IF(AF37="","",AI37*AF37) | AK37: =IF(O37="","",AH37-AJ37) | AO37: =IF(AM37="","",AM37*AN37) | AQ37: =IF(AM37="","",AP37*AM37) | AR37: =IF(V37="","",AO37-AQ37) | AV37: =IF(AT37="","",AT37*AU37) | AX37: =IF(AT37="","",AW37*AT37) | AY37: =IF(AC37="","",AV37-AX37) | BC37: =IF(BA37="","",BA37*BB37) | BE37: =IF(BA37="","",BD37*BA37) | BF37: =IF(AJ37="","",BC37-BE37) | BJ37: =IF(BH37="","",BH37*BI37) | BL37: =IF(BH37="","",BK37*BH37) | BM37: =IF(AQ37="","",BJ37-BL37) | BO37: =IF(F37="","",F37+M37+T37+AA37+AH37+AO37+AV37+BC37+BJ37) | BP37: =IF(A37="","",I37+P37+W37+AD37+AK37+AR37+AY37+BF37+BM37)
D38: =SUM(D27:D37) -> 0 | H38: =IF(A38="","",G38*D38) | I38: =SUM(I27:I37) -> 0 | K38: =SUM(K27:K37) -> 0 | O38: =IF(A38="","",N38*K38) | P38: =SUM(P27:P37) -> 0 | R38: =SUM(R27:R37) -> 0 | W38: =SUM(W27:W37) -> 0 | Y38: =SUM(Y27:Y37) -> 0 | AD38: =SUM(AD27:AD37) -> 0 | AF38: =SUM(AF27:AF37) -> 0 | AK38: =SUM(AK27:AK37) -> 0 | AM38: =SUM(AM27:AM37) -> 0 | AR38: =SUM(AR27:AR37) -> 0 | AT38: =SUM(AT27:AT37) -> 0 | AY38: =SUM(AY27:AY37) -> 0 | BA38: =SUM(BA27:BA37) -> 0 | BF38: =SUM(BF27:BF37) -> 0 | BH38: =SUM(BH27:BH37) -> 0 | BM38: =SUM(BM27:BM37) -> 0 | BO38: =SUM(BO27:BO37) -> 0 | BP38: =SUM(BP27:BP37) -> 0 | BQ38: =BO38 -> 0
D39: Mars | H39: =IF(A39="","",G39*D39) | O39: =IF(A39="","",N39*K39) | V39: =IF(R39="","",U39*R39) | AA39: =IF(Y39="","",Y39*Z39) | AC39: =IF(Y39="","",AB39*Y39) | AH39: =IF(AF39="","",AF39*AG39) | AJ39: =IF(AF39="","",AI39*AF39) | AO39: =IF(AM39="","",AM39*AN39) | AQ39: =IF(AM39="","",AP39*AM39) | AV39: =IF(AT39="","",AT39*AU39) | AX39: =IF(AT39="","",AW39*AT39) | BC39: =IF(BA39="","",BA39*BB39) | BE39: =IF(BA39="","",BD39*BA39) | BJ39: =IF(BH39="","",BH39*BI39) | BL39: =IF(BH39="","",BK39*BH39)
F40: =IF(D40="","",D40*E40) | H40: =IF(A40="","",G40*D40) | I40: =IF(A40="","",F40-H40) | M40: =IF(K40="","",K40*L40) | O40: =IF(A40="","",N40*K40) | P40: =IF(A40="","",M40-O40) | T40: =IF(R40="","",R40*S40) | V40: =IF(R40="","",U40*R40) | W40: =IF(A40="","",T40-V40) | AA40: =IF(Y40="","",Y40*Z40) | AC40: =IF(Y40="","",AB40*Y40) | AD40: =IF(H40="","",AA40-AC40) | AH40: =IF(AF40="","",AF40*AG40) | AJ40: =IF(AF40="","",AI40*AF40) | AK40: =IF(O40="","",AH40-AJ40) | AO40: =IF(AM40="","",AM40*AN40) | AQ40: =IF(AM40="","",AP40*AM40) | AR40: =IF(V40="","",AO40-AQ40) | AV40: =IF(AT40="","",AT40*AU40) | AX40: =IF(AT40="","",AW40*AT40) | AY40: =IF(AC40="","",AV40-AX40) | BC40: =IF(BA40="","",BA40*BB40) | BE40: =IF(BA40="","",BD40*BA40) | BF40: =IF(AJ40="","",BC40-BE40) | BJ40: =IF(BH40="","",BH40*BI40) | BL40: =IF(BH40="","",BK40*BH40) | BM40: =IF(AQ40="","",BJ40-BL40) | BO40: =IF(F40="","",F40+M40+T40+AA40+AH40+AO40+AV40+BC40+BJ40) | BP40: =IF(A40="","",I40+P40+W40+AD40+AK40+AR40+AY40+BF40+BM40)
F41: =IF(D41="","",D41*E41) | H41: =IF(A41="","",G41*D41) | I41: =IF(A41="","",F41-H41) | M41: =IF(K41="","",K41*L41) | O41: =IF(A41="","",N41*K41) | P41: =IF(A41="","",M41-O41) | T41: =IF(R41="","",R41*S41) | V41: =IF(R41="","",U41*R41) | W41: =IF(A41="","",T41-V41) | AA41: =IF(Y41="","",Y41*Z41) | AC41: =IF(Y41="","",AB41*Y41) | AD41: =IF(H41="","",AA41-AC41) | AH41: =IF(AF41="","",AF41*AG41) | AJ41: =IF(AF41="","",AI41*AF41) | AK41: =IF(O41="","",AH41-AJ41) | AO41: =IF(AM41="","",AM41*AN41) | AQ41: =IF(AM41="","",AP41*AM41) | AR41: =IF(V41="","",AO41-AQ41) | AV41: =IF(AT41="","",AT41*AU41) | AX41: =IF(AT41="","",AW41*AT41) | AY41: =IF(AC41="","",AV41-AX41) | BC41: =IF(BA41="","",BA41*BB41) | BE41: =IF(BA41="","",BD41*BA41) | BF41: =IF(AJ41="","",BC41-BE41) | BJ41: =IF(BH41="","",BH41*BI41) | BL41: =IF(BH41="","",BK41*BH41) | BM41: =IF(AQ41="","",BJ41-BL41) | BO41: =IF(F41="","",F41+M41+T41+AA41+AH41+AO41+AV41+BC41+BJ41) | BP41: =IF(A41="","",I41+P41+W41+AD41+AK41+AR41+AY41+BF41+BM41)
F42: =IF(D42="","",D42*E42) | H42: =IF(A42="","",G42*D42) | I42: =IF(A42="","",F42-H42) | M42: =IF(K42="","",K42*L42) | O42: =IF(A42="","",N42*K42) | P42: =IF(A42="","",M42-O42) | T42: =IF(R42="","",R42*S42) | V42: =IF(R42="","",U42*R42) | W42: =IF(A42="","",T42-V42) | AA42: =IF(Y42="","",Y42*Z42) | AC42: =IF(Y42="","",AB42*Y42) | AD42: =IF(H42="","",AA42-AC42) | AH42: =IF(AF42="","",AF42*AG42) | AJ42: =IF(AF42="","",AI42*AF42) | AK42: =IF(O42="","",AH42-AJ42) | AO42: =IF(AM42="","",AM42*AN42) | AQ42: =IF(AM42="","",AP42*AM42) | AR42: =IF(V42="","",AO42-AQ42) | AV42: =IF(AT42="","",AT42*AU42) | AX42: =IF(AT42="","",AW42*AT42) | AY42: =IF(AC42="","",AV42-AX42) | BC42: =IF(BA42="","",BA42*BB42) | BE42: =IF(BA42="","",BD42*BA42) | BF42: =IF(AJ42="","",BC42-BE42) | BJ42: =IF(BH42="","",BH42*BI42) | BL42: =IF(BH42="","",BK42*BH42) | BM42: =IF(AQ42="","",BJ42-BL42) | BO42: =IF(F42="","",F42+M42+T42+AA42+AH42+AO42+AV42+BC42+BJ42) | BP42: =IF(A42="","",I42+P42+W42+AD42+AK42+AR42+AY42+BF42+BM42)
F43: =IF(D43="","",D43*E43) | H43: =IF(A43="","",G43*D43) | I43: =IF(A43="","",F43-H43) | M43: =IF(K43="","",K43*L43) | O43: =IF(A43="","",N43*K43) | P43: =IF(A43="","",M43-O43) | T43: =IF(R43="","",R43*S43) | V43: =IF(R43="","",U43*R43) | W43: =IF(A43="","",T43-V43) | AA43: =IF(Y43="","",Y43*Z43) | AC43: =IF(Y43="","",AB43*Y43) | AD43: =IF(H43="","",AA43-AC43) | AH43: =IF(AF43="","",AF43*AG43) | AJ43: =IF(AF43="","",AI43*AF43) | AK43: =IF(O43="","",AH43-AJ43) | AO43: =IF(AM43="","",AM43*AN43) | AQ43: =IF(AM43="","",AP43*AM43) | AR43: =IF(V43="","",AO43-AQ43) | AV43: =IF(AT43="","",AT43*AU43) | AX43: =IF(AT43="","",AW43*AT43) | AY43: =IF(AC43="","",AV43-AX43) | BC43: =IF(BA43="","",BA43*BB43) | BE43: =IF(BA43="","",BD43*BA43) | BF43: =IF(AJ43="","",BC43-BE43) | BJ43: =IF(BH43="","",BH43*BI43) | BL43: =IF(BH43="","",BK43*BH43) | BM43: =IF(AQ43="","",BJ43-BL43) | BO43: =IF(F43="","",F43+M43+T43+AA43+AH43+AO43+AV43+BC43+BJ43) | BP43: =IF(A43="","",I43+P43+W43+AD43+AK43+AR43+AY43+BF43+BM43)
F44: =IF(D44="","",D44*E44) | H44: =IF(A44="","",G44*D44) | I44: =IF(A44="","",F44-H44) | M44: =IF(K44="","",K44*L44) | O44: =IF(A44="","",N44*K44) | P44: =IF(A44="","",M44-O44) | T44: =IF(R44="","",R44*S44) | V44: =IF(R44="","",U44*R44) | W44: =IF(A44="","",T44-V44) | AA44: =IF(Y44="","",Y44*Z44) | AC44: =IF(Y44="","",AB44*Y44) | AD44: =IF(H44="","",AA44-AC44) | AH44: =IF(AF44="","",AF44*AG44) | AJ44: =IF(AF44="","",AI44*AF44) | AK44: =IF(O44="","",AH44-AJ44) | AO44: =IF(AM44="","",AM44*AN44) | AQ44: =IF(AM44="","",AP44*AM44) | AR44: =IF(V44="","",AO44-AQ44) | AV44: =IF(AT44="","",AT44*AU44) | AX44: =IF(AT44="","",AW44*AT44) | AY44: =IF(AC44="","",AV44-AX44) | BC44: =IF(BA44="","",BA44*BB44) | BE44: =IF(BA44="","",BD44*BA44) | BF44: =IF(AJ44="","",BC44-BE44) | BJ44: =IF(BH44="","",BH44*BI44) | BL44: =IF(BH44="","",BK44*BH44) | BM44: =IF(AQ44="","",BJ44-BL44) | BO44: =IF(F44="","",F44+M44+T44+AA44+AH44+AO44+AV44+BC44+BJ44) | BP44: =IF(A44="","",I44+P44+W44+AD44+AK44+AR44+AY44+BF44+BM44)
F45: =IF(D45="","",D45*E45) | H45: =IF(A45="","",G45*D45) | I45: =IF(A45="","",F45-H45) | M45: =IF(K45="","",K45*L45) | O45: =IF(A45="","",N45*K45) | P45: =IF(A45="","",M45-O45) | T45: =IF(R45="","",R45*S45) | V45: =IF(R45="","",U45*R45) | W45: =IF(A45="","",T45-V45) | AA45: =IF(Y45="","",Y45*Z45) | AC45: =IF(Y45="","",AB45*Y45) | AD45: =IF(H45="","",AA45-AC45) | AH45: =IF(AF45="","",AF45*AG45) | AJ45: =IF(AF45="","",AI45*AF45) | AK45: =IF(O45="","",AH45-AJ45) | AO45: =IF(AM45="","",AM45*AN45) | AQ45: =IF(AM45="","",AP45*AM45) | AR45: =IF(V45="","",AO45-AQ45) | AV45: =IF(AT45="","",AT45*AU45) | AX45: =IF(AT45="","",AW45*AT45) | AY45: =IF(AC45="","",AV45-AX45) | BC45: =IF(BA45="","",BA45*BB45) | BE45: =IF(BA45="","",BD45*BA45) | BF45: =IF(AJ45="","",BC45-BE45) | BJ45: =IF(BH45="","",BH45*BI45) | BL45: =IF(BH45="","",BK45*BH45) | BM45: =IF(AQ45="","",BJ45-BL45) | BO45: =IF(F45="","",F45+M45+T45+AA45+AH45+AO45+AV45+BC45+BJ45) | BP45: =IF(A45="","",I45+P45+W45+AD45+AK45+AR45+AY45+BF45+BM45)
F46: =IF(D46="","",D46*E46) | H46: =IF(A46="","",G46*D46) | I46: =IF(A46="","",F46-H46) | M46: =IF(K46="","",K46*L46) | O46: =IF(A46="","",N46*K46) | P46: =IF(A46="","",M46-O46) | T46: =IF(R46="","",R46*S46) | V46: =IF(R46="","",U46*R46) | W46: =IF(A46="","",T46-V46) | AA46: =IF(Y46="","",Y46*Z46) | AC46: =IF(Y46="","",AB46*Y46) | AD46: =IF(H46="","",AA46-AC46) | AH46: =IF(AF46="","",AF46*AG46) | AJ46: =IF(AF46="","",AI46*AF46) | AK46: =IF(O46="","",AH46-AJ46) | AO46: =IF(AM46="","",AM46*AN46) | AQ46: =IF(AM46="","",AP46*AM46) | AR46: =IF(V46="","",AO46-AQ46) | AV46: =IF(AT46="","",AT46*AU46) | AX46: =IF(AT46="","",AW46*AT46) | AY46: =IF(AC46="","",AV46-AX46) | BC46: =IF(BA46="","",BA46*BB46) | BE46: =IF(BA46="","",BD46*BA46) | BF46: =IF(AJ46="","",BC46-BE46) | BJ46: =IF(BH46="","",BH46*BI46) | BL46: =IF(BH46="","",BK46*BH46) | BM46: =IF(AQ46="","",BJ46-BL46) | BO46: =IF(F46="","",F46+M46+T46+AA46+AH46+AO46+AV46+BC46+BJ46) | BP46: =IF(A46="","",I46+P46+W46+AD46+AK46+AR46+AY46+BF46+BM46)
F47: =IF(D47="","",D47*E47) | H47: =IF(A47="","",G47*D47) | I47: =IF(A47="","",F47-H47) | M47: =IF(K47="","",K47*L47) | O47: =IF(A47="","",N47*K47) | P47: =IF(A47="","",M47-O47) | T47: =IF(R47="","",R47*S47) | V47: =IF(R47="","",U47*R47) | W47: =IF(A47="","",T47-V47) | AA47: =IF(Y47="","",Y47*Z47) | AC47: =IF(Y47="","",AB47*Y47) | AD47: =IF(H47="","",AA47-AC47) | AH47: =IF(AF47="","",AF47*AG47) | AJ47: =IF(AF47="","",AI47*AF47) | AK47: =IF(O47="","",AH47-AJ47) | AO47: =IF(AM47="","",AM47*AN47) | AQ47: =IF(AM47="","",AP47*AM47) | AR47: =IF(V47="","",AO47-AQ47) | AV47: =IF(AT47="","",AT47*AU47) | AX47: =IF(AT47="","",AW47*AT47) | AY47: =IF(AC47="","",AV47-AX47) | BC47: =IF(BA47="","",BA47*BB47) | BE47: =IF(BA47="","",BD47*BA47) | BF47: =IF(AJ47="","",BC47-BE47) | BJ47: =IF(BH47="","",BH47*BI47) | BL47: =IF(BH47="","",BK47*BH47) | BM47: =IF(AQ47="","",BJ47-BL47) | BO47: =IF(F47="","",F47+M47+T47+AA47+AH47+AO47+AV47+BC47+BJ47) | BP47: =IF(A47="","",I47+P47+W47+AD47+AK47+AR47+AY47+BF47+BM47)
F48: =IF(D48="","",D48*E48) | H48: =IF(A48="","",G48*D48) | I48: =IF(A48="","",F48-H48) | M48: =IF(K48="","",K48*L48) | O48: =IF(A48="","",N48*K48) | P48: =IF(A48="","",M48-O48) | T48: =IF(R48="","",R48*S48) | V48: =IF(R48="","",U48*R48) | W48: =IF(A48="","",T48-V48) | AA48: =IF(Y48="","",Y48*Z48) | AC48: =IF(Y48="","",AB48*Y48) | AD48: =IF(H48="","",AA48-AC48) | AH48: =IF(AF48="","",AF48*AG48) | AJ48: =IF(AF48="","",AI48*AF48) | AK48: =IF(O48="","",AH48-AJ48) | AO48: =IF(AM48="","",AM48*AN48) | AQ48: =IF(AM48="","",AP48*AM48) | AR48: =IF(V48="","",AO48-AQ48) | AV48: =IF(AT48="","",AT48*AU48) | AX48: =IF(AT48="","",AW48*AT48) | AY48: =IF(AC48="","",AV48-AX48) | BC48: =IF(BA48="","",BA48*BB48) | BE48: =IF(BA48="","",BD48*BA48) | BF48: =IF(AJ48="","",BC48-BE48) | BJ48: =IF(BH48="","",BH48*BI48) | BL48: =IF(BH48="","",BK48*BH48) | BM48: =IF(AQ48="","",BJ48-BL48) | BO48: =IF(F48="","",F48+M48+T48+AA48+AH48+AO48+AV48+BC48+BJ48) | BP48: =IF(A48="","",I48+P48+W48+AD48+AK48+AR48+AY48+BF48+BM48)
F49: =IF(D49="","",D49*E49) | H49: =IF(A49="","",G49*D49) | I49: =IF(A49="","",F49-H49) | M49: =IF(K49="","",K49*L49) | O49: =IF(A49="","",N49*K49) | P49: =IF(A49="","",M49-O49) | T49: =IF(R49="","",R49*S49) | V49: =IF(R49="","",U49*R49) | W49: =IF(A49="","",T49-V49) | AA49: =IF(Y49="","",Y49*Z49) | AC49: =IF(Y49="","",AB49*Y49) | AD49: =IF(H49="","",AA49-AC49) | AH49: =IF(AF49="","",AF49*AG49) | AJ49: =IF(AF49="","",AI49*AF49) | AK49: =IF(O49="","",AH49-AJ49) | AO49: =IF(AM49="","",AM49*AN49) | AQ49: =IF(AM49="","",AP49*AM49) | AR49: =IF(V49="","",AO49-AQ49) | AV49: =IF(AT49="","",AT49*AU49) | AX49: =IF(AT49="","",AW49*AT49) | AY49: =IF(AC49="","",AV49-AX49) | BC49: =IF(BA49="","",BA49*BB49) | BE49: =IF(BA49="","",BD49*BA49) | BF49: =IF(AJ49="","",BC49-BE49) | BJ49: =IF(BH49="","",BH49*BI49) | BL49: =IF(BH49="","",BK49*BH49) | BM49: =IF(AQ49="","",BJ49-BL49) | BO49: =IF(F49="","",F49+M49+T49+AA49+AH49+AO49+AV49+BC49+BJ49) | BP49: =IF(A49="","",I49+P49+W49+AD49+AK49+AR49+AY49+BF49+BM49)
F50: =IF(D50="","",D50*E50) | H50: =IF(A50="","",G50*D50) | I50: =IF(A50="","",F50-H50) | M50: =IF(K50="","",K50*L50) | O50: =IF(A50="","",N50*K50) | P50: =IF(A50="","",M50-O50) | T50: =IF(R50="","",R50*S50) | V50: =IF(R50="","",U50*R50) | W50: =IF(A50="","",T50-V50) | AA50: =IF(Y50="","",Y50*Z50) | AC50: =IF(Y50="","",AB50*Y50) | AD50: =IF(H50="","",AA50-AC50) | AH50: =IF(AF50="","",AF50*AG50) | AJ50: =IF(AF50="","",AI50*AF50) | AK50: =IF(O50="","",AH50-AJ50) | AO50: =IF(AM50="","",AM50*AN50) | AQ50: =IF(AM50="","",AP50*AM50) | AR50: =IF(V50="","",AO50-AQ50) | AV50: =IF(AT50="","",AT50*AU50) | AX50: =IF(AT50="","",AW50*AT50) | AY50: =IF(AC50="","",AV50-AX50) | BC50: =IF(BA50="","",BA50*BB50) | BE50: =IF(BA50="","",BD50*BA50) | BF50: =IF(AJ50="","",BC50-BE50) | BJ50: =IF(BH50="","",BH50*BI50) | BL50: =IF(BH50="","",BK50*BH50) | BM50: =IF(AQ50="","",BJ50-BL50) | BO50: =IF(F50="","",F50+M50+T50+AA50+AH50+AO50+AV50+BC50+BJ50) | BP50: =IF(A50="","",I50+P50+W50+AD50+AK50+AR50+AY50+BF50+BM50)
F51: =IF(D51="","",D51*E51) | H51: =IF(A51="","",G51*D51) | I51: =IF(A51="","",F51-H51) | M51: =IF(K51="","",K51*L51) | O51: =IF(A51="","",N51*K51) | P51: =IF(A51="","",M51-O51) | T51: =IF(R51="","",R51*S51) | V51: =IF(R51="","",U51*R51) | W51: =IF(A51="","",T51-V51) | AA51: =IF(Y51="","",Y51*Z51) | AC51: =IF(Y51="","",AB51*Y51) | AD51: =IF(H51="","",AA51-AC51) | AH51: =IF(AF51="","",AF51*AG51) | AJ51: =IF(AF51="","",AI51*AF51) | AK51: =IF(O51="","",AH51-AJ51) | AO51: =IF(AM51="","",AM51*AN51) | AQ51: =IF(AM51="","",AP51*AM51) | AR51: =IF(V51="","",AO51-AQ51) | AV51: =IF(AT51="","",AT51*AU51) | AX51: =IF(AT51="","",AW51*AT51) | AY51: =IF(AC51="","",AV51-AX51) | BC51: =IF(BA51="","",BA51*BB51) | BE51: =IF(BA51="","",BD51*BA51) | BF51: =IF(AJ51="","",BC51-BE51) | BJ51: =IF(BH51="","",BH51*BI51) | BL51: =IF(BH51="","",BK51*BH51) | BM51: =IF(AQ51="","",BJ51-BL51) | BO51: =IF(F51="","",F51+M51+T51+AA51+AH51+AO51+AV51+BC51+BJ51) | BP51: =IF(A51="","",I51+P51+W51+AD51+AK51+AR51+AY51+BF51+BM51)
F52: =IF(D52="","",D52*E52) | H52: =IF(A52="","",G52*D52) | I52: =IF(A52="","",F52-H52) | M52: =IF(K52="","",K52*L52) | O52: =IF(A52="","",N52*K52) | P52: =IF(A52="","",M52-O52) | T52: =IF(R52="","",R52*S52) | V52: =IF(R52="","",U52*R52) | W52: =IF(A52="","",T52-V52) | AA52: =IF(Y52="","",Y52*Z52) | AC52: =IF(Y52="","",AB52*Y52) | AD52: =IF(H52="","",AA52-AC52) | AH52: =IF(AF52="","",AF52*AG52) | AJ52: =IF(AF52="","",AI52*AF52) | AK52: =IF(O52="","",AH52-AJ52) | AO52: =IF(AM52="","",AM52*AN52) | AQ52: =IF(AM52="","",AP52*AM52) | AR52: =IF(V52="","",AO52-AQ52) | AV52: =IF(AT52="","",AT52*AU52) | AX52: =IF(AT52="","",AW52*AT52) | AY52: =IF(AC52="","",AV52-AX52) | BC52: =IF(BA52="","",BA52*BB52) | BE52: =IF(BA52="","",BD52*BA52) | BF52: =IF(AJ52="","",BC52-BE52) | BJ52: =IF(BH52="","",BH52*BI52) | BL52: =IF(BH52="","",BK52*BH52) | BM52: =IF(AQ52="","",BJ52-BL52) | BO52: =IF(F52="","",F52+M52+T52+AA52+AH52+AO52+AV52+BC52+BJ52) | BP52: =IF(A52="","",I52+P52+W52+AD52+AK52+AR52+AY52+BF52+BM52)
D53: =SUM(D40:D52) -> 0 | H53: =IF(A53="","",G53*D53) | I53: =SUM(I40:I52) -> 0 | K53: =SUM(K40:K52) -> 0 | O53: =IF(A53="","",N53*K53) | P53: =SUM(P40:P52) -> 0 | R53: =SUM(R42:R52) -> 0 | W53: =SUM(W42:W52) -> 0 | Y53: =SUM(Y42:Y52) -> 0 | AD53: =SUM(AD42:AD52) -> 0 | AF53: =SUM(AF42:AF52) -> 0 | AK53: =SUM(AK42:AK52) -> 0 | AM53: =SUM(AM42:AM52) -> 0 | AR53: =SUM(AR42:AR52) -> 0 | AT53: =SUM(AT42:AT52) -> 0 | AY53: =SUM(AY42:AY52) -> 0 | BA53: =SUM(BA42:BA52) -> 0 | BF53: =SUM(BF42:BF52) -> 0 | BH53: =SUM(BH42:BH52) -> 0 | BM53: =SUM(BM42:BM52) -> 0 | BO53: =SUM(BO40:BO52) -> 0 | BP53: =SUM(BP40:BP52) -> 0 | BQ53: =BO53 -> 0
D54: Avril | H54: =IF(A54="","",G54*D54) | O54: =IF(A54="","",N54*K54) | V54: =IF(R54="","",U54*R54) | AA54: =IF(Y54="","",Y54*Z54) | AC54: =IF(Y54="","",AB54*Y54) | AH54: =IF(AF54="","",AF54*AG54) | AJ54: =IF(AF54="","",AI54*AF54) | AO54: =IF(AM54="","",AM54*AN54) | AQ54: =IF(AM54="","",AP54*AM54) | AV54: =IF(AT54="","",AT54*AU54) | AX54: =IF(AT54="","",AW54*AT54) | BC54: =IF(BA54="","",BA54*BB54) | BE54: =IF(BA54="","",BD54*BA54) | BJ54: =IF(BH54="","",BH54*BI54) | BL54: =IF(BH54="","",BK54*BH54)
F55: =IF(D55="","",D55*E55) | H55: =IF(A55="","",G55*D55) | I55: =IF(A55="","",F55-H55) | M55: =IF(K55="","",K55*L55) | O55: =IF(A55="","",N55*K55) | P55: =IF(A55="","",M55-O55) | T55: =IF(R55="","",R55*S55) | V55: =IF(R55="","",U55*R55) | W55: =IF(A55="","",T55-V55) | AA55: =IF(Y55="","",Y55*Z55) | AC55: =IF(Y55="","",AB55*Y55) | AD55: =IF(H55="","",AA55-AC55) | AH55: =IF(AF55="","",AF55*AG55) | AJ55: =IF(AF55="","",AI55*AF55) | AK55: =IF(O55="","",AH55-AJ55) | AO55: =IF(AM55="","",AM55*AN55) | AQ55: =IF(AM55="","",AP55*AM55) | AR55: =IF(V55="","",AO55-AQ55) | AV55: =IF(AT55="","",AT55*AU55) | AX55: =IF(AT55="","",AW55*AT55) | AY55: =IF(AC55="","",AV55-AX55) | BC55: =IF(BA55="","",BA55*BB55) | BE55: =IF(BA55="","",BD55*BA55) | BF55: =IF(AJ55="","",BC55-BE55) | BJ55: =IF(BH55="","",BH55*BI55) | BL55: =IF(BH55="","",BK55*BH55) | BM55: =IF(AQ55="","",BJ55-BL55) | BO55: =IF(F55="","",F55+M55+T55+AA55+AH55+AO55+AV55+BC55+BJ55) | BP55: =IF(A55="","",I55+P55+W55+AD55+AK55+AR55+AY55+BF55+BM55)
F56: =IF(D56="","",D56*E56) | H56: =IF(A56="","",G56*D56) | I56: =IF(A56="","",F56-H56) | M56: =IF(K56="","",K56*L56) | O56: =IF(A56="","",N56*K56) | P56: =IF(A56="","",M56-O56) | T56: =IF(R56="","",R56*S56) | V56: =IF(R56="","",U56*R56) | W56: =IF(A56="","",T56-V56) | AA56: =IF(Y56="","",Y56*Z56) | AC56: =IF(Y56="","",AB56*Y56) | AD56: =IF(H56="","",AA56-AC56) | AH56: =IF(AF56="","",AF56*AG56) | AJ56: =IF(AF56="","",AI56*AF56) | AK56: =IF(O56="","",AH56-AJ56) | AO56: =IF(AM56="","",AM56*AN56) | AQ56: =IF(AM56="","",AP56*AM56) | AR56: =IF(V56="","",AO56-AQ56) | AV56: =IF(AT56="","",AT56*AU56) | AX56: =IF(AT56="","",AW56*AT56) | AY56: =IF(AC56="","",AV56-AX56) | BC56: =IF(BA56="","",BA56*BB56) | BE56: =IF(BA56="","",BD56*BA56) | BF56: =IF(AJ56="","",BC56-BE56) | BJ56: =IF(BH56="","",BH56*BI56) | BL56: =IF(BH56="","",BK56*BH56) | BM56: =IF(AQ56="","",BJ56-BL56) | BO56: =IF(F56="","",F56+M56+T56+AA56+AH56+AO56+AV56+BC56+BJ56) | BP56: =IF(A56="","",I56+P56+W56+AD56+AK56+AR56+AY56+BF56+BM56)
F57: =IF(D57="","",D57*E57) | H57: =IF(A57="","",G57*D57) | I57: =IF(A57="","",F57-H57) | M57: =IF(K57="","",K57*L57) | O57: =IF(A57="","",N57*K57) | P57: =IF(A57="","",M57-O57) | T57: =IF(R57="","",R57*S57) | V57: =IF(R57="","",U57*R57) | W57: =IF(A57="","",T57-V57) | AA57: =IF(Y57="","",Y57*Z57) | AC57: =IF(Y57="","",AB57*Y57) | AD57: =IF(H57="","",AA57-AC57) | AH57: =IF(AF57="","",AF57*AG57) | AJ57: =IF(AF57="","",AI57*AF57) | AK57: =IF(O57="","",AH57-AJ57) | AO57: =IF(AM57="","",AM57*AN57) | AQ57: =IF(AM57="","",AP57*AM57) | AR57: =IF(V57="","",AO57-AQ57) | AV57: =IF(AT57="","",AT57*AU57) | AX57: =IF(AT57="","",AW57*AT57) | AY57: =IF(AC57="","",AV57-AX57) | BC57: =IF(BA57="","",BA57*BB57) | BE57: =IF(BA57="","",BD57*BA57) | BF57: =IF(AJ57="","",BC57-BE57) | BJ57: =IF(BH57="","",BH57*BI57) | BL57: =IF(BH57="","",BK57*BH57) | BM57: =IF(AQ57="","",BJ57-BL57) | BO57: =IF(F57="","",F57+M57+T57+AA57+AH57+AO57+AV57+BC57+BJ57) | BP57: =IF(A57="","",I57+P57+W57+AD57+AK57+AR57+AY57+BF57+BM57)
F58: =IF(D58="","",D58*E58) | H58: =IF(A58="","",G58*D58) | I58: =IF(A58="","",F58-H58) | M58: =IF(K58="","",K58*L58) | O58: =IF(A58="","",N58*K58) | P58: =IF(A58="","",M58-O58) | T58: =IF(R58="","",R58*S58) | V58: =IF(R58="","",U58*R58) | W58: =IF(A58="","",T58-V58) | AA58: =IF(Y58="","",Y58*Z58) | AC58: =IF(Y58="","",AB58*Y58) | AD58: =IF(H58="","",AA58-AC58) | AH58: =IF(AF58="","",AF58*AG58) | AJ58: =IF(AF58="","",AI58*AF58) | AK58: =IF(O58="","",AH58-AJ58) | AO58: =IF(AM58="","",AM58*AN58) | AQ58: =IF(AM58="","",AP58*AM58) | AR58: =IF(V58="","",AO58-AQ58) | AV58: =IF(AT58="","",AT58*AU58) | AX58: =IF(AT58="","",AW58*AT58) | AY58: =IF(AC58="","",AV58-AX58) | BC58: =IF(BA58="","",BA58*BB58) | BE58: =IF(BA58="","",BD58*BA58) | BF58: =IF(AJ58="","",BC58-BE58) | BJ58: =IF(BH58="","",BH58*BI58) | BL58: =IF(BH58="","",BK58*BH58) | BM58: =IF(AQ58="","",BJ58-BL58) | BO58: =IF(F58="","",F58+M58+T58+AA58+AH58+AO58+AV58+BC58+BJ58) | BP58: =IF(A58="","",I58+P58+W58+AD58+AK58+AR58+AY58+BF58+BM58)
F59: =IF(D59="","",D59*E59) | H59: =IF(A59="","",G59*D59) | I59: =IF(A59="","",F59-H59) | M59: =IF(K59="","",K59*L59) | O59: =IF(A59="","",N59*K59) | P59: =IF(A59="","",M59-O59) | T59: =IF(R59="","",R59*S59) | V59: =IF(R59="","",U59*R59) | W59: =IF(A59="","",T59-V59) | AA59: =IF(Y59="","",Y59*Z59) | AC59: =IF(Y59="","",AB59*Y59) | AD59: =IF(H59="","",AA59-AC59) | AH59: =IF(AF59="","",AF59*AG59) | AJ59: =IF(AF59="","",AI59*AF59) | AK59: =IF(O59="","",AH59-AJ59) | AO59: =IF(AM59="","",AM59*AN59) | AQ59: =IF(AM59="","",AP59*AM59) | AR59: =IF(V59="","",AO59-AQ59) | AV59: =IF(AT59="","",AT59*AU59) | AX59: =IF(AT59="","",AW59*AT59) | AY59: =IF(AC59="","",AV59-AX59) | BC59: =IF(BA59="","",BA59*BB59) | BE59: =IF(BA59="","",BD59*BA59) | BF59: =IF(AJ59="","",BC59-BE59) | BJ59: =IF(BH59="","",BH59*BI59) | BL59: =IF(BH59="","",BK59*BH59) | BM59: =IF(AQ59="","",BJ59-BL59) | BO59: =IF(F59="","",F59+M59+T59+AA59+AH59+AO59+AV59+BC59+BJ59) | BP59: =IF(A59="","",I59+P59+W59+AD59+AK59+AR59+AY59+BF59+BM59)
F60: =IF(D60="","",D60*E60) | H60: =IF(A60="","",G60*D60) | I60: =IF(A60="","",F60-H60) | M60: =IF(K60="","",K60*L60) | O60: =IF(A60="","",N60*K60) | P60: =IF(A60="","",M60-O60) | T60: =IF(R60="","",R60*S60) | V60: =IF(R60="","",U60*R60) | W60: =IF(A60="","",T60-V60) | AA60: =IF(Y60="","",Y60*Z60) | AC60: =IF(Y60="","",AB60*Y60) | AD60: =IF(H60="","",AA60-AC60) | AH60: =IF(AF60="","",AF60*AG60) | AJ60: =IF(AF60="","",AI60*AF60) | AK60: =IF(O60="","",AH60-AJ60) | AO60: =IF(AM60="","",AM60*AN60) | AQ60: =IF(AM60="","",AP60*AM60) | AR60: =IF(V60="","",AO60-AQ60) | AV60: =IF(AT60="","",AT60*AU60) | AX60: =IF(AT60="","",AW60*AT60) | AY60: =IF(AC60="","",AV60-AX60) | BC60: =IF(BA60="","",BA60*BB60) | BE60: =IF(BA60="","",BD60*BA60) | BF60: =IF(AJ60="","",BC60-BE60) | BJ60: =IF(BH60="","",BH60*BI60) | BL60: =IF(BH60="","",BK60*BH60) | BM60: =IF(AQ60="","",BJ60-BL60) | BO60: =IF(F60="","",F60+M60+T60+AA60+AH60+AO60+AV60+BC60+BJ60) | BP60: =IF(A60="","",I60+P60+W60+AD60+AK60+AR60+AY60+BF60+BM60)
F61: =IF(D61="","",D61*E61) | H61: =IF(A61="","",G61*D61) | I61: =IF(A61="","",F61-H61) | M61: =IF(K61="","",K61*L61) | O61: =IF(A61="","",N61*K61) | P61: =IF(A61="","",M61-O61) | T61: =IF(R61="","",R61*S61) | V61: =IF(R61="","",U61*R61) | W61: =IF(A61="","",T61-V61) | AA61: =IF(Y61="","",Y61*Z61) | AC61: =IF(Y61="","",AB61*Y61) | AD61: =IF(H61="","",AA61-AC61) | AH61: =IF(AF61="","",AF61*AG61) | AJ61: =IF(AF61="","",AI61*AF61) | AK61: =IF(O61="","",AH61-AJ61) | AO61: =IF(AM61="","",AM61*AN61) | AQ61: =IF(AM61="","",AP61*AM61) | AR61: =IF(V61="","",AO61-AQ61) | AV61: =IF(AT61="","",AT61*AU61) | AX61: =IF(AT61="","",AW61*AT61) | AY61: =IF(AC61="","",AV61-AX61) | BC61: =IF(BA61="","",BA61*BB61) | BE61: =IF(BA61="","",BD61*BA61) | BF61: =IF(AJ61="","",BC61-BE61) | BJ61: =IF(BH61="","",BH61*BI61) | BL61: =IF(BH61="","",BK61*BH61) | BM61: =IF(AQ61="","",BJ61-BL61) | BO61: =IF(F61="","",F61+M61+T61+AA61+AH61+AO61+AV61+BC61+BJ61) | BP61: =IF(A61="","",I61+P61+W61+AD61+AK61+AR61+AY61+BF61+BM61)
F62: =IF(D62="","",D62*E62) | H62: =IF(A62="","",G62*D62) | I62: =IF(A62="","",F62-H62) | M62: =IF(K62="","",K62*L62) | O62: =IF(A62="","",N62*K62) | P62: =IF(A62="","",M62-O62) | T62: =IF(R62="","",R62*S62) | V62: =IF(R62="","",U62*R62) | W62: =IF(A62="","",T62-V62) | AA62: =IF(Y62="","",Y62*Z62) | AC62: =IF(Y62="","",AB62*Y62) | AD62: =IF(H62="","",AA62-AC62) | AH62: =IF(AF62="","",AF62*AG62) | AJ62: =IF(AF62="","",AI62*AF62) | AK62: =IF(O62="","",AH62-AJ62) | AO62: =IF(AM62="","",AM62*AN62) | AQ62: =IF(AM62="","",AP62*AM62) | AR62: =IF(V62="","",AO62-AQ62) | AV62: =IF(AT62="","",AT62*AU62) | AX62: =IF(AT62="","",AW62*AT62) | AY62: =IF(AC62="","",AV62-AX62) | BC62: =IF(BA62="","",BA62*BB62) | BE62: =IF(BA62="","",BD62*BA62) | BF62: =IF(AJ62="","",BC62-BE62) | BJ62: =IF(BH62="","",BH62*BI62) | BL62: =IF(BH62="","",BK62*BH62) | BM62: =IF(AQ62="","",BJ62-BL62) | BO62: =IF(F62="","",F62+M62+T62+AA62+AH62+AO62+AV62+BC62+BJ62) | BP62: =IF(A62="","",I62+P62+W62+AD62+AK62+AR62+AY62+BF62+BM62)
F63: =IF(D63="","",D63*E63) | H63: =IF(A63="","",G63*D63) | I63: =IF(A63="","",F63-H63) | M63: =IF(K63="","",K63*L63) | O63: =IF(A63="","",N63*K63) | P63: =IF(A63="","",M63-O63) | T63: =IF(R63="","",R63*S63) | V63: =IF(R63="","",U63*R63) | W63: =IF(A63="","",T63-V63) | AA63: =IF(Y63="","",Y63*Z63) | AC63: =IF(Y63="","",AB63*Y63) | AD63: =IF(H63="","",AA63-AC63) | AH63: =IF(AF63="","",AF63*AG63) | AJ63: =IF(AF63="","",AI63*AF63) | AK63: =IF(O63="","",AH63-AJ63) | AO63: =IF(AM63="","",AM63*AN63) | AQ63: =IF(AM63="","",AP63*AM63) | AR63: =IF(V63="","",AO63-AQ63) | AV63: =IF(AT63="","",AT63*AU63) | AX63: =IF(AT63="","",AW63*AT63) | AY63: =IF(AC63="","",AV63-AX63) | BC63: =IF(BA63="","",BA63*BB63) | BE63: =IF(BA63="","",BD63*BA63) | BF63: =IF(AJ63="","",BC63-BE63) | BJ63: =IF(BH63="","",BH63*BI63) | BL63: =IF(BH63="","",BK63*BH63) | BM63: =IF(AQ63="","",BJ63-BL63) | BO63: =IF(F63="","",F63+M63+T63+AA63+AH63+AO63+AV63+BC63+BJ63) | BP63: =IF(A63="","",I63+P63+W63+AD63+AK63+AR63+AY63+BF63+BM63)
F64: =IF(D64="","",D64*E64) | H64: =IF(A64="","",G64*D64) | I64: =IF(A64="","",F64-H64) | M64: =IF(K64="","",K64*L64) | O64: =IF(A64="","",N64*K64) | P64: =IF(A64="","",M64-O64) | T64: =IF(R64="","",R64*S64) | V64: =IF(R64="","",U64*R64) | W64: =IF(A64="","",T64-V64) | AA64: =IF(Y64="","",Y64*Z64) | AC64: =IF(Y64="","",AB64*Y64) | AD64: =IF(H64="","",AA64-AC64) | AH64: =IF(AF64="","",AF64*AG64) | AJ64: =IF(AF64="","",AI64*AF64) | AK64: =IF(O64="","",AH64-AJ64) | AO64: =IF(AM64="","",AM64*AN64) | AQ64: =IF(AM64="","",AP64*AM64) | AR64: =IF(V64="","",AO64-AQ64) | AV64: =IF(AT64="","",AT64*AU64) | AX64: =IF(AT64="","",AW64*AT64) | AY64: =IF(AC64="","",AV64-AX64) | BC64: =IF(BA64="","",BA64*BB64) | BE64: =IF(BA64="","",BD64*BA64) | BF64: =IF(AJ64="","",BC64-BE64) | BJ64: =IF(BH64="","",BH64*BI64) | BL64: =IF(BH64="","",BK64*BH64) | BM64: =IF(AQ64="","",BJ64-BL64) | BO64: =IF(F64="","",F64+M64+T64+AA64+AH64+AO64+AV64+BC64+BJ64) | BP64: =IF(A64="","",I64+P64+W64+AD64+AK64+AR64+AY64+BF64+BM64)
F65: =IF(D65="","",D65*E65) | H65: =IF(A65="","",G65*D65) | I65: =IF(A65="","",F65-H65) | M65: =IF(K65="","",K65*L65) | O65: =IF(A65="","",N65*K65) | P65: =IF(A65="","",M65-O65) | T65: =IF(R65="","",R65*S65) | V65: =IF(R65="","",U65*R65) | W65: =IF(A65="","",T65-V65) | AA65: =IF(Y65="","",Y65*Z65) | AC65: =IF(Y65="","",AB65*Y65) | AD65: =IF(H65="","",AA65-AC65) | AH65: =IF(AF65="","",AF65*AG65) | AJ65: =IF(AF65="","",AI65*AF65) | AK65: =IF(O65="","",AH65-AJ65) | AO65: =IF(AM65="","",AM65*AN65) | AQ65: =IF(AM65="","",AP65*AM65) | AR65: =IF(V65="","",AO65-AQ65) | AV65: =IF(AT65="","",AT65*AU65) | AX65: =IF(AT65="","",AW65*AT65) | AY65: =IF(AC65="","",AV65-AX65) | BC65: =IF(BA65="","",BA65*BB65) | BE65: =IF(BA65="","",BD65*BA65) | BF65: =IF(AJ65="","",BC65-BE65) | BJ65: =IF(BH65="","",BH65*BI65) | BL65: =IF(BH65="","",BK65*BH65) | BM65: =IF(AQ65="","",BJ65-BL65) | BO65: =IF(F65="","",F65+M65+T65+AA65+AH65+AO65+AV65+BC65+BJ65) | BP65: =IF(A65="","",I65+P65+W65+AD65+AK65+AR65+AY65+BF65+BM65)
F66: =IF(D66="","",D66*E66) | H66: =IF(A66="","",G66*D66) | I66: =IF(A66="","",F66-H66) | M66: =IF(K66="","",K66*L66) | O66: =IF(A66="","",N66*K66) | P66: =IF(A66="","",M66-O66) | T66: =IF(R66="","",R66*S66) | V66: =IF(R66="","",U66*R66) | W66: =IF(A66="","",T66-V66) | AA66: =IF(Y66="","",Y66*Z66) | AC66: =IF(Y66="","",AB66*Y66) | AD66: =IF(H66="","",AA66-AC66) | AH66: =IF(AF66="","",AF66*AG66) | AJ66: =IF(AF66="","",AI66*AF66) | AK66: =IF(O66="","",AH66-AJ66) | AO66: =IF(AM66="","",AM66*AN66) | AQ66: =IF(AM66="","",AP66*AM66) | AR66: =IF(V66="","",AO66-AQ66) | AV66: =IF(AT66="","",AT66*AU66) | AX66: =IF(AT66="","",AW66*AT66) | AY66: =IF(AC66="","",AV66-AX66) | BC66: =IF(BA66="","",BA66*BB66) | BE66: =IF(BA66="","",BD66*BA66) | BF66: =IF(AJ66="","",BC66-BE66) | BJ66: =IF(BH66="","",BH66*BI66) | BL66: =IF(BH66="","",BK66*BH66) | BM66: =IF(AQ66="","",BJ66-BL66) | BO66: =IF(F66="","",F66+M66+T66+AA66+AH66+AO66+AV66+BC66+BJ66) | BP66: =IF(A66="","",I66+P66+W66+AD66+AK66+AR66+AY66+BF66+BM66)
F67: =IF(D67="","",D67*E67) | H67: =IF(A67="","",G67*D67) | I67: =IF(A67="","",F67-H67) | M67: =IF(K67="","",K67*L67) | O67: =IF(A67="","",N67*K67) | P67: =IF(A67="","",M67-O67) | T67: =IF(R67="","",R67*S67) | V67: =IF(R67="","",U67*R67) | W67: =IF(A67="","",T67-V67) | AA67: =IF(Y67="","",Y67*Z67) | AC67: =IF(Y67="","",AB67*Y67) | AD67: =IF(H67="","",AA67-AC67) | AH67: =IF(AF67="","",AF67*AG67) | AJ67: =IF(AF67="","",AI67*AF67) | AK67: =IF(O67="","",AH67-AJ67) | AO67: =IF(AM67="","",AM67*AN67) | AQ67: =IF(AM67="","",AP67*AM67) | AR67: =IF(V67="","",AO67-AQ67) | AV67: =IF(AT67="","",AT67*AU67) | AX67: =IF(AT67="","",AW67*AT67) | AY67: =IF(AC67="","",AV67-AX67) | BC67: =IF(BA67="","",BA67*BB67) | BE67: =IF(BA67="","",BD67*BA67) | BF67: =IF(AJ67="","",BC67-BE67) | BJ67: =IF(BH67="","",BH67*BI67) | BL67: =IF(BH67="","",BK67*BH67) | BM67: =IF(AQ67="","",BJ67-BL67) | BO67: =IF(F67="","",F67+M67+T67+AA67+AH67+AO67+AV67+BC67+BJ67) | BP67: =IF(A67="","",I67+P67+W67+AD67+AK67+AR67+AY67+BF67+BM67)
D68: =SUM(D55:D67) -> 0 | H68: =IF(A68="","",G68*D68) | I68: =SUM(I55:I67) -> 0 | K68: =SUM(K55:K67) -> 0 | O68: =IF(A68="","",N68*K68) | P68: =SUM(P55:P67) -> 0 | R68: =SUM(R57:R67) -> 0 | W68: =SUM(W57:W67) -> 0 | Y68: =SUM(Y57:Y67) -> 0 | AD68: =SUM(AD57:AD67) -> 0 | AF68: =SUM(AF57:AF67) -> 0 | AK68: =SUM(AK57:AK67) -> 0 | AM68: =SUM(AM57:AM67) -> 0 | AR68: =SUM(AR57:AR67) -> 0 | AT68: =SUM(AT57:AT67) -> 0 | AY68: =SUM(AY57:AY67) -> 0 | BA68: =SUM(BA57:BA67) -> 0 | BF68: =SUM(BF57:BF67) -> 0 | BH68: =SUM(BH57:BH67) -> 0 | BM68: =SUM(BM57:BM67) -> 0 | BO68: =SUM(BO55:BO67) -> 0 | BP68: =SUM(BP40:BP52) -> 0 | BQ68: =BO68 -> 0
D69: Mai | H69: =IF(A69="","",G69*D69) | O69: =IF(A69="","",N69*K69) | V69: =IF(R69="","",U69*R69) | AA69: =IF(Y69="","",Y69*Z69) | AC69: =IF(Y69="","",AB69*Y69) | AH69: =IF(AF69="","",AF69*AG69) | AJ69: =IF(AF69="","",AI69*AF69) | AO69: =IF(AM69="","",AM69*AN69) | AQ69: =IF(AM69="","",AP69*AM69) | AV69: =IF(AT69="","",AT69*AU69) | AX69: =IF(AT69="","",AW69*AT69) | BC69: =IF(BA69="","",BA69*BB69) | BE69: =IF(BA69="","",BD69*BA69) | BJ69: =IF(BH69="","",BH69*BI69) | BL69: =IF(BH69="","",BK69*BH69)
F70: =IF(D70="","",D70*E70) | H70: =IF(A70="","",G70*D70) | I70: =IF(A70="","",F70-H70) | M70: =IF(K70="","",K70*L70) | O70: =IF(A70="","",N70*K70) | P70: =IF(A70="","",M70-O70) | T70: =IF(R70="","",R70*S70) | V70: =IF(R70="","",U70*R70) | W70: =IF(A70="","",T70-V70) | AA70: =IF(Y70="","",Y70*Z70) | AC70: =IF(Y70="","",AB70*Y70) | AD70: =IF(H70="","",AA70-AC70) | AH70: =IF(AF70="","",AF70*AG70) | AJ70: =IF(AF70="","",AI70*AF70) | AK70: =IF(O70="","",AH70-AJ70) | AO70: =IF(AM70="","",AM70*AN70) | AQ70: =IF(AM70="","",AP70*AM70) | AR70: =IF(V70="","",AO70-AQ70) | AV70: =IF(AT70="","",AT70*AU70) | AX70: =IF(AT70="","",AW70*AT70) | AY70: =IF(AC70="","",AV70-AX70) | BC70: =IF(BA70="","",BA70*BB70) | BE70: =IF(BA70="","",BD70*BA70) | BF70: =IF(AJ70="","",BC70-BE70) | BJ70: =IF(BH70="","",BH70*BI70) | BL70: =IF(BH70="","",BK70*BH70) | BM70: =IF(AQ70="","",BJ70-BL70) | BO70: =IF(F70="","",F70+M70+T70+AA70+AH70+AO70+AV70+BC70+BJ70) | BP70: =IF(A70="","",I70+P70+W70+AD70+AK70+AR70+AY70+BF70+BM70)
F71: =IF(D71="","",D71*E71) | H71: =IF(A71="","",G71*D71) | I71: =IF(A71="","",F71-H71) | M71: =IF(K71="","",K71*L71) | O71: =IF(A71="","",N71*K71) | P71: =IF(A71="","",M71-O71) | T71: =IF(R71="","",R71*S71) | V71: =IF(R71="","",U71*R71) | W71: =IF(A71="","",T71-V71) | AA71: =IF(Y71="","",Y71*Z71) | AC71: =IF(Y71="","",AB71*Y71) | AD71: =IF(H71="","",AA71-AC71) | AH71: =IF(AF71="","",AF71*AG71) | AJ71: =IF(AF71="","",AI71*AF71) | AK71: =IF(O71="","",AH71-AJ71) | AO71: =IF(AM71="","",AM71*AN71) | AQ71: =IF(AM71="","",AP71*AM71) | AR71: =IF(V71="","",AO71-AQ71) | AV71: =IF(AT71="","",AT71*AU71) | AX71: =IF(AT71="","",AW71*AT71) | AY71: =IF(AC71="","",AV71-AX71) | BC71: =IF(BA71="","",BA71*BB71) | BE71: =IF(BA71="","",BD71*BA71) | BF71: =IF(AJ71="","",BC71-BE71) | BJ71: =IF(BH71="","",BH71*BI71) | BL71: =IF(BH71="","",BK71*BH71) | BM71: =IF(AQ71="","",BJ71-BL71) | BO71: =IF(F71="","",F71+M71+T71+AA71+AH71+AO71+AV71+BC71+BJ71) | BP71: =IF(A71="","",I71+P71+W71+AD71+AK71+AR71+AY71+BF71+BM71)
F72: =IF(D72="","",D72*E72) | H72: =IF(A72="","",G72*D72) | I72: =IF(A72="","",F72-H72) | M72: =IF(K72="","",K72*L72) | O72: =IF(A72="","",N72*K72) | P72: =IF(A72="","",M72-O72) | T72: =IF(R72="","",R72*S72) | V72: =IF(R72="","",U72*R72) | W72: =IF(A72="","",T72-V72) | AA72: =IF(Y72="","",Y72*Z72) | AC72: =IF(Y72="","",AB72*Y72) | AD72: =IF(H72="","",AA72-AC72) | AH72: =IF(AF72="","",AF72*AG72) | AJ72: =IF(AF72="","",AI72*AF72) | AK72: =IF(O72="","",AH72-AJ72) | AO72: =IF(AM72="","",AM72*AN72) | AQ72: =IF(AM72="","",AP72*AM72) | AR72: =IF(V72="","",AO72-AQ72) | AV72: =IF(AT72="","",AT72*AU72) | AX72: =IF(AT72="","",AW72*AT72) | AY72: =IF(AC72="","",AV72-AX72) | BC72: =IF(BA72="","",BA72*BB72) | BE72: =IF(BA72="","",BD72*BA72) | BF72: =IF(AJ72="","",BC72-BE72) | BJ72: =IF(BH72="","",BH72*BI72) | BL72: =IF(BH72="","",BK72*BH72) | BM72: =IF(AQ72="","",BJ72-BL72) | BO72: =IF(F72="","",F72+M72+T72+AA72+AH72+AO72+AV72+BC72+BJ72) | BP72: =IF(A72="","",I72+P72+W72+AD72+AK72+AR72+AY72+BF72+BM72)
F73: =IF(D73="","",D73*E73) | H73: =IF(A73="","",G73*D73) | I73: =IF(A73="","",F73-H73) | M73: =IF(K73="","",K73*L73) | O73: =IF(A73="","",N73*K73) | P73: =IF(A73="","",M73-O73) | T73: =IF(R73="","",R73*S73) | V73: =IF(R73="","",U73*R73) | W73: =IF(A73="","",T73-V73) | AA73: =IF(Y73="","",Y73*Z73) | AC73: =IF(Y73="","",AB73*Y73) | AD73: =IF(H73="","",AA73-AC73) | AH73: =IF(AF73="","",AF73*AG73) | AJ73: =IF(AF73="","",AI73*AF73) | AK73: =IF(O73="","",AH73-AJ73) | AO73: =IF(AM73="","",AM73*AN73) | AQ73: =IF(AM73="","",AP73*AM73) | AR73: =IF(V73="","",AO73-AQ73) | AV73: =IF(AT73="","",AT73*AU73) | AX73: =IF(AT73="","",AW73*AT73) | AY73: =IF(AC73="","",AV73-AX73) | BC73: =IF(BA73="","",BA73*BB73) | BE73: =IF(BA73="","",BD73*BA73) | BF73: =IF(AJ73="","",BC73-BE73) | BJ73: =IF(BH73="","",BH73*BI73) | BL73: =IF(BH73="","",BK73*BH73) | BM73: =IF(AQ73="","",BJ73-BL73) | BO73: =IF(F73="","",F73+M73+T73+AA73+AH73+AO73+AV73+BC73+BJ73) | BP73: =IF(A73="","",I73+P73+W73+AD73+AK73+AR73+AY73+BF73+BM73)
F74: =IF(D74="","",D74*E74) | H74: =IF(A74="","",G74*D74) | I74: =IF(A74="","",F74-H74) | M74: =IF(K74="","",K74*L74) | O74: =IF(A74="","",N74*K74) | P74: =IF(A74="","",M74-O74) | T74: =IF(R74="","",R74*S74) | V74: =IF(R74="","",U74*R74) | W74: =IF(A74="","",T74-V74) | AA74: =IF(Y74="","",Y74*Z74) | AC74: =IF(Y74="","",AB74*Y74) | AD74: =IF(H74="","",AA74-AC74) | AH74: =IF(AF74="","",AF74*AG74) | AJ74: =IF(AF74="","",AI74*AF74) | AK74: =IF(O74="","",AH74-AJ74) | AO74: =IF(AM74="","",AM74*AN74) | AQ74: =IF(AM74="","",AP74*AM74) | AR74: =IF(V74="","",AO74-AQ74) | AV74: =IF(AT74="","",AT74*AU74) | AX74: =IF(AT74="","",AW74*AT74) | AY74: =IF(AC74="","",AV74-AX74) | BC74: =IF(BA74="","",BA74*BB74) | BE74: =IF(BA74="","",BD74*BA74) | BF74: =IF(AJ74="","",BC74-BE74) | BJ74: =IF(BH74="","",BH74*BI74) | BL74: =IF(BH74="","",BK74*BH74) | BM74: =IF(AQ74="","",BJ74-BL74) | BO74: =IF(F74="","",F74+M74+T74+AA74+AH74+AO74+AV74+BC74+BJ74) | BP74: =IF(A74="","",I74+P74+W74+AD74+AK74+AR74+AY74+BF74+BM74)
F75: =IF(D75="","",D75*E75) | H75: =IF(A75="","",G75*D75) | I75: =IF(A75="","",F75-H75) | M75: =IF(K75="","",K75*L75) | O75: =IF(A75="","",N75*K75) | P75: =IF(A75="","",M75-O75) | T75: =IF(R75="","",R75*S75) | V75: =IF(R75="","",U75*R75) | W75: =IF(A75="","",T75-V75) | AA75: =IF(Y75="","",Y75*Z75) | AC75: =IF(Y75="","",AB75*Y75) | AD75: =IF(H75="","",AA75-AC75) | AH75: =IF(AF75="","",AF75*AG75) | AJ75: =IF(AF75="","",AI75*AF75) | AK75: =IF(O75="","",AH75-AJ75) | AO75: =IF(AM75="","",AM75*AN75) | AQ75: =IF(AM75="","",AP75*AM75) | AR75: =IF(V75="","",AO75-AQ75) | AV75: =IF(AT75="","",AT75*AU75) | AX75: =IF(AT75="","",AW75*AT75) | AY75: =IF(AC75="","",AV75-AX75) | BC75: =IF(BA75="","",BA75*BB75) | BE75: =IF(BA75="","",BD75*BA75) | BF75: =IF(AJ75="","",BC75-BE75) | BJ75: =IF(BH75="","",BH75*BI75) | BL75: =IF(BH75="","",BK75*BH75) | BM75: =IF(AQ75="","",BJ75-BL75) | BO75: =IF(F75="","",F75+M75+T75+AA75+AH75+AO75+AV75+BC75+BJ75) | BP75: =IF(A75="","",I75+P75+W75+AD75+AK75+AR75+AY75+BF75+BM75)
F76: =IF(D76="","",D76*E76) | H76: =IF(A76="","",G76*D76) | I76: =IF(A76="","",F76-H76) | M76: =IF(K76="","",K76*L76) | O76: =IF(A76="","",N76*K76) | P76: =IF(A76="","",M76-O76) | T76: =IF(R76="","",R76*S76) | V76: =IF(R76="","",U76*R76) | W76: =IF(A76="","",T76-V76) | AA76: =IF(Y76="","",Y76*Z76) | AC76: =IF(Y76="","",AB76*Y76) | AD76: =IF(H76="","",AA76-AC76) | AH76: =IF(AF76="","",AF76*AG76) | AJ76: =IF(AF76="","",AI76*AF76) | AK76: =IF(O76="","",AH76-AJ76) | AO76: =IF(AM76="","",AM76*AN76) | AQ76: =IF(AM76="","",AP76*AM76) | AR76: =IF(V76="","",AO76-AQ76) | AV76: =IF(AT76="","",AT76*AU76) | AX76: =IF(AT76="","",AW76*AT76) | AY76: =IF(AC76="","",AV76-AX76) | BC76: =IF(BA76="","",BA76*BB76) | BE76: =IF(BA76="","",BD76*BA76) | BF76: =IF(AJ76="","",BC76-BE76) | BJ76: =IF(BH76="","",BH76*BI76) | BL76: =IF(BH76="","",BK76*BH76) | BM76: =IF(AQ76="","",BJ76-BL76) | BO76: =IF(F76="","",F76+M76+T76+AA76+AH76+AO76+AV76+BC76+BJ76) | BP76: =IF(A76="","",I76+P76+W76+AD76+AK76+AR76+AY76+BF76+BM76)
F77: =IF(D77="","",D77*E77) | H77: =IF(A77="","",G77*D77) | I77: =IF(A77="","",F77-H77) | M77: =IF(K77="","",K77*L77) | O77: =IF(A77="","",N77*K77) | P77: =IF(A77="","",M77-O77) | T77: =IF(R77="","",R77*S77) | V77: =IF(R77="","",U77*R77) | W77: =IF(A77="","",T77-V77) | AA77: =IF(Y77="","",Y77*Z77) | AC77: =IF(Y77="","",AB77*Y77) | AD77: =IF(H77="","",AA77-AC77) | AH77: =IF(AF77="","",AF77*AG77) | AJ77: =IF(AF77="","",AI77*AF77) | AK77: =IF(O77="","",AH77-AJ77) | AO77: =IF(AM77="","",AM77*AN77) | AQ77: =IF(AM77="","",AP77*AM77) | AR77: =IF(V77="","",AO77-AQ77) | AV77: =IF(AT77="","",AT77*AU77) | AX77: =IF(AT77="","",AW77*AT77) | AY77: =IF(AC77="","",AV77-AX77) | BC77: =IF(BA77="","",BA77*BB77) | BE77: =IF(BA77="","",BD77*BA77) | BF77: =IF(AJ77="","",BC77-BE77) | BJ77: =IF(BH77="","",BH77*BI77) | BL77: =IF(BH77="","",BK77*BH77) | BM77: =IF(AQ77="","",BJ77-BL77) | BO77: =IF(F77="","",F77+M77+T77+AA77+AH77+AO77+AV77+BC77+BJ77) | BP77: =IF(A77="","",I77+P77+W77+AD77+AK77+AR77+AY77+BF77+BM77)
F78: =IF(D78="","",D78*E78) | H78: =IF(A78="","",G78*D78) | I78: =IF(A78="","",F78-H78) | M78: =IF(K78="","",K78*L78) | O78: =IF(A78="","",N78*K78) | P78: =IF(A78="","",M78-O78) | T78: =IF(R78="","",R78*S78) | V78: =IF(R78="","",U78*R78) | W78: =IF(A78="","",T78-V78) | AA78: =IF(Y78="","",Y78*Z78) | AC78: =IF(Y78="","",AB78*Y78) | AD78: =IF(H78="","",AA78-AC78) | AH78: =IF(AF78="","",AF78*AG78) | AJ78: =IF(AF78="","",AI78*AF78) | AK78: =IF(O78="","",AH78-AJ78) | AO78: =IF(AM78="","",AM78*AN78) | AQ78: =IF(AM78="","",AP78*AM78) | AR78: =IF(V78="","",AO78-AQ78) | AV78: =IF(AT78="","",AT78*AU78) | AX78: =IF(AT78="","",AW78*AT78) | AY78: =IF(AC78="","",AV78-AX78) | BC78: =IF(BA78="","",BA78*BB78) | BE78: =IF(BA78="","",BD78*BA78) | BF78: =IF(AJ78="","",BC78-BE78) | BJ78: =IF(BH78="","",BH78*BI78) | BL78: =IF(BH78="","",BK78*BH78) | BM78: =IF(AQ78="","",BJ78-BL78) | BO78: =IF(F78="","",F78+M78+T78+AA78+AH78+AO78+AV78+BC78+BJ78) | BP78: =IF(A78="","",I78+P78+W78+AD78+AK78+AR78+AY78+BF78+BM78)
F79: =IF(D79="","",D79*E79) | H79: =IF(A79="","",G79*D79) | I79: =IF(A79="","",F79-H79) | M79: =IF(K79="","",K79*L79) | O79: =IF(A79="","",N79*K79) | P79: =IF(A79="","",M79-O79) | T79: =IF(R79="","",R79*S79) | V79: =IF(R79="","",U79*R79) | W79: =IF(A79="","",T79-V79) | AA79: =IF(Y79="","",Y79*Z79) | AC79: =IF(Y79="","",AB79*Y79) | AD79: =IF(H79="","",AA79-AC79) | AH79: =IF(AF79="","",AF79*AG79) | AJ79: =IF(AF79="","",AI79*AF79) | AK79: =IF(O79="","",AH79-AJ79) | AO79: =IF(AM79="","",AM79*AN79) | AQ79: =IF(AM79="","",AP79*AM79) | AR79: =IF(V79="","",AO79-AQ79) | AV79: =IF(AT79="","",AT79*AU79) | AX79: =IF(AT79="","",AW79*AT79) | AY79: =IF(AC79="","",AV79-AX79) | BC79: =IF(BA79="","",BA79*BB79) | BE79: =IF(BA79="","",BD79*BA79) | BF79: =IF(AJ79="","",BC79-BE79) | BJ79: =IF(BH79="","",BH79*BI79) | BL79: =IF(BH79="","",BK79*BH79) | BM79: =IF(AQ79="","",BJ79-BL79) | BO79: =IF(F79="","",F79+M79+T79+AA79+AH79+AO79+AV79+BC79+BJ79) | BP79: =IF(A79="","",I79+P79+W79+AD79+AK79+AR79+AY79+BF79+BM79)
F80: =IF(D80="","",D80*E80) | H80: =IF(A80="","",G80*D80) | I80: =IF(A80="","",F80-H80) | M80: =IF(K80="","",K80*L80) | O80: =IF(A80="","",N80*K80) | P80: =IF(A80="","",M80-O80) | T80: =IF(R80="","",R80*S80) | V80: =IF(R80="","",U80*R80) | W80: =IF(A80="","",T80-V80) | AA80: =IF(Y80="","",Y80*Z80) | AC80: =IF(Y80="","",AB80*Y80) | AD80: =IF(H80="","",AA80-AC80) | AH80: =IF(AF80="","",AF80*AG80) | AJ80: =IF(AF80="","",AI80*AF80) | AK80: =IF(O80="","",AH80-AJ80) | AO80: =IF(AM80="","",AM80*AN80) | AQ80: =IF(AM80="","",AP80*AM80) | AR80: =IF(V80="","",AO80-AQ80) | AV80: =IF(AT80="","",AT80*AU80) | AX80: =IF(AT80="","",AW80*AT80) | AY80: =IF(AC80="","",AV80-AX80) | BC80: =IF(BA80="","",BA80*BB80) | BE80: =IF(BA80="","",BD80*BA80) | BF80: =IF(AJ80="","",BC80-BE80) | BJ80: =IF(BH80="","",BH80*BI80) | BL80: =IF(BH80="","",BK80*BH80) | BM80: =IF(AQ80="","",BJ80-BL80) | BO80: =IF(F80="","",F80+M80+T80+AA80+AH80+AO80+AV80+BC80+BJ80) | BP80: =IF(A80="","",I80+P80+W80+AD80+AK80+AR80+AY80+BF80+BM80)
F81: =IF(D81="","",D81*E81) | H81: =IF(A81="","",G81*D81) | I81: =IF(A81="","",F81-H81) | M81: =IF(K81="","",K81*L81) | O81: =IF(A81="","",N81*K81) | P81: =IF(A81="","",M81-O81) | T81: =IF(R81="","",R81*S81) | V81: =IF(R81="","",U81*R81) | W81: =IF(A81="","",T81-V81) | AA81: =IF(Y81="","",Y81*Z81) | AC81: =IF(Y81="","",AB81*Y81) | AD81: =IF(H81="","",AA81-AC81) | AH81: =IF(AF81="","",AF81*AG81) | AJ81: =IF(AF81="","",AI81*AF81) | AK81: =IF(O81="","",AH81-AJ81) | AO81: =IF(AM81="","",AM81*AN81) | AQ81: =IF(AM81="","",AP81*AM81) | AR81: =IF(V81="","",AO81-AQ81) | AV81: =IF(AT81="","",AT81*AU81) | AX81: =IF(AT81="","",AW81*AT81) | AY81: =IF(AC81="","",AV81-AX81) | BC81: =IF(BA81="","",BA81*BB81) | BE81: =IF(BA81="","",BD81*BA81) | BF81: =IF(AJ81="","",BC81-BE81) | BJ81: =IF(BH81="","",BH81*BI81) | BL81: =IF(BH81="","",BK81*BH81) | BM81: =IF(AQ81="","",BJ81-BL81) | BO81: =IF(F81="","",F81+M81+T81+AA81+AH81+AO81+AV81+BC81+BJ81) | BP81: =IF(A81="","",I81+P81+W81+AD81+AK81+AR81+AY81+BF81+BM81)
D82: =SUM(D70:D81) -> 0 | H82: =IF(A82="","",G82*D82) | I82: =SUM(I70:I81) -> 0 | K82: =SUM(K70:K81) -> 0 | O82: =IF(A82="","",N82*K82) | P82: =SUM(P70:P81) -> 0 | R82: =SUM(R71:R81) -> 0 | W82: =SUM(W71:W81) -> 0 | Y82: =SUM(Y71:Y81) -> 0 | AD82: =SUM(AD71:AD81) -> 0 | AF82: =SUM(AF71:AF81) -> 0 | AK82: =SUM(AK71:AK81) -> 0 | AM82: =SUM(AM71:AM81) -> 0 | AR82: =SUM(AR71:AR81) -> 0 | AT82: =SUM(AT71:AT81) -> 0 | AY82: =SUM(AY71:AY81) -> 0 | BA82: =SUM(BA71:BA81) -> 0 | BF82: =SUM(BF71:BF81) -> 0 | BH82: =SUM(BH71:BH81) -> 0 | BM82: =SUM(BM71:BM81) -> 0 | BO82: =SUM(BO70:BO81) -> 0 | BP82: =SUM(BP70:BP81) -> 0 | BQ82: =BO82 -> 0
D83: Juin | H83: =IF(A83="","",G83*D83) | O83: =IF(A83="","",N83*K83) | V83: =IF(R83="","",U83*R83) | AA83: =IF(Y83="","",Y83*Z83) | AC83: =IF(Y83="","",AB83*Y83) | AH83: =IF(AF83="","",AF83*AG83) | AJ83: =IF(AF83="","",AI83*AF83) | AO83: =IF(AM83="","",AM83*AN83) | AQ83: =IF(AM83="","",AP83*AM83) | AV83: =IF(AT83="","",AT83*AU83) | AX83: =IF(AT83="","",AW83*AT83) | BC83: =IF(BA83="","",BA83*BB83) | BE83: =IF(BA83="","",BD83*BA83) | BJ83: =IF(BH83="","",BH83*BI83) | BL83: =IF(BH83="","",BK83*BH83)
F84: =IF(D84="","",D84*E84) | H84: =IF(A84="","",G84*D84) | I84: =IF(A84="","",F84-H84) | M84: =IF(K84="","",K84*L84) | O84: =IF(A84="","",N84*K84) | P84: =IF(A84="","",M84-O84) | T84: =IF(R84="","",R84*S84) | V84: =IF(R84="","",U84*R84) | W84: =IF(A84="","",T84-V84) | AA84: =IF(Y84="","",Y84*Z84) | AC84: =IF(Y84="","",AB84*Y84) | AD84: =IF(H84="","",AA84-AC84) | AH84: =IF(AF84="","",AF84*AG84) | AJ84: =IF(AF84="","",AI84*AF84) | AK84: =IF(O84="","",AH84-AJ84) | AO84: =IF(AM84="","",AM84*AN84) | AQ84: =IF(AM84="","",AP84*AM84) | AR84: =IF(V84="","",AO84-AQ84) | AV84: =IF(AT84="","",AT84*AU84) | AX84: =IF(AT84="","",AW84*AT84) | AY84: =IF(AC84="","",AV84-AX84) | BC84: =IF(BA84="","",BA84*BB84) | BE84: =IF(BA84="","",BD84*BA84) | BF84: =IF(AJ84="","",BC84-BE84) | BJ84: =IF(BH84="","",BH84*BI84) | BL84: =IF(BH84="","",BK84*BH84) | BM84: =IF(AQ84="","",BJ84-BL84) | BO84: =IF(F84="","",F84+M84+T84+AA84+AH84+AO84+AV84+BC84+BJ84) | BP84: =IF(A84="","",I84+P84+W84+AD84+AK84+AR84+AY84+BF84+BM84)
F85: =IF(D85="","",D85*E85) | H85: =IF(A85="","",G85*D85) | I85: =IF(A85="","",F85-H85) | M85: =IF(K85="","",K85*L85) | O85: =IF(A85="","",N85*K85) | P85: =IF(A85="","",M85-O85) | T85: =IF(R85="","",R85*S85) | V85: =IF(R85="","",U85*R85) | W85: =IF(A85="","",T85-V85) | AA85: =IF(Y85="","",Y85*Z85) | AC85: =IF(Y85="","",AB85*Y85) | AD85: =IF(H85="","",AA85-AC85) | AH85: =IF(AF85="","",AF85*AG85) | AJ85: =IF(AF85="","",AI85*AF85) | AK85: =IF(O85="","",AH85-AJ85) | AO85: =IF(AM85="","",AM85*AN85) | AQ85: =IF(AM85="","",AP85*AM85) | AR85: =IF(V85="","",AO85-AQ85) | AV85: =IF(AT85="","",AT85*AU85) | AX85: =IF(AT85="","",AW85*AT85) | AY85: =IF(AC85="","",AV85-AX85) | BC85: =IF(BA85="","",BA85*BB85) | BE85: =IF(BA85="","",BD85*BA85) | BF85: =IF(AJ85="","",BC85-BE85) | BJ85: =IF(BH85="","",BH85*BI85) | BL85: =IF(BH85="","",BK85*BH85) | BM85: =IF(AQ85="","",BJ85-BL85) | BO85: =IF(F85="","",F85+M85+T85+AA85+AH85+AO85+AV85+BC85+BJ85) | BP85: =IF(A85="","",I85+P85+W85+AD85+AK85+AR85+AY85+BF85+BM85)
F86: =IF(D86="","",D86*E86) | H86: =IF(A86="","",G86*D86) | I86: =IF(A86="","",F86-H86) | M86: =IF(K86="","",K86*L86) | O86: =IF(A86="","",N86*K86) | P86: =IF(A86="","",M86-O86) | T86: =IF(R86="","",R86*S86) | V86: =IF(R86="","",U86*R86) | W86: =IF(A86="","",T86-V86) | AA86: =IF(Y86="","",Y86*Z86) | AC86: =IF(Y86="","",AB86*Y86) | AD86: =IF(H86="","",AA86-AC86) | AH86: =IF(AF86="","",AF86*AG86) | AJ86: =IF(AF86="","",AI86*AF86) | AK86: =IF(O86="","",AH86-AJ86) | AO86: =IF(AM86="","",AM86*AN86) | AQ86: =IF(AM86="","",AP86*AM86) | AR86: =IF(V86="","",AO86-AQ86) | AV86: =IF(AT86="","",AT86*AU86) | AX86: =IF(AT86="","",AW86*AT86) | AY86: =IF(AC86="","",AV86-AX86) | BC86: =IF(BA86="","",BA86*BB86) | BE86: =IF(BA86="","",BD86*BA86) | BF86: =IF(AJ86="","",BC86-BE86) | BJ86: =IF(BH86="","",BH86*BI86) | BL86: =IF(BH86="","",BK86*BH86) | BM86: =IF(AQ86="","",BJ86-BL86) | BO86: =IF(F86="","",F86+M86+T86+AA86+AH86+AO86+AV86+BC86+BJ86) | BP86: =IF(A86="","",I86+P86+W86+AD86+AK86+AR86+AY86+BF86+BM86)
F87: =IF(D87="","",D87*E87) | H87: =IF(A87="","",G87*D87) | I87: =IF(A87="","",F87-H87) | M87: =IF(K87="","",K87*L87) | O87: =IF(A87="","",N87*K87) | P87: =IF(A87="","",M87-O87) | T87: =IF(R87="","",R87*S87) | V87: =IF(R87="","",U87*R87) | W87: =IF(A87="","",T87-V87) | AA87: =IF(Y87="","",Y87*Z87) | AC87: =IF(Y87="","",AB87*Y87) | AD87: =IF(H87="","",AA87-AC87) | AH87: =IF(AF87="","",AF87*AG87) | AJ87: =IF(AF87="","",AI87*AF87) | AK87: =IF(O87="","",AH87-AJ87) | AO87: =IF(AM87="","",AM87*AN87) | AQ87: =IF(AM87="","",AP87*AM87) | AR87: =IF(V87="","",AO87-AQ87) | AV87: =IF(AT87="","",AT87*AU87) | AX87: =IF(AT87="","",AW87*AT87) | AY87: =IF(AC87="","",AV87-AX87) | BC87: =IF(BA87="","",BA87*BB87) | BE87: =IF(BA87="","",BD87*BA87) | BF87: =IF(AJ87="","",BC87-BE87) | BJ87: =IF(BH87="","",BH87*BI87) | BL87: =IF(BH87="","",BK87*BH87) | BM87: =IF(AQ87="","",BJ87-BL87) | BO87: =IF(F87="","",F87+M87+T87+AA87+AH87+AO87+AV87+BC87+BJ87) | BP87: =IF(A87="","",I87+P87+W87+AD87+AK87+AR87+AY87+BF87+BM87)
F88: =IF(D88="","",D88*E88) | H88: =IF(A88="","",G88*D88) | I88: =IF(A88="","",F88-H88) | M88: =IF(K88="","",K88*L88) | O88: =IF(A88="","",N88*K88) | P88: =IF(A88="","",M88-O88) | T88: =IF(R88="","",R88*S88) | V88: =IF(R88="","",U88*R88) | W88: =IF(A88="","",T88-V88) | AA88: =IF(Y88="","",Y88*Z88) | AC88: =IF(Y88="","",AB88*Y88) | AD88: =IF(H88="","",AA88-AC88) | AH88: =IF(AF88="","",AF88*AG88) | AJ88: =IF(AF88="","",AI88*AF88) | AK88: =IF(O88="","",AH88-AJ88) | AO88: =IF(AM88="","",AM88*AN88) | AQ88: =IF(AM88="","",AP88*AM88) | AR88: =IF(V88="","",AO88-AQ88) | AV88: =IF(AT88="","",AT88*AU88) | AX88: =IF(AT88="","",AW88*AT88) | AY88: =IF(AC88="","",AV88-AX88) | BC88: =IF(BA88="","",BA88*BB88) | BE88: =IF(BA88="","",BD88*BA88) | BF88: =IF(AJ88="","",BC88-BE88) | BJ88: =IF(BH88="","",BH88*BI88) | BL88: =IF(BH88="","",BK88*BH88) | BM88: =IF(AQ88="","",BJ88-BL88) | BO88: =IF(F88="","",F88+M88+T88+AA88+AH88+AO88+AV88+BC88+BJ88) | BP88: =IF(A88="","",I88+P88+W88+AD88+AK88+AR88+AY88+BF88+BM88)
F89: =IF(D89="","",D89*E89) | H89: =IF(A89="","",G89*D89) | I89: =IF(A89="","",F89-H89) | M89: =IF(K89="","",K89*L89) | O89: =IF(A89="","",N89*K89) | P89: =IF(A89="","",M89-O89) | T89: =IF(R89="","",R89*S89) | V89: =IF(R89="","",U89*R89) | W89: =IF(A89="","",T89-V89) | AA89: =IF(Y89="","",Y89*Z89) | AC89: =IF(Y89="","",AB89*Y89) | AD89: =IF(H89="","",AA89-AC89) | AH89: =IF(AF89="","",AF89*AG89) | AJ89: =IF(AF89="","",AI89*AF89) | AK89: =IF(O89="","",AH89-AJ89) | AO89: =IF(AM89="","",AM89*AN89) | AQ89: =IF(AM89="","",AP89*AM89) | AR89: =IF(V89="","",AO89-AQ89) | AV89: =IF(AT89="","",AT89*AU89) | AX89: =IF(AT89="","",AW89*AT89) | AY89: =IF(AC89="","",AV89-AX89) | BC89: =IF(BA89="","",BA89*BB89) | BE89: =IF(BA89="","",BD89*BA89) | BF89: =IF(AJ89="","",BC89-BE89) | BJ89: =IF(BH89="","",BH89*BI89) | BL89: =IF(BH89="","",BK89*BH89) | BM89: =IF(AQ89="","",BJ89-BL89) | BO89: =IF(F89="","",F89+M89+T89+AA89+AH89+AO89+AV89+BC89+BJ89) | BP89: =IF(A89="","",I89+P89+W89+AD89+AK89+AR89+AY89+BF89+BM89)
F90: =IF(D90="","",D90*E90) | H90: =IF(A90="","",G90*D90) | I90: =IF(A90="","",F90-H90) | M90: =IF(K90="","",K90*L90) | O90: =IF(A90="","",N90*K90) | P90: =IF(A90="","",M90-O90) | T90: =IF(R90="","",R90*S90) | V90: =IF(R90="","",U90*R90) | W90: =IF(A90="","",T90-V90) | AA90: =IF(Y90="","",Y90*Z90) | AC90: =IF(Y90="","",AB90*Y90) | AD90: =IF(H90="","",AA90-AC90) | AH90: =IF(AF90="","",AF90*AG90) | AJ90: =IF(AF90="","",AI90*AF90) | AK90: =IF(O90="","",AH90-AJ90) | AO90: =IF(AM90="","",AM90*AN90) | AQ90: =IF(AM90="","",AP90*AM90) | AR90: =IF(V90="","",AO90-AQ90) | AV90: =IF(AT90="","",AT90*AU90) | AX90: =IF(AT90="","",AW90*AT90) | AY90: =IF(AC90="","",AV90-AX90) | BC90: =IF(BA90="","",BA90*BB90) | BE90: =IF(BA90="","",BD90*BA90) | BF90: =IF(AJ90="","",BC90-BE90) | BJ90: =IF(BH90="","",BH90*BI90) | BL90: =IF(BH90="","",BK90*BH90) | BM90: =IF(AQ90="","",BJ90-BL90) | BO90: =IF(F90="","",F90+M90+T90+AA90+AH90+AO90+AV90+BC90+BJ90) | BP90: =IF(A90="","",I90+P90+W90+AD90+AK90+AR90+AY90+BF90+BM90)
F91: =IF(D91="","",D91*E91) | H91: =IF(A91="","",G91*D91) | I91: =IF(A91="","",F91-H91) | M91: =IF(K91="","",K91*L91) | O91: =IF(A91="","",N91*K91) | P91: =IF(A91="","",M91-O91) | T91: =IF(R91="","",R91*S91) | V91: =IF(R91="","",U91*R91) | W91: =IF(A91="","",T91-V91) | AA91: =IF(Y91="","",Y91*Z91) | AC91: =IF(Y91="","",AB91*Y91) | AD91: =IF(H91="","",AA91-AC91) | AH91: =IF(AF91="","",AF91*AG91) | AJ91: =IF(AF91="","",AI91*AF91) | AK91: =IF(O91="","",AH91-AJ91) | AO91: =IF(AM91="","",AM91*AN91) | AQ91: =IF(AM91="","",AP91*AM91) | AR91: =IF(V91="","",AO91-AQ91) | AV91: =IF(AT91="","",AT91*AU91) | AX91: =IF(AT91="","",AW91*AT91) | AY91: =IF(AC91="","",AV91-AX91) | BC91: =IF(BA91="","",BA91*BB91) | BE91: =IF(BA91="","",BD91*BA91) | BF91: =IF(AJ91="","",BC91-BE91) | BJ91: =IF(BH91="","",BH91*BI91) | BL91: =IF(BH91="","",BK91*BH91) | BM91: =IF(AQ91="","",BJ91-BL91) | BO91: =IF(F91="","",F91+M91+T91+AA91+AH91+AO91+AV91+BC91+BJ91) | BP91: =IF(A91="","",I91+P91+W91+AD91+AK91+AR91+AY91+BF91+BM91)
F92: =IF(D92="","",D92*E92) | H92: =IF(A92="","",G92*D92) | I92: =IF(A92="","",F92-H92) | M92: =IF(K92="","",K92*L92) | O92: =IF(A92="","",N92*K92) | P92: =IF(A92="","",M92-O92) | T92: =IF(R92="","",R92*S92) | V92: =IF(R92="","",U92*R92) | W92: =IF(A92="","",T92-V92) | AA92: =IF(Y92="","",Y92*Z92) | AC92: =IF(Y92="","",AB92*Y92) | AD92: =IF(H92="","",AA92-AC92) | AH92: =IF(AF92="","",AF92*AG92) | AJ92: =IF(AF92="","",AI92*AF92) | AK92: =IF(O92="","",AH92-AJ92) | AO92: =IF(AM92="","",AM92*AN92) | AQ92: =IF(AM92="","",AP92*AM92) | AR92: =IF(V92="","",AO92-AQ92) | AV92: =IF(AT92="","",AT92*AU92) | AX92: =IF(AT92="","",AW92*AT92) | AY92: =IF(AC92="","",AV92-AX92) | BC92: =IF(BA92="","",BA92*BB92) | BE92: =IF(BA92="","",BD92*BA92) | BF92: =IF(AJ92="","",BC92-BE92) | BJ92: =IF(BH92="","",BH92*BI92) | BL92: =IF(BH92="","",BK92*BH92) | BM92: =IF(AQ92="","",BJ92-BL92) | BO92: =IF(F92="","",F92+M92+T92+AA92+AH92+AO92+AV92+BC92+BJ92) | BP92: =IF(A92="","",I92+P92+W92+AD92+AK92+AR92+AY92+BF92+BM92)
F93: =IF(D93="","",D93*E93) | H93: =IF(A93="","",G93*D93) | I93: =IF(A93="","",F93-H93) | M93: =IF(K93="","",K93*L93) | O93: =IF(A93="","",N93*K93) | P93: =IF(A93="","",M93-O93) | T93: =IF(R93="","",R93*S93) | V93: =IF(R93="","",U93*R93) | W93: =IF(A93="","",T93-V93) | AA93: =IF(Y93="","",Y93*Z93) | AC93: =IF(Y93="","",AB93*Y93) | AD93: =IF(H93="","",AA93-AC93) | AH93: =IF(AF93="","",AF93*AG93) | AJ93: =IF(AF93="","",AI93*AF93) | AK93: =IF(O93="","",AH93-AJ93) | AO93: =IF(AM93="","",AM93*AN93) | AQ93: =IF(AM93="","",AP93*AM93) | AR93: =IF(V93="","",AO93-AQ93) | AV93: =IF(AT93="","",AT93*AU93) | AX93: =IF(AT93="","",AW93*AT93) | AY93: =IF(AC93="","",AV93-AX93) | BC93: =IF(BA93="","",BA93*BB93) | BE93: =IF(BA93="","",BD93*BA93) | BF93: =IF(AJ93="","",BC93-BE93) | BJ93: =IF(BH93="","",BH93*BI93) | BL93: =IF(BH93="","",BK93*BH93) | BM93: =IF(AQ93="","",BJ93-BL93) | BO93: =IF(F93="","",F93+M93+T93+AA93+AH93+AO93+AV93+BC93+BJ93) | BP93: =IF(A93="","",I93+P93+W93+AD93+AK93+AR93+AY93+BF93+BM93)
F94: =IF(D94="","",D94*E94) | H94: =IF(A94="","",G94*D94) | I94: =IF(A94="","",F94-H94) | M94: =IF(K94="","",K94*L94) | O94: =IF(A94="","",N94*K94) | P94: =IF(A94="","",M94-O94) | T94: =IF(R94="","",R94*S94) | V94: =IF(R94="","",U94*R94) | W94: =IF(A94="","",T94-V94) | AA94: =IF(Y94="","",Y94*Z94) | AC94: =IF(Y94="","",AB94*Y94) | AD94: =IF(H94="","",AA94-AC94) | AH94: =IF(AF94="","",AF94*AG94) | AJ94: =IF(AF94="","",AI94*AF94) | AK94: =IF(O94="","",AH94-AJ94) | AO94: =IF(AM94="","",AM94*AN94) | AQ94: =IF(AM94="","",AP94*AM94) | AR94: =IF(V94="","",AO94-AQ94) | AV94: =IF(AT94="","",AT94*AU94) | AX94: =IF(AT94="","",AW94*AT94) | AY94: =IF(AC94="","",AV94-AX94) | BC94: =IF(BA94="","",BA94*BB94) | BE94: =IF(BA94="","",BD94*BA94) | BF94: =IF(AJ94="","",BC94-BE94) | BJ94: =IF(BH94="","",BH94*BI94) | BL94: =IF(BH94="","",BK94*BH94) | BM94: =IF(AQ94="","",BJ94-BL94) | BO94: =IF(F94="","",F94+M94+T94+AA94+AH94+AO94+AV94+BC94+BJ94) | BP94: =IF(A94="","",I94+P94+W94+AD94+AK94+AR94+AY94+BF94+BM94)
F95: =IF(D95="","",D95*E95) | H95: =IF(A95="","",G95*D95) | I95: =IF(A95="","",F95-H95) | M95: =IF(K95="","",K95*L95) | O95: =IF(A95="","",N95*K95) | P95: =IF(A95="","",M95-O95) | T95: =IF(R95="","",R95*S95) | V95: =IF(R95="","",U95*R95) | W95: =IF(A95="","",T95-V95) | AA95: =IF(Y95="","",Y95*Z95) | AC95: =IF(Y95="","",AB95*Y95) | AD95: =IF(H95="","",AA95-AC95) | AH95: =IF(AF95="","",AF95*AG95) | AJ95: =IF(AF95="","",AI95*AF95) | AK95: =IF(O95="","",AH95-AJ95) | AO95: =IF(AM95="","",AM95*AN95) | AQ95: =IF(AM95="","",AP95*AM95) | AR95: =IF(V95="","",AO95-AQ95) | AV95: =IF(AT95="","",AT95*AU95) | AX95: =IF(AT95="","",AW95*AT95) | AY95: =IF(AC95="","",AV95-AX95) | BC95: =IF(BA95="","",BA95*BB95) | BE95: =IF(BA95="","",BD95*BA95) | BF95: =IF(AJ95="","",BC95-BE95) | BJ95: =IF(BH95="","",BH95*BI95) | BL95: =IF(BH95="","",BK95*BH95) | BM95: =IF(AQ95="","",BJ95-BL95) | BO95: =IF(F95="","",F95+M95+T95+AA95+AH95+AO95+AV95+BC95+BJ95) | BP95: =IF(A95="","",I95+P95+W95+AD95+AK95+AR95+AY95+BF95+BM95)
F96: =IF(D96="","",D96*E96) | H96: =IF(A96="","",G96*D96) | I96: =IF(A96="","",F96-H96) | M96: =IF(K96="","",K96*L96) | O96: =IF(A96="","",N96*K96) | P96: =IF(A96="","",M96-O96) | T96: =IF(R96="","",R96*S96) | V96: =IF(R96="","",U96*R96) | W96: =IF(A96="","",T96-V96) | AA96: =IF(Y96="","",Y96*Z96) | AC96: =IF(Y96="","",AB96*Y96) | AD96: =IF(H96="","",AA96-AC96) | AH96: =IF(AF96="","",AF96*AG96) | AJ96: =IF(AF96="","",AI96*AF96) | AK96: =IF(O96="","",AH96-AJ96) | AO96: =IF(AM96="","",AM96*AN96) | AQ96: =IF(AM96="","",AP96*AM96) | AR96: =IF(V96="","",AO96-AQ96) | AV96: =IF(AT96="","",AT96*AU96) | AX96: =IF(AT96="","",AW96*AT96) | AY96: =IF(AC96="","",AV96-AX96) | BC96: =IF(BA96="","",BA96*BB96) | BE96: =IF(BA96="","",BD96*BA96) | BF96: =IF(AJ96="","",BC96-BE96) | BJ96: =IF(BH96="","",BH96*BI96) | BL96: =IF(BH96="","",BK96*BH96) | BM96: =IF(AQ96="","",BJ96-BL96) | BO96: =IF(F96="","",F96+M96+T96+AA96+AH96+AO96+AV96+BC96+BJ96) | BP96: =IF(A96="","",I96+P96+W96+AD96+AK96+AR96+AY96+BF96+BM96)
D97: =SUM(D84:D96) -> 0 | H97: =IF(A97="","",G97*D97) | I97: =SUM(I84:I96) -> 0 | K97: =SUM(K84:K96) -> 0 | O97: =IF(A97="","",N97*K97) | P97: =SUM(P84:P96) -> 0 | R97: =SUM(R86:R96) -> 0 | W97: =SUM(W86:W96) -> 0 | Y97: =SUM(Y86:Y96) -> 0 | AD97: =SUM(AD86:AD96) -> 0 | AF97: =SUM(AF86:AF96) -> 0 | AK97: =SUM(AK86:AK96) -> 0 | AM97: =SUM(AM86:AM96) -> 0 | AR97: =SUM(AR86:AR96) -> 0 | AT97: =SUM(AT86:AT96) -> 0 | AY97: =SUM(AY86:AY96) -> 0 | BA97: =SUM(BA86:BA96) -> 0 | BF97: =SUM(BF86:BF96) -> 0 | BH97: =SUM(BH86:BH96) -> 0 | BM97: =SUM(BM86:BM96) -> 0 | BO97: =SUM(BO84:BO96) -> 0 | BP97: =SUM(BP84:BP96) -> 0 | BQ97: =BO97 -> 0
D98: Juillet | H98: =IF(A98="","",G98*D98) | O98: =IF(A98="","",N98*K98) | V98: =IF(R98="","",U98*R98) | AA98: =IF(Y98="","",Y98*Z98) | AC98: =IF(Y98="","",AB98*Y98) | AH98: =IF(AF98="","",AF98*AG98) | AJ98: =IF(AF98="","",AI98*AF98) | AO98: =IF(AM98="","",AM98*AN98) | AQ98: =IF(AM98="","",AP98*AM98) | AV98: =IF(AT98="","",AT98*AU98) | AX98: =IF(AT98="","",AW98*AT98) | BC98: =IF(BA98="","",BA98*BB98) | BE98: =IF(BA98="","",BD98*BA98) | BJ98: =IF(BH98="","",BH98*BI98) | BL98: =IF(BH98="","",BK98*BH98)
F99: =IF(D99="","",D99*E99) | H99: =IF(A99="","",G99*D99) | I99: =IF(A99="","",F99-H99) | M99: =IF(K99="","",K99*L99) | O99: =IF(A99="","",N99*K99) | P99: =IF(A99="","",M99-O99) | T99: =IF(R99="","",R99*S99) | V99: =IF(R99="","",U99*R99) | W99: =IF(A99="","",T99-V99) | AA99: =IF(Y99="","",Y99*Z99) | AC99: =IF(Y99="","",AB99*Y99) | AD99: =IF(H99="","",AA99-AC99) | AH99: =IF(AF99="","",AF99*AG99) | AJ99: =IF(AF99="","",AI99*AF99) | AK99: =IF(O99="","",AH99-AJ99) | AO99: =IF(AM99="","",AM99*AN99) | AQ99: =IF(AM99="","",AP99*AM99) | AR99: =IF(V99="","",AO99-AQ99) | AV99: =IF(AT99="","",AT99*AU99) | AX99: =IF(AT99="","",AW99*AT99) | AY99: =IF(AC99="","",AV99-AX99) | BC99: =IF(BA99="","",BA99*BB99) | BE99: =IF(BA99="","",BD99*BA99) | BF99: =IF(AJ99="","",BC99-BE99) | BJ99: =IF(BH99="","",BH99*BI99) | BL99: =IF(BH99="","",BK99*BH99) | BM99: =IF(AQ99="","",BJ99-BL99) | BO99: =IF(F99="","",F99+M99+T99+AA99+AH99+AO99+AV99+BC99+BJ99) | BP99: =IF(A99="","",I99+P99+W99+AD99+AK99+AR99+AY99+BF99+BM99)
F100: =IF(D100="","",D100*E100) | H100: =IF(A100="","",G100*D100) | I100: =IF(A100="","",F100-H100) | M100: =IF(K100="","",K100*L100) | O100: =IF(A100="","",N100*K100) | P100: =IF(A100="","",M100-O100) | T100: =IF(R100="","",R100*S100) | V100: =IF(R100="","",U100*R100) | W100: =IF(A100="","",T100-V100) | AA100: =IF(Y100="","",Y100*Z100) | AC100: =IF(Y100="","",AB100*Y100) | AD100: =IF(H100="","",AA100-AC100) | AH100: =IF(AF100="","",AF100*AG100) | AJ100: =IF(AF100="","",AI100*AF100) | AK100: =IF(O100="","",AH100-AJ100) | AO100: =IF(AM100="","",AM100*AN100) | AQ100: =IF(AM100="","",AP100*AM100) | AR100: =IF(V100="","",AO100-AQ100) | AV100: =IF(AT100="","",AT100*AU100) | AX100: =IF(AT100="","",AW100*AT100) | AY100: =IF(AC100="","",AV100-AX100) | BC100: =IF(BA100="","",BA100*BB100) | BE100: =IF(BA100="","",BD100*BA100) | BF100: =IF(AJ100="","",BC100-BE100) | BJ100: =IF(BH100="","",BH100*BI100) | BL100: =IF(BH100="","",BK100*BH100) | BM100: =IF(AQ100="","",BJ100-BL100) | BO100: =IF(F100="","",F100+M100+T100+AA100+AH100+AO100+AV100+BC100+BJ100) | BP100: =IF(A100="","",I100+P100+W100+AD100+AK100+AR100+AY100+BF100+BM100)
F101: =IF(D101="","",D101*E101) | H101: =IF(A101="","",G101*D101) | I101: =IF(A101="","",F101-H101) | M101: =IF(K101="","",K101*L101) | O101: =IF(A101="","",N101*K101) | P101: =IF(A101="","",M101-O101) | T101: =IF(R101="","",R101*S101) | V101: =IF(R101="","",U101*R101) | W101: =IF(A101="","",T101-V101) | AA101: =IF(Y101="","",Y101*Z101) | AC101: =IF(Y101="","",AB101*Y101) | AD101: =IF(H101="","",AA101-AC101) | AH101: =IF(AF101="","",AF101*AG101) | AJ101: =IF(AF101="","",AI101*AF101) | AK101: =IF(O101="","",AH101-AJ101) | AO101: =IF(AM101="","",AM101*AN101) | AQ101: =IF(AM101="","",AP101*AM101) | AR101: =IF(V101="","",AO101-AQ101) | AV101: =IF(AT101="","",AT101*AU101) | AX101: =IF(AT101="","",AW101*AT101) | AY101: =IF(AC101="","",AV101-AX101) | BC101: =IF(BA101="","",BA101*BB101) | BE101: =IF(BA101="","",BD101*BA101) | BF101: =IF(AJ101="","",BC101-BE101) | BJ101: =IF(BH101="","",BH101*BI101) | BL101: =IF(BH101="","",BK101*BH101) | BM101: =IF(AQ101="","",BJ101-BL101) | BO101: =IF(F101="","",F101+M101+T101+AA101+AH101+AO101+AV101+BC101+BJ101) | BP101: =IF(A101="","",I101+P101+W101+AD101+AK101+AR101+AY101+BF101+BM101)
F102: =IF(D102="","",D102*E102) | H102: =IF(A102="","",G102*D102) | I102: =IF(A102="","",F102-H102) | M102: =IF(K102="","",K102*L102) | O102: =IF(A102="","",N102*K102) | P102: =IF(A102="","",M102-O102) | T102: =IF(R102="","",R102*S102) | V102: =IF(R102="","",U102*R102) | W102: =IF(A102="","",T102-V102) | AA102: =IF(Y102="","",Y102*Z102) | AC102: =IF(Y102="","",AB102*Y102) | AD102: =IF(H102="","",AA102-AC102) | AH102: =IF(AF102="","",AF102*AG102) | AJ102: =IF(AF102="","",AI102*AF102) | AK102: =IF(O102="","",AH102-AJ102) | AO102: =IF(AM102="","",AM102*AN102) | AQ102: =IF(AM102="","",AP102*AM102) | AR102: =IF(V102="","",AO102-AQ102) | AV102: =IF(AT102="","",AT102*AU102) | AX102: =IF(AT102="","",AW102*AT102) | AY102: =IF(AC102="","",AV102-AX102) | BC102: =IF(BA102="","",BA102*BB102) | BE102: =IF(BA102="","",BD102*BA102) | BF102: =IF(AJ102="","",BC102-BE102) | BJ102: =IF(BH102="","",BH102*BI102) | BL102: =IF(BH102="","",BK102*BH102) | BM102: =IF(AQ102="","",BJ102-BL102) | BO102: =IF(F102="","",F102+M102+T102+AA102+AH102+AO102+AV102+BC102+BJ102) | BP102: =IF(A102="","",I102+P102+W102+AD102+AK102+AR102+AY102+BF102+BM102)
F103: =IF(D103="","",D103*E103) | H103: =IF(A103="","",G103*D103) | I103: =IF(A103="","",F103-H103) | M103: =IF(K103="","",K103*L103) | O103: =IF(A103="","",N103*K103) | P103: =IF(A103="","",M103-O103) | T103: =IF(R103="","",R103*S103) | V103: =IF(R103="","",U103*R103) | W103: =IF(A103="","",T103-V103) | AA103: =IF(Y103="","",Y103*Z103) | AC103: =IF(Y103="","",AB103*Y103) | AD103: =IF(H103="","",AA103-AC103) | AH103: =IF(AF103="","",AF103*AG103) | AJ103: =IF(AF103="","",AI103*AF103) | AK103: =IF(O103="","",AH103-AJ103) | AO103: =IF(AM103="","",AM103*AN103) | AQ103: =IF(AM103="","",AP103*AM103) | AR103: =IF(V103="","",AO103-AQ103) | AV103: =IF(AT103="","",AT103*AU103) | AX103: =IF(AT103="","",AW103*AT103) | AY103: =IF(AC103="","",AV103-AX103) | BC103: =IF(BA103="","",BA103*BB103) | BE103: =IF(BA103="","",BD103*BA103) | BF103: =IF(AJ103="","",BC103-BE103) | BJ103: =IF(BH103="","",BH103*BI103) | BL103: =IF(BH103="","",BK103*BH103) | BM103: =IF(AQ103="","",BJ103-BL103) | BO103: =IF(F103="","",F103+M103+T103+AA103+AH103+AO103+AV103+BC103+BJ103) | BP103: =IF(A103="","",I103+P103+W103+AD103+AK103+AR103+AY103+BF103+BM103)
F104: =IF(D104="","",D104*E104) | H104: =IF(A104="","",G104*D104) | I104: =IF(A104="","",F104-H104) | M104: =IF(K104="","",K104*L104) | O104: =IF(A104="","",N104*K104) | P104: =IF(A104="","",M104-O104) | T104: =IF(R104="","",R104*S104) | V104: =IF(R104="","",U104*R104) | W104: =IF(A104="","",T104-V104) | AA104: =IF(Y104="","",Y104*Z104) | AC104: =IF(Y104="","",AB104*Y104) | AD104: =IF(H104="","",AA104-AC104) | AH104: =IF(AF104="","",AF104*AG104) | AJ104: =IF(AF104="","",AI104*AF104) | AK104: =IF(O104="","",AH104-AJ104) | AO104: =IF(AM104="","",AM104*AN104) | AQ104: =IF(AM104="","",AP104*AM104) | AR104: =IF(V104="","",AO104-AQ104) | AV104: =IF(AT104="","",AT104*AU104) | AX104: =IF(AT104="","",AW104*AT104) | AY104: =IF(AC104="","",AV104-AX104) | BC104: =IF(BA104="","",BA104*BB104) | BE104: =IF(BA104="","",BD104*BA104) | BF104: =IF(AJ104="","",BC104-BE104) | BJ104: =IF(BH104="","",BH104*BI104) | BL104: =IF(BH104="","",BK104*BH104) | BM104: =IF(AQ104="","",BJ104-BL104) | BO104: =IF(F104="","",F104+M104+T104+AA104+AH104+AO104+AV104+BC104+BJ104) | BP104: =IF(A104="","",I104+P104+W104+AD104+AK104+AR104+AY104+BF104+BM104)
F105: =IF(D105="","",D105*E105) | H105: =IF(A105="","",G105*D105) | I105: =IF(A105="","",F105-H105) | M105: =IF(K105="","",K105*L105) | O105: =IF(A105="","",N105*K105) | P105: =IF(A105="","",M105-O105) | T105: =IF(R105="","",R105*S105) | V105: =IF(R105="","",U105*R105) | W105: =IF(A105="","",T105-V105) | AA105: =IF(Y105="","",Y105*Z105) | AC105: =IF(Y105="","",AB105*Y105) | AD105: =IF(H105="","",AA105-AC105) | AH105: =IF(AF105="","",AF105*AG105) | AJ105: =IF(AF105="","",AI105*AF105) | AK105: =IF(O105="","",AH105-AJ105) | AO105: =IF(AM105="","",AM105*AN105) | AQ105: =IF(AM105="","",AP105*AM105) | AR105: =IF(V105="","",AO105-AQ105) | AV105: =IF(AT105="","",AT105*AU105) | AX105: =IF(AT105="","",AW105*AT105) | AY105: =IF(AC105="","",AV105-AX105) | BC105: =IF(BA105="","",BA105*BB105) | BE105: =IF(BA105="","",BD105*BA105) | BF105: =IF(AJ105="","",BC105-BE105) | BJ105: =IF(BH105="","",BH105*BI105) | BL105: =IF(BH105="","",BK105*BH105) | BM105: =IF(AQ105="","",BJ105-BL105) | BO105: =IF(F105="","",F105+M105+T105+AA105+AH105+AO105+AV105+BC105+BJ105) | BP105: =IF(A105="","",I105+P105+W105+AD105+AK105+AR105+AY105+BF105+BM105)
F106: =IF(D106="","",D106*E106) | H106: =IF(A106="","",G106*D106) | I106: =IF(A106="","",F106-H106) | M106: =IF(K106="","",K106*L106) | O106: =IF(A106="","",N106*K106) | P106: =IF(A106="","",M106-O106) | T106: =IF(R106="","",R106*S106) | V106: =IF(R106="","",U106*R106) | W106: =IF(A106="","",T106-V106) | AA106: =IF(Y106="","",Y106*Z106) | AC106: =IF(Y106="","",AB106*Y106) | AD106: =IF(H106="","",AA106-AC106) | AH106: =IF(AF106="","",AF106*AG106) | AJ106: =IF(AF106="","",AI106*AF106) | AK106: =IF(O106="","",AH106-AJ106) | AO106: =IF(AM106="","",AM106*AN106) | AQ106: =IF(AM106="","",AP106*AM106) | AR106: =IF(V106="","",AO106-AQ106) | AV106: =IF(AT106="","",AT106*AU106) | AX106: =IF(AT106="","",AW106*AT106) | AY106: =IF(AC106="","",AV106-AX106) | BC106: =IF(BA106="","",BA106*BB106) | BE106: =IF(BA106="","",BD106*BA106) | BF106: =IF(AJ106="","",BC106-BE106) | BJ106: =IF(BH106="","",BH106*BI106) | BL106: =IF(BH106="","",BK106*BH106) | BM106: =IF(AQ106="","",BJ106-BL106) | BO106: =IF(F106="","",F106+M106+T106+AA106+AH106+AO106+AV106+BC106+BJ106) | BP106: =IF(A106="","",I106+P106+W106+AD106+AK106+AR106+AY106+BF106+BM106)
F107: =IF(D107="","",D107*E107) | H107: =IF(A107="","",G107*D107) | I107: =IF(A107="","",F107-H107) | M107: =IF(K107="","",K107*L107) | O107: =IF(A107="","",N107*K107) | P107: =IF(A107="","",M107-O107) | T107: =IF(R107="","",R107*S107) | V107: =IF(R107="","",U107*R107) | W107: =IF(A107="","",T107-V107) | AA107: =IF(Y107="","",Y107*Z107) | AC107: =IF(Y107="","",AB107*Y107) | AD107: =IF(H107="","",AA107-AC107) | AH107: =IF(AF107="","",AF107*AG107) | AJ107: =IF(AF107="","",AI107*AF107) | AK107: =IF(O107="","",AH107-AJ107) | AO107: =IF(AM107="","",AM107*AN107) | AQ107: =IF(AM107="","",AP107*AM107) | AR107: =IF(V107="","",AO107-AQ107) | AV107: =IF(AT107="","",AT107*AU107) | AX107: =IF(AT107="","",AW107*AT107) | AY107: =IF(AC107="","",AV107-AX107) | BC107: =IF(BA107="","",BA107*BB107) | BE107: =IF(BA107="","",BD107*BA107) | BF107: =IF(AJ107="","",BC107-BE107) | BJ107: =IF(BH107="","",BH107*BI107) | BL107: =IF(BH107="","",BK107*BH107) | BM107: =IF(AQ107="","",BJ107-BL107) | BO107: =IF(F107="","",F107+M107+T107+AA107+AH107+AO107+AV107+BC107+BJ107) | BP107: =IF(A107="","",I107+P107+W107+AD107+AK107+AR107+AY107+BF107+BM107)
F108: =IF(D108="","",D108*E108) | H108: =IF(A108="","",G108*D108) | I108: =IF(A108="","",F108-H108) | M108: =IF(K108="","",K108*L108) | O108: =IF(A108="","",N108*K108) | P108: =IF(A108="","",M108-O108) | T108: =IF(R108="","",R108*S108) | V108: =IF(R108="","",U108*R108) | W108: =IF(A108="","",T108-V108) | AA108: =IF(Y108="","",Y108*Z108) | AC108: =IF(Y108="","",AB108*Y108) | AD108: =IF(H108="","",AA108-AC108) | AH108: =IF(AF108="","",AF108*AG108) | AJ108: =IF(AF108="","",AI108*AF108) | AK108: =IF(O108="","",AH108-AJ108) | AO108: =IF(AM108="","",AM108*AN108) | AQ108: =IF(AM108="","",AP108*AM108) | AR108: =IF(V108="","",AO108-AQ108) | AV108: =IF(AT108="","",AT108*AU108) | AX108: =IF(AT108="","",AW108*AT108) | AY108: =IF(AC108="","",AV108-AX108) | BC108: =IF(BA108="","",BA108*BB108) | BE108: =IF(BA108="","",BD108*BA108) | BF108: =IF(AJ108="","",BC108-BE108) | BJ108: =IF(BH108="","",BH108*BI108) | BL108: =IF(BH108="","",BK108*BH108) | BM108: =IF(AQ108="","",BJ108-BL108) | BO108: =IF(F108="","",F108+M108+T108+AA108+AH108+AO108+AV108+BC108+BJ108) | BP108: =IF(A108="","",I108+P108+W108+AD108+AK108+AR108+AY108+BF108+BM108)
F109: =IF(D109="","",D109*E109) | H109: =IF(A109="","",G109*D109) | I109: =IF(A109="","",F109-H109) | M109: =IF(K109="","",K109*L109) | O109: =IF(A109="","",N109*K109) | P109: =IF(A109="","",M109-O109) | T109: =IF(R109="","",R109*S109) | V109: =IF(R109="","",U109*R109) | W109: =IF(A109="","",T109-V109) | AA109: =IF(Y109="","",Y109*Z109) | AC109: =IF(Y109="","",AB109*Y109) | AD109: =IF(H109="","",AA109-AC109) | AH109: =IF(AF109="","",AF109*AG109) | AJ109: =IF(AF109="","",AI109*AF109) | AK109: =IF(O109="","",AH109-AJ109) | AO109: =IF(AM109="","",AM109*AN109) | AQ109: =IF(AM109="","",AP109*AM109) | AR109: =IF(V109="","",AO109-AQ109) | AV109: =IF(AT109="","",AT109*AU109) | AX109: =IF(AT109="","",AW109*AT109) | AY109: =IF(AC109="","",AV109-AX109) | BC109: =IF(BA109="","",BA109*BB109) | BE109: =IF(BA109="","",BD109*BA109) | BF109: =IF(AJ109="","",BC109-BE109) | BJ109: =IF(BH109="","",BH109*BI109) | BL109: =IF(BH109="","",BK109*BH109) | BM109: =IF(AQ109="","",BJ109-BL109) | BO109: =IF(F109="","",F109+M109+T109+AA109+AH109+AO109+AV109+BC109+BJ109) | BP109: =IF(A109="","",I109+P109+W109+AD109+AK109+AR109+AY109+BF109+BM109)
...

Sheet Gest. - Comm. - LUBRIFIANTS
B1: Le Label International
C6: N° Client : 414052 | T6: Contact : 64 93 03 10 | AF6: N° de compte ORYX : 30087980000
B10: Date | C10: N° commande | D10: Commande effectuée par | E10: Commande éffectuée? | F10: Nbre | G10: Montant disponible | H10: Recette | I10: N° facture | J10: N° Bord. De Liv. | L10: AXCELLA 400 20W50 API SL1L | P10: AXCELLA 400 20W50 API SL 4L | T10: AXCELLA 200 -50 1L | X10: SUPER ZEM 100 | AB10: ENDURO 200 - 50 5L | AF10: ENDURO 200 - 50 25L | AJ10: ENDURO 600SX 10W40 5L | AN10: ENDURO 600 15W40 QPI CI 4 | AR10: MATIC ATF PREMIUM 1L | AV10: Total Commande | AW10: Timbre | AX10: Total Général | AY10: Référence/Fiche de versement | AZ10: Remarque
L11: Quantité commandée | M11: Prix | N11: Montant | P11: Quantité commandée | Q11: Prix | R11: Montant | T11: Quantité commandée | U11: Prix | V11: Montant | X11: Qantité commandée | Y11: Prix | Z11: Montant | AB11: Qantité commandée | AC11: Prix | AD11: Montant | AF11: Qantité commandée | AG11: Prix | AH11: Montant | AJ11: Qantité commandée | AK11: Prix | AL11: Montant | AN11: Qantité commandée | AO11: Prix | AP11: Montant | AR11: Qantité commandée | AS11: Prix | AT11: Montant
C13: Janvier
H14: =IF(G14="","",G14-AX14) | N14: =IF(L14="","",L14*M14) | R14: =IF(P14="","",Q14*P14) | V14: =IF(T14="","",U14*T14) | Z14: =IF(X14="","",Y14*X14) | AD14: =IF(AB14="","",AC14*AB14) | AH14: =IF(AF14="","",AG14*AF14) | AL14: =IF(AJ14="","",AK14*AJ14) | AP14: =IF(AN14="","",AO14*AN14) | AT14: =IF(AR14="","",AS14*AR14) | AV14: =IF(B14="","",R14+V14+Z14+AH14+N14+AD14+AL14+AP14+AT14) | AX14: =IF(AV14="","",AV14+AW14)
F15: =IF(E15="","",IF(E15="Oui",1,0)) | H15: =IF(G15="","",G15-AX15) | N15: =IF(L15="","",L15*M15) | R15: =IF(P15="","",Q15*P15) | V15: =IF(T15="","",U15*T15) | Z15: =IF(X15="","",Y15*X15) | AD15: =IF(AB15="","",AC15*AB15) | AH15: =IF(AF15="","",AG15*AF15) | AL15: =IF(AJ15="","",AK15*AJ15) | AP15: =IF(AN15="","",AO15*AN15) | AT15: =IF(AR15="","",AS15*AR15) | AV15: =IF(B15="","",R15+V15+Z15+AH15+N15+AD15+AL15+AP15+AT15) | AX15: =IF(AV15="","",AV15+AW15)
F16: =IF(E16="","",IF(E16="Oui",1,0)) | H16: =IF(G16="","",G16-AX16) | N16: =IF(L16="","",L16*M16) | R16: =IF(P16="","",Q16*P16) | V16: =IF(T16="","",U16*T16) | Z16: =IF(X16="","",Y16*X16) | AD16: =IF(AB16="","",AC16*AB16) | AH16: =IF(AF16="","",AG16*AF16) | AL16: =IF(AJ16="","",AK16*AJ16) | AP16: =IF(AN16="","",AO16*AN16) | AT16: =IF(AR16="","",AS16*AR16) | AV16: =IF(B16="","",R16+V16+Z16+AH16+N16+AD16+AL16+AP16+AT16) | AX16: =IF(AV16="","",AV16+AW16)
F17: =IF(E17="","",IF(E17="Oui",1,0)) | H17: =IF(G17="","",G17-AX17) | N17: =IF(L17="","",L17*M17) | R17: =IF(P17="","",Q17*P17) | V17: =IF(T17="","",U17*T17) | Z17: =IF(X17="","",Y17*X17) | AD17: =IF(AB17="","",AC17*AB17) | AH17: =IF(AF17="","",AG17*AF17) | AL17: =IF(AJ17="","",AK17*AJ17) | AP17: =IF(AN17="","",AO17*AN17) | AT17: =IF(AR17="","",AS17*AR17) | AV17: =IF(B17="","",R17+V17+Z17+AH17+N17+AD17+AL17+AP17+AT17) | AX17: =IF(AV17="","",AV17+AW17)
F18: =IF(E18="","",IF(E18="Oui",1,0)) | H18: =IF(G18="","",G18-AX18) | N18: =IF(L18="","",L18*M18) | R18: =IF(P18="","",Q18*P18) | V18: =IF(T18="","",U18*T18) | Z18: =IF(X18="","",Y18*X18) | AD18: =IF(AB18="","",AC18*AB18) | AH18: =IF(AF18="","",AG18*AF18) | AL18: =IF(AJ18="","",AK18*AJ18) | AP18: =IF(AN18="","",AO18*AN18) | AT18: =IF(AR18="","",AS18*AR18) | AV18: =IF(B18="","",R18+V18+Z18+AH18+N18+AD18+AL18+AP18+AT18) | AX18: =IF(AV18="","",AV18+AW18)
F19: =IF(E19="","",IF(E19="Oui",1,0)) | H19: =IF(G19="","",G19-AX19) | N19: =IF(L19="","",L19*M19) | R19: =IF(P19="","",Q19*P19) | V19: =IF(T19="","",U19*T19) | Z19: =IF(X19="","",Y19*X19) | AD19: =IF(AB19="","",AC19*AB19) | AH19: =IF(AF19="","",AG19*AF19) | AL19: =IF(AJ19="","",AK19*AJ19) | AP19: =IF(AN19="","",AO19*AN19) | AT19: =IF(AR19="","",AS19*AR19) | AV19: =IF(B19="","",R19+V19+Z19+AH19+N19+AD19+AL19+AP19+AT19) | AX19: =IF(AV19="","",AV19+AW19)
F20: =IF(E20="","",IF(E20="Oui",1,0)) | H20: =IF(G20="","",G20-AX20) | N20: =IF(L20="","",L20*M20) | R20: =IF(P20="","",Q20*P20) | V20: =IF(T20="","",U20*T20) | Z20: =IF(X20="","",Y20*X20) | AD20: =IF(AB20="","",AC20*AB20) | AH20: =IF(AF20="","",AG20*AF20) | AL20: =IF(AJ20="","",AK20*AJ20) | AP20: =IF(AN20="","",AO20*AN20) | AT20: =IF(AR20="","",AS20*AR20) | AV20: =IF(B20="","",R20+V20+Z20+AH20+N20+AD20+AL20+AP20+AT20) | AX20: =IF(AV20="","",AV20+AW20)
F21: =IF(E21="","",IF(E21="Oui",1,0)) | H21: =IF(G21="","",G21-AX21) | N21: =IF(L21="","",L21*M21) | R21: =IF(P21="","",Q21*P21) | V21: =IF(T21="","",U21*T21) | Z21: =IF(X21="","",Y21*X21) | AD21: =IF(AB21="","",AC21*AB21) | AH21: =IF(AF21="","",AG21*AF21) | AL21: =IF(AJ21="","",AK21*AJ21) | AP21: =IF(AN21="","",AO21*AN21) | AT21: =IF(AR21="","",AS21*AR21) | AV21: =IF(B21="","",R21+V21+Z21+AH21+N21+AD21+AL21+AP21+AT21) | AX21: =IF(AV21="","",AV21+AW21)
F22: =IF(E22="","",IF(E22="Oui",1,0)) | H22: =IF(G22="","",G22-AX22) | N22: =IF(L22="","",L22*M22) | R22: =IF(P22="","",Q22*P22) | V22: =IF(T22="","",U22*T22) | Z22: =IF(X22="","",Y22*X22) | AD22: =IF(AB22="","",AC22*AB22) | AH22: =IF(AF22="","",AG22*AF22) | AL22: =IF(AJ22="","",AK22*AJ22) | AP22: =IF(AN22="","",AO22*AN22) | AT22: =IF(AR22="","",AS22*AR22) | AV22: =IF(B22="","",R22+V22+Z22+AH22+N22+AD22+AL22+AP22+AT22) | AX22: =IF(AV22="","",AV22+AW22)
F23: =IF(E23="","",IF(E23="Oui",1,0)) | H23: =IF(G23="","",G23-AX23) | N23: =IF(L23="","",L23*M23) | R23: =IF(P23="","",Q23*P23) | V23: =IF(T23="","",U23*T23) | Z23: =IF(X23="","",Y23*X23) | AD23: =IF(AB23="","",AC23*AB23) | AH23: =IF(AF23="","",AG23*AF23) | AL23: =IF(AJ23="","",AK23*AJ23) | AP23: =IF(AN23="","",AO23*AN23) | AT23: =IF(AR23="","",AS23*AR23) | AV23: =IF(B23="","",R23+V23+Z23+AH23+N23+AD23+AL23+AP23+AT23) | AX23: =IF(AV23="","",AV23+AW23)
F24: =IF(E24="","",IF(E24="Oui",1,0)) | H24: =IF(G24="","",G24-AX24) | N24: =IF(L24="","",L24*M24) | R24: =IF(P24="","",Q24*P24) | V24: =IF(T24="","",U24*T24) | Z24: =IF(X24="","",Y24*X24) | AD24: =IF(AB24="","",AC24*AB24) | AH24: =IF(AF24="","",AG24*AF24) | AL24: =IF(AJ24="","",AK24*AJ24) | AP24: =IF(AN24="","",AO24*AN24) | AT24: =IF(AR24="","",AS24*AR24) | AV24: =IF(B24="","",R24+V24+Z24+AH24+N24+AD24+AL24+AP24+AT24) | AX24: =IF(AV24="","",AV24+AW24)
F25: =IF(E25="","",IF(E25="Oui",1,0)) | H25: =IF(G25="","",G25-AX25) | N25: =IF(L25="","",L25*M25) | R25: =IF(P25="","",Q25*P25) | V25: =IF(T25="","",U25*T25) | Z25: =IF(X25="","",Y25*X25) | AD25: =IF(AB25="","",AC25*AB25) | AH25: =IF(AF25="","",AG25*AF25) | AL25: =IF(AJ25="","",AK25*AJ25) | AP25: =IF(AN25="","",AO25*AN25) | AT25: =IF(AR25="","",AS25*AR25) | AV25: =IF(B25="","",R25+V25+Z25+AH25+N25+AD25+AL25+AP25+AT25) | AX25: =IF(AV25="","",AV25+AW25)
F26: =IF(E26="","",IF(E26="Oui",1,0)) | H26: =IF(G26="","",G26-AX26) | N26: =IF(L26="","",L26*M26) | R26: =IF(P26="","",Q26*P26) | V26: =IF(T26="","",U26*T26) | Z26: =IF(X26="","",Y26*X26) | AD26: =IF(AB26="","",AC26*AB26) | AH26: =IF(AF26="","",AG26*AF26) | AL26: =IF(AJ26="","",AK26*AJ26) | AP26: =IF(AN26="","",AO26*AN26) | AT26: =IF(AR26="","",AS26*AR26) | AV26: =IF(B26="","",R26+V26+Z26+AH26+N26+AD26+AL26+AP26+AT26) | AX26: =IF(AV26="","",AV26+AW26)
F27: =SUM(F14:F26) -> 0 | H27: =SUM(H14:H26) -> 0 | L27: =SUM(L14:L26) -> 0 | P27: =SUM(P14:P26) -> 0 | T27: =SUM(T14:T26) -> 0 | X27: =SUM(X14:X26) -> 0 | AB27: =SUM(AB14:AB26) -> 0 | AF27: =SUM(AF14:AF26) -> 0 | AJ27: =SUM(AJ14:AJ26) -> 0 | AN27: =SUM(AN14:AN26) -> 0 | AR27: =SUM(AR14:AR26) -> 0 | AX27: =SUM(AX14:AX26) -> 0
C28: Février | AL28: =IF(AJ28="","",AK28*AJ28) | AP28: =IF(AN28="","",AO28*AN28) | AT28: =IF(AR28="","",AS28*AR28)
F29: =IF(E29="","",IF(E29="Oui",1,0)) | H29: =IF(G29="","",G29-AX29) | N29: =IF(L29="","",L29*M29) | R29: =IF(P29="","",Q29*P29) | V29: =IF(T29="","",U29*T29) | Z29: =IF(X29="","",Y29*X29) | AD29: =IF(AB29="","",AC29*AB29) | AH29: =IF(AF29="","",AG29*AF29) | AL29: =IF(AJ29="","",AK29*AJ29) | AP29: =IF(AN29="","",AO29*AN29) | AT29: =IF(AR29="","",AS29*AR29) | AV29: =IF(B29="","",R29+V29+Z29+AH29+N29+AD29+AL29+AP29+AT29) | AX29: =IF(AV29="","",AV29+AW29)
H30: =IF(G30="","",G30-AX30) | N30: =IF(L30="","",L30*M30) | R30: =IF(P30="","",Q30*P30) | V30: =IF(T30="","",U30*T30) | Z30: =IF(X30="","",Y30*X30) | AD30: =IF(AB30="","",AC30*AB30) | AH30: =IF(AF30="","",AG30*AF30) | AL30: =IF(AJ30="","",AK30*AJ30) | AP30: =IF(AN30="","",AO30*AN30) | AT30: =IF(AR30="","",AS30*AR30) | AV30: =IF(B30="","",R30+V30+Z30+AH30+N30+AD30+AL30+AP30+AT30) | AX30: =IF(AV30="","",AV30+AW30)
H31: =IF(G31="","",G31-AX31) | N31: =IF(L31="","",L31*M31) | R31: =IF(P31="","",Q31*P31) | V31: =IF(T31="","",U31*T31) | Z31: =IF(X31="","",Y31*X31) | AD31: =IF(AB31="","",AC31*AB31) | AH31: =IF(AF31="","",AG31*AF31) | AL31: =IF(AJ31="","",AK31*AJ31) | AP31: =IF(AN31="","",AO31*AN31) | AT31: =IF(AR31="","",AS31*AR31) | AV31: =IF(B31="","",R31+V31+Z31+AH31+N31+AD31+AL31+AP31+AT31) | AX31: =IF(AV31="","",AV31+AW31)
H32: =IF(G32="","",G32-AX32) | N32: =IF(L32="","",L32*M32) | R32: =IF(P32="","",Q32*P32) | V32: =IF(T32="","",U32*T32) | Z32: =IF(X32="","",Y32*X32) | AD32: =IF(AB32="","",AC32*AB32) | AH32: =IF(AF32="","",AG32*AF32) | AL32: =IF(AJ32="","",AK32*AJ32) | AP32: =IF(AN32="","",AO32*AN32) | AT32: =IF(AR32="","",AS32*AR32) | AV32: =IF(B32="","",R32+V32+Z32+AH32+N32+AD32+AL32+AP32+AT32) | AX32: =IF(AV32="","",AV32+AW32)
F33: =IF(E33="","",IF(E33="Oui",1,0)) | H33: =IF(G33="","",G33-AX33) | N33: =IF(L33="","",L33*M33) | R33: =IF(P33="","",Q33*P33) | V33: =IF(T33="","",U33*T33) | Z33: =IF(X33="","",Y33*X33) | AD33: =IF(AB33="","",AC33*AB33) | AH33: =IF(AF33="","",AG33*AF33) | AL33: =IF(AJ33="","",AK33*AJ33) | AP33: =IF(AN33="","",AO33*AN33) | AT33: =IF(AR33="","",AS33*AR33) | AV33: =IF(B33="","",R33+V33+Z33+AH33+N33+AD33+AL33+AP33+AT33) | AX33: =IF(AV33="","",AV33+AW33)
F34: =IF(E34="","",IF(E34="Oui",1,0)) | H34: =IF(G34="","",G34-AX34) | N34: =IF(L34="","",L34*M34) | R34: =IF(P34="","",Q34*P34) | V34: =IF(T34="","",U34*T34) | Z34: =IF(X34="","",Y34*X34) | AD34: =IF(AB34="","",AC34*AB34) | AH34: =IF(AF34="","",AG34*AF34) | AL34: =IF(AJ34="","",AK34*AJ34) | AP34: =IF(AN34="","",AO34*AN34) | AT34: =IF(AR34="","",AS34*AR34) | AV34: =IF(B34="","",R34+V34+Z34+AH34+N34+AD34+AL34+AP34+AT34) | AX34: =IF(AV34="","",AV34+AW34)
F35: =IF(E35="","",IF(E35="Oui",1,0)) | H35: =IF(G35="","",G35-AX35) | N35: =IF(L35="","",L35*M35) | R35: =IF(P35="","",Q35*P35) | V35: =IF(T35="","",U35*T35) | Z35: =IF(X35="","",Y35*X35) | AD35: =IF(AB35="","",AC35*AB35) | AH35: =IF(AF35="","",AG35*AF35) | AL35: =IF(AJ35="","",AK35*AJ35) | AP35: =IF(AN35="","",AO35*AN35) | AT35: =IF(AR35="","",AS35*AR35) | AV35: =IF(B35="","",R35+V35+Z35+AH35+N35+AD35+AL35+AP35+AT35) | AX35: =IF(AV35="","",AV35+AW35)
